Workbook
Name anACC_Cases: AN_Calc!$KG$6:$KG$3005
Name anACC_Loss: AN_Calc!$KF$6:$KF$3005
Name anACC_Mean: AN_Calc!$KH$6:$KH$3005
Name anACC_Med: AN_Calc!$KI$6:$KI$3005
Name anACC_P90: AN_Calc!$KJ$6:$KJ$3005
Name anACC_Seg: AN_Calc!$KE$6:$KE$3005
Name anBAND_Band: AN_Calc!$DJ$6:$DJ$105
Name anBAND_C2P: AN_Calc!$DN$6:$DN$105
Name anBAND_D2C: AN_Calc!$DM$6:$DM$105
Name anBAND_L2N: AN_Calc!$DK$6:$DK$105
Name anBAND_L2P: AN_Calc!$DP$6:$DP$105
Name anBAND_N2D: AN_Calc!$DL$6:$DL$105
Name anBAND_N2P: AN_Calc!$DO$6:$DO$105
Name anBAND_Seg: AN_Calc!$DI$6:$DI$105
Name anBANDC_Band: AN_Calc!$JI$6:$JI$105
Name anBANDC_C2P: AN_Calc!$JM$6:$JM$105
Name anBANDC_D2C: AN_Calc!$JL$6:$JL$105
Name anBANDC_L2N: AN_Calc!$JJ$6:$JJ$105
Name anBANDC_L2P: AN_Calc!$JO$6:$JO$105
Name anBANDC_N2D: AN_Calc!$JK$6:$JK$105
Name anBANDC_N2P: AN_Calc!$JN$6:$JN$105
Name anBANDC_Seg: AN_Calc!$JH$6:$JH$105
Name anCASE_Case: AN_Calc!$JT$6:$JT$80005
Name anCASE_Cover: AN_Calc!$JW$6:$JW$80005
Name anCASE_Ded: AN_Calc!$KA$6:$KA$80005
Name anCASE_IR: AN_Calc!$JY$6:$JY$80005
Name anCASE_Net: AN_Calc!$JZ$6:$JZ$80005
Name anCASE_Paid: AN_Calc!$JU$6:$JU$80005
Name anCASE_PaidO: AN_Calc!$JV$6:$JV$80005
Name anCASE_Seg: AN_Calc!$JS$6:$JS$80005
Name anCASE_SI: AN_Calc!$JX$6:$JX$80005
Name anCM_Cases: AN_Calc!$NF$6:$NF$3005
Name anCM_Comp: AN_Calc!$NB$6:$NB$3005
Name anCM_Lines: AN_Calc!$NE$6:$NE$3005
Name anCM_Mean: AN_Calc!$NG$6:$NG$3005
Name anCM_Mend: AN_Calc!$NJ$6:$NJ$3005
Name anCM_MK: _xlfn.ANCHORARRAY(AN_Calc!$LM$6)
Name anCM_Paid: AN_Calc!$ND$6:$ND$3005
Name anCM_Round: AN_Calc!$NH$6:$NH$3005
Name anCM_Seg: AN_Calc!$NA$6:$NA$3005
Name anCM_Wkd: AN_Calc!$NI$6:$NI$3005
Name anCM_YM: AN_Calc!$NC$6:$NC$3005
Name anCMN_Comp: AN_Calc!$LG$6:$LG$15005
Name anCMN_Lines: AN_Calc!$LJ$6:$LJ$15005
Name anCMN_MK: _xlfn.ANCHORARRAY(AN_Calc!$LO$6)
Name anCMN_Nature: AN_Calc!$LI$6:$LI$15005
Name anCMN_Seg: AN_Calc!$LF$6:$LF$15005
Name anCMN_YM: AN_Calc!$LH$6:$LH$15005
Name anDIG_Comp: AN_Calc!$KZ$6:$KZ$20005
Name anDIG_Digit: AN_Calc!$LB$6:$LB$20005
Name anDIG_Lines: AN_Calc!$LC$6:$LC$20005
Name anDIG_MK: _xlfn.ANCHORARRAY(AN_Calc!$LN$6)
Name anDIG_Seg: AN_Calc!$KY$6:$KY$20005
Name anDIG_YM: AN_Calc!$LA$6:$LA$20005
Name anLAG_C2P_Mean: AN_Calc!$AY$6:$AY$605
Name anLAG_C2P_N: AN_Calc!$AX$6:$AX$605
Name anLAG_C2P_P50: AN_Calc!$AZ$6:$AZ$605
Name anLAG_C2P_P75: AN_Calc!$BA$6:$BA$605
Name anLAG_C2P_P90: AN_Calc!$BB$6:$BB$605
Name anLAG_C2P_P95: AN_Calc!$BC$6:$BC$605

Sheet Start
B1: Aktüerya Kapanış Platformu / Actuarial Closing Platform
B2: ="Sürüm / Version "&INDEX(tblParameters[Value],MATCH("PlatformVersion",tblParameters[Parameter],0)) -> Sürüm / Version 3.2.0
B3: MAKROLAR KAPALI – bu sayfa yalnızca makrolar kapalıyken görünür.
B4: Aktüerya Kapanış Platformu makrolar olmadan çalışmaz: kullanıcı tanıma, yetkiler, denetim izi ve tüm komutlar VBA ile çalışır.
B5: Makroları etkinleştirmenin iki güvenli yolu vardır; hangisinin kullanılacağına BT karar verir:
B6: 1. Güvenilir Konum: BT, platform klasörünü (bu dosyanın bulunduğu ağ klasörü) Excel > Dosya > Seçenekler > Güven Merkezi > Güven Merkezi Ayarları > Güvenilir Konumlar altına ekler ve "Ağımdaki güvenilir konumlara izin ver" seçeneğini açar. Bu klasördeki dosya makrolarıyla açılır.
B7: 2. İmzalı yayımcı: BT, VBA projesini kurumun sertifikasıyla imzalar. Dosyayı açtığınızda güvenlik çubuğunda "Bu yayımcıdan gelen tüm belgelere güven" seçeneğini seçin.
B8: E-postayla gelen veya internetten indirilen bir dosyada makrolar engellenir: platformu yalnızca platform klasöründen açın (kopyalar komut çalıştıramaz).
B9: Sonra dosyayı kapatıp yeniden açın: Giriş (Home) sayfası adınızı, rolünüzü ve sıradaki işi gösterir. Destek: platform yöneticisi.
B11: MACROS ARE OFF – this sheet is visible only while macros are disabled.
B12: The Actuarial Closing Platform does not work without macros: user identification, permissions, the audit trail and every command run in VBA.
B13: There are two safe ways to enable them; IT decides which one applies:
B14: 1. Trusted Location: IT adds the platform folder (the network folder that holds this file) under Excel > File > Options > Trust Center > Trust Center Settings > Trusted Locations and ticks "Allow Trusted Locations on my network". A file in that folder opens with its macros.
B15: 2. Signed publisher: IT signs the VBA project with the organisation's certificate. When you open the file, choose "Trust all documents from this publisher" in the security bar.
... B17: Then close and re-open the file: the Home sheet shows your name, your role and the next action. Support: the platform administrator.

Sheet Home
B1: Aktüerya Kapanış Platformu / Actuarial Closing Platform
B2: ="Sürüm / Version "&INDEX(tblParameters[Value],MATCH("PlatformVersion",tblParameters[Parameter],0))&" · Aylık ödeme kapanışı / monthly payments closing" -> Sürüm / Version 3.2.0 · Aylık ödeme kapanışı / monthly payments closing
B4: {=IF(sesLogon="","",sesUser&" ("&sesLogon&") · Rol / Role: "&sesRolesLabel&CHAR(10))&IF(sesCode<>"",sesMessage,IF(AND(prmSetupCompletedOn<>"",sesIsViewer=TRUE),_xlfn.XLOOKUP("BANNER_NOROLE",tblUIText[Key],tblUIText[Text],"BANNER_NOROLE"),homeNext))} -> Kurulum tamamlanmadı – Kurulum düğmesine tıklayın. Setup not completed – click Setup. | L4: {=IF(sesCode<>"",sesSeverity,IF(AND(prmSetupCompletedOn<>"",sesIsViewer=TRUE),"BLUE",homeNextSeverity))} -> AMBER
B8: ="Yapabilecekleriniz / What you may do: "&sesCanDo -> Yapabilecekleriniz / What you may do:
B11: Kontrol listesi / Checklist – ilk açık madde sıradaki iştir / the first open item is the next action
B12: ="1 "&SUBSTITUTE(_xlfn.XLOOKUP("CHK_SETUP",tblUIText[Key],tblUIText[Text],"CHK_SETUP"),CHAR(10)," / ") -> 1 Kurulum tamamlandı / Setup completed | H12: {=HYPERLINK("#'Home'!A1",IF(prmSetupCompletedOn<>"","DONE","TO DO"))} -> TO DO | K12: =IF(sesCanSetup=TRUE,_xlfn.XLOOKUP("NEXT_SETUP_ADMIN",tblUIText[Key],tblUIText[Text],"NEXT_SETUP_ADMIN"),_xlfn.XLOOKUP("NEXT_SETUP_USER",tblUIText[Key],tblUIText[Text],"NEXT_SETUP_USER")) -> Kurulum tamamlanmadı – Kurulum düğmesine tıklayın. Setup not completed – click Setup. | L12: ="AMBER" -> AMBER
B13: ="2 "&SUBSTITUTE(_xlfn.XLOOKUP("CHK_COMPANIES",tblUIText[Key],tblUIText[Text],"CHK_COMPANIES"),CHAR(10)," / ") -> 2 Şirket bilgileri eksiksiz (ad, tür) / Company master data complete (name, type) | H13: {=HYPERLINK("#'DimCompany'!A1",IF(prmSetupCompletedOn="","–",IF(AND(COUNTIFS(tblDimCompany[CompanyID],"<>")>0,SUMPRODUCT((tblDimCompany[CompanyID]<>"")*(((tblDimCompany[CompanyName]="")+(tblDimCompany[CompanyType]=""))>0))=0),"DONE","TO DO")))} -> – | K13: {=IF(COUNTIFS(tblDimCompany[CompanyID],"<>")=0,_xlfn.XLOOKUP("NEXT_NOCOMPANY",tblUIText[Key],tblUIText[Text],"NEXT_NOCOMPANY"),SUBSTITUTE(_xlfn.XLOOKUP("NEXT_COMPANIES",tblUIText[Key],tblUIText[Text],"NEXT_COMPANIES"),"{0}",SUMPRODUCT((tblDimCompany[CompanyID]<>"")*(((tblDimCompany[CompanyName]="")+(tblDimCompany[CompanyType]=""))>0))))} -> Henüz şirket yok – Kurulum'u yeniden çalıştırın ya da şirketleri DimCompany sayfasına ekleyin (Yönetici). No company yet – run Setup again or add the companies on sheet DimCompany (Administrator). | L13: ="AMBER" -> AMBER
B14: ="3 "&SUBSTITUTE(_xlfn.XLOOKUP("CHK_REFRESH",tblUIText[Key],tblUIText[Text],"CHK_REFRESH"),CHAR(10)," / ") -> 3 Veriler güncel (Yenile) / Data refreshed (Refresh) | H14: {=HYPERLINK("#'ControlPanel'!A1",IF(prmSetupCompletedOn="","–",IF(_xlfn.XLOOKUP("STG_CURRENT",tblControl[CheckID],tblControl[Status],"")="OK","DONE","TO DO")))} -> – | K14: =_xlfn.XLOOKUP("NEXT_REFRESH",tblUIText[Key],tblUIText[Text],"NEXT_REFRESH") -> Yenileme gerekli – Yenile düğmesine tıklayın. Refresh needed – click Refresh. | L14: ="AMBER" -> AMBER
B15: ="4 "&SUBSTITUTE(_xlfn.XLOOKUP("CHK_FILES",tblUIText[Key],tblUIText[Text],"CHK_FILES"),CHAR(10)," / ") -> 4 Beklenen dosyalar teslim edildi / Expected files delivered | H15: {=HYPERLINK("#'ControlPanel'!A1",IF(prmSetupCompletedOn="","–",IF(_xlfn.XLOOKUP("FILES_EXPECTED",tblControl[CheckID],tblControl[Status],"")="OK","DONE","TO DO")))} -> – | K15: =SUBSTITUTE(SUBSTITUTE(_xlfn.XLOOKUP("NEXT_FILES",tblUIText[Key],tblUIText[Text],"NEXT_FILES"),"{0}",cpActivePeriod),"{1}",_xlfn.XLOOKUP("FILES_EXPECTED",tblControl[CheckID],tblControl[Result],0)) -> Dönem 0: 0 şirket için dosya eksik. Period 0: files missing for 0 companies. | L15: ="AMBER" -> AMBER
B16: ="5 "&SUBSTITUTE(_xlfn.XLOOKUP("CHK_RECON",tblUIText[Key],tblUIText[Text],"CHK_RECON"),CHAR(10)," / ") -> 5 Mutabakat tutarları girildi ve tutuyor / Reconciliation totals entered and agreeing | H16: {=HYPERLINK("#'Recon'!A1",IF(prmSetupCompletedOn="","–",IF(_xlfn.XLOOKUP("RECON",tblControl[CheckID],tblControl[Status],"")="OK","DONE","TO DO")))} -> – | K16: =SUBSTITUTE(_xlfn.XLOOKUP("NEXT_RECON",tblUIText[Key],tblUIText[Text],"NEXT_RECON"),"{0}",_xlfn.XLOOKUP("RECON",tblControl[CheckID],tblControl[Result],0)) -> Mutabakat: 0 şirket/para birimi toplamı eksik veya tolerans dışında – Recon sayfası. Reconciliation: 0 company/currency total(s) missing or outside tolerance – sheet Recon. | L16: ="AMBER" -> AMBER
B17: ="6 "&SUBSTITUTE(_xlfn.XLOOKUP("CHK_EXPLAIN",tblUIText[Key],tblUIText[Text],"CHK_EXPLAIN"),CHAR(10)," / ") -> 6 REVIEW kontrolleri açıklandı / REVIEW checks explained | H17: {=HYPERLINK("#'ControlPanel'!A1",IF(prmSetupCompletedOn="","–",IF(N(cpUnexplained)=0,"DONE","TO DO")))} -> – | K17: =SUBSTITUTE(_xlfn.XLOOKUP("NEXT_EXPLAIN",tblUIText[Key],tblUIText[Text],"NEXT_EXPLAIN"),"{0}",cpUnexplained) -> 2 REVIEW kontrolü açıklama bekliyor – Kontrol paneli, Explanation sütunu. 2 REVIEW check(s) need an explanation – Control panel, column Explanation. | L17: ="AMBER" -> AMBER
B18: ="7 "&SUBSTITUTE(_xlfn.XLOOKUP("CHK_SUBMIT",tblUIText[Key],tblUIText[Text],"CHK_SUBMIT"),CHAR(10)," / ") -> 7 Ay incelemeye gönderildi / Month submitted for review | H18: {=HYPERLINK("#'SignOff'!A1",IF(prmSetupCompletedOn="","–",IF(OR(LEFT(cpSubmission,9)="SUBMITTED",LEFT(cpSubmission,6)="CLOSED"),"DONE",IF(LEFT(cpCloseGate,4)="OPEN","TO DO","–"))))} -> – | K18: =SUBSTITUTE(_xlfn.XLOOKUP("NEXT_SUBMIT",tblUIText[Key],tblUIText[Text],"NEXT_SUBMIT"),"{0}",cpActivePeriod) -> Dönem 0 incelemeye gönderilebilir – İncelemeye gönder. Period 0 can be submitted – Submit for review. | L18: ="GREEN" -> GREEN
B19: ="8 "&SUBSTITUTE(_xlfn.XLOOKUP("CHK_CLOSE",tblUIText[Key],tblUIText[Text],"CHK_CLOSE"),CHAR(10)," / ") -> 8 Ay kapatıldı (başka bir kullanıcı) / Month closed (by a different user) | H19: =HYPERLINK("#'SignOff'!A1",IF(LEFT(cpSubmission,9)="SUBMITTED","WAITING","–")) -> – | K19: =IF(ISNUMBER(SEARCH("Reviewer",sesRoles)),SUBSTITUTE(_xlfn.XLOOKUP("NEXT_CLOSE",tblUIText[Key],tblUIText[Text],"NEXT_CLOSE"),"{0}",cpActivePeriod),SUBSTITUTE(_xlfn.XLOOKUP("NEXT_AWAIT_REVIEW",tblUIText[Key],tblUIText[Text],"NEXT_AWAIT_REVIEW"),"{0}",cpActivePeriod)) -> Dönem 0: bir Kontrol edenin incelemesi bekleniyor. Period 0: awaiting review by a Reviewer. | L19: =IF(ISNUMBER(SEARCH("Reviewer",sesRoles)),"GREEN","BLUE") -> BLUE
B20: ="9 "&SUBSTITUTE(_xlfn.XLOOKUP("CHK_ADMINS",tblUIText[Key],tblUIText[Text],"CHK_ADMINS"),CHAR(10)," / ") -> 9 En az iki Yönetici / At least two Administrators | H20: {=HYPERLINK("#'Home'!A1",IF(prmSetupCompletedOn="","–",IF(COUNTIFS(tblUserRole[Role],"Administrator",tblUserRole[Active],"Y")>=2,"DONE","ADVISORY")))} -> – | K20: =SUBSTITUTE(_xlfn.XLOOKUP("NEXT_ADMINS",tblUIText[Key],tblUIText[Text],"NEXT_ADMINS"),"{0}",COUNTIFS(tblUserRole[Role],"Administrator",tblUserRole[Active],"Y")) -> Yalnızca 0 Yönetici var – ikinci bir Yönetici ekleyin (Kullanıcılar ve roller). Only 0 Administrator(s) – add a second one (Users and roles). | L20: ="AMBER" -> AMBER
B21: ="10 "&SUBSTITUTE(_xlfn.XLOOKUP("CHK_COLUMNIDS",tblUIText[Key],tblUIText[Text],"CHK_COLUMNIDS"),CHAR(10)," / ") -> 10 ColumnID'ler doğrulandı / ColumnIDs verified | H21: {=HYPERLINK("#'ColumnMap'!A1",IF(prmSetupCompletedOn="","–",IF(_xlfn.XLOOKUP("COLUMNID_VERIFIED",tblControl[CheckID],tblControl[Status],"")="OK","DONE","ADVISORY")))} -> – | K21: =SUBSTITUTE(_xlfn.XLOOKUP("NEXT_COLUMNIDS",tblUIText[Key],tblUIText[Text],"NEXT_COLUMNIDS"),"{0}",_xlfn.XLOOKUP("COLUMNID_VERIFIED",tblControl[CheckID],tblControl[Result],0)) -> 103 ColumnID doğrulanmadı (danışma niteliğinde; kapanışı engellemez). 103 ColumnID(s) not verified (advisory; does not block the close). | L21: ="AMBER" -> AMBER
K23: {=_xlfn.LET(_xlpm.s,H12:H21,_xlpm.m,K12:K21,_xlpm.i,IFERROR(MATCH(1,((_xlpm.s="TO DO")+(_xlpm.s="WAITING")>0)*1,0),IFERROR(MATCH("ADVISORY",_xlpm.s,0),0)),IF(_xlpm.i=0,_xlfn.XLOOKUP("NEXT_ALLDONE",tblUIText[Key],tblUIText[Text],"NEXT_ALLDONE"),INDEX(_xlpm.m,_xlpm.i)))} -> Kurulum tamamlanmadı – Kurulum düğmesine tıklayın. Setup not completed – click Setup. | L23: {=_xlfn.LET(_xlpm.s,H12:H21,_xlpm.v,L12:L21,_xlpm.i,IFERROR(MATCH(1,((_xlpm.s="TO DO")+(_xlpm.s="WAITING")>0)*1,0),IFERROR(MATCH("ADVISORY",_xlpm.s,0),0)),IF(_xlpm.i=0,"GREEN",INDEX(_xlpm.v,_xlpm.i)))} -> AMBER
B25: Komutlar / Commands – yalnızca rolünüzün izin verdiği düğmeler görünür / only the buttons your role allows are shown
B26: Hazırlayan / Preparer | D26: Kontrol eden / Reviewer | F26: Analiz / Analysis | H26: Yönetici / Administrator
B50: Koyu düğmeler bir komut çalıştırır; her komut ActivityLog'a bir satır yazar (kim, ne, sonuç). Açık renkli düğmeler yalnızca bir sayfa açar. Yalnızca sarı hücrelere, rolünüzün izin verdiği tablolara yazın. Veri > Tümünü Yenile kullanmayın (kayda geçmez).
B51: Dark buttons run a command; each writes one ActivityLog row (who, what, result). Light buttons only open a sheet. Type only in yellow cells of tables your role may edit. Never use Data > Refresh All (not logged).

Sheet Closing_Manual
A1: Closing manual - one month on one page
A2: Last verified against build: dev_rc1_20261005 (release candidate 3.2.0-RC1, store design), 2026-10-05. Step-by-step role guides: docs/guides (PREPARER, REVIEWER).
A3: For the Preparer and the Reviewer. The Home banner always shows your name, your roles and the one next action; the checklist below it shows where the month stands. Every button is logged. Type only in yellow cells of the tables your role may edit - anything else is reverted.
A4: Before you start
A5: • The company files of the month are in the source folder (any sub-folder): COMP<ID>PAY<MMYYYY>.xlsx, or one COMP<ID>PAYALL.xlsx for a company that delivers a cumulative file.
A6: • The independent totals (ledger extract or the companies' signed cover letters) are at hand.
A7: • Only one person edits the file at a time. If the banner says the file is open read-only, wait until the other user has closed it. A red banner: stop and call an Administrator.
A8: Preparer
A9: 1. Recon sheet: one row per company x currency - PeriodKey, CompanyID, CurrencyCode, IndependentTotal (original currency), SourceReference, EnteredBy.
A10: 2. Home > Refresh. Wait for the message (a few minutes). Never use Data > Refresh All: it is not logged and keeps the close blocked.
A11: 3. ControlPanel: STG_CURRENT must be OK first. Work every REVIEW from the top: the Finding says what is wrong, the Action says where to look (docs/guides/CONTROLS.md, by check). Fix it at the source (ask for a corrected or renamed file, record a nil return; a new header or company is handled by an Administrator), then Refresh again. A file that will not enter the store is listed with its reason in STG_Rejected; it must leave the delivery folder (the Administrator moves it out, or corrects the company list) before the close.
A12: 4. A REVIEW you accept instead of fixing: write what, why and who approved it in column Explanation. Your Windows name, the time and the period are stamped next to it. ADVISORY items (amber) never block. RESTATEMENT, ARCHIVE_INTEGRITY, COLUMNMAP_LOCK, LOG_INTEGRITY, PRIVACY and FILES_UNEXPECTED can never be explained away: while one of them is REVIEW the close gate stays BLOCKED whatever the explanation (3.2.0-RC1); call an Administrator.
... A25: • A message says DENIED: your role does not allow that command. BLOCKED or ERROR: it names the cause (docs/guides/MESSAGE_CATALOGUE.md), or ask an Administrator.

Sheet ControlPanel
A1: Closing Control Panel
A2: Every check resolves to OK, REVIEW or ADVISORY. The month can be submitted and closed when the close gate is OPEN: every BLOCKING check OK, or every REVIEW explained for this period in column Explanation. ADVISORY items (amber) never block and are listed in the closing pack. Work top-down, STG_CURRENT first. Never accepted as explained: RESTATEMENT, ARCHIVE_INTEGRITY, COLUMNMAP_LOCK, LOG_INTEGRITY, PRIVACY, FILES_UNEXPECTED (resolve the cause).
A3: {=IF(prmSetupCompletedOn="",_xlfn.XLOOKUP("NODATA",tblUIText[Key],tblUIText[Text],"NODATA"),"")} -> Henüz veri yok – Kurulum'u tamamlayın (Giriş sayfası). No data yet – complete Setup (Home).
B4: Run context (from Parameters and staging) | F4: Status
B5: Active period | D5: =INDEX(tblParameters[Value],MATCH("ActivePeriod",tblParameters[Parameter],0)) -> 0 | F5: Overall status | I5: =IF(COUNTIF(tblControl[Status],"REVIEW")=0,"OK","REVIEW") -> REVIEW
B6: Previous period | D6: =IF(MOD(cpActivePeriod,100)=1,cpActivePeriod-89,cpActivePeriod-1) -> -1 | F6: Checks in REVIEW | I6: =COUNTIF(tblControl[Status],"REVIEW") -> 2
B7: Archive start period | D7: =INDEX(tblParameters[Value],MATCH("ArchiveStartPeriod",tblParameters[Parameter],0)) -> 202409 | F7: REVIEW not explained for this period | I7: =COUNTIF(tblControl[Status],"REVIEW")-COUNTIFS(tblControl[Status],"REVIEW",tblControl[Explanation],"<>",tblControl[ExplainedPeriod],cpActivePeriod) -> 2
B8: Platform (registered home) | D8: =INDEX(tblParameters[Value],MATCH("PlatformHomePath",tblParameters[Parameter],0))&"" | F8: Close gate | I8: {=IF(INDEX(tblControl[Status],MATCH("STG_CURRENT",tblControl[CheckID],0))<>"OK","BLOCKED: staging is not current or the refresh was not logged - run Refresh",_xlfn.LET(_xlpm.h,_xlfn.TEXTJOIN(", ",TRUE,_xlfn._xlws.FILTER(tblControl[CheckID],(tblControl[Status]="REVIEW")*ISNUMBER(MATCH(tblControl[CheckID],{"RESTATEMENT","ARCHIVE_INTEGRITY","COLUMNMAP_LOCK","LOG_INTEGRITY","PRIVACY","FILES_UNEXPECTED"},0)),"")),IF(_xlpm.h<>"","BLOCKED: "&SUBSTITUTE(_xlfn.XLOOKUP("GATE_HARD_REVIEW",tblUIText[Key],tblUIText[TR],""),"{0}",_xlpm.h)&" / "&SUBSTITUTE(_xlfn.XLOOKUP("GATE_HARD_REVIEW",tblUIText[Key],tblUIText[EN],""),"{0}",_xlpm.h),IF(cpUnexplained>0,"BLOCKED: "&cpUnexplained&" REVIEW check(s) without an explanation for "&cpActivePeriod,IF(cpReviewCount=0,"OPEN","OPEN - every REVIEW is explained")))))} -> BLOCKED: staging is not current or the refresh was not logged - run Refresh
B9: Source folder (Setup) | D9: =INDEX(tblParameters[Value],MATCH("SourceFolder",tblParameters[Parameter],0))&"" | F9: Four-eyes sign-off | I9: {=_xlfn.LET(_xlpm.r,_xlfn.XMATCH(cpActivePeriod,tblSignOff[PeriodKey],0,-1),IF(ISNA(_xlpm.r),"Not submitted",INDEX(tblSignOff[Stage],_xlpm.r)&" by "&INDEX(tblSignOff[LogonUser],_xlpm.r)&" on "&YEAR(INDEX(tblSignOff[SignedAt],_xlpm.r))&"-"&TEXT(MONTH(INDEX(tblSignOff[SignedAt],_xlpm.r)),"00")&"-"&TEXT(DAY(INDEX(tblSignOff[SignedAt],_xlpm.r)),"00")))} -> Not submitted
B10: Reconciliation basis | D10: =INDEX(tblParameters[Value],MATCH("ReconBasis",tblParameters[Parameter],0)) -> GrossAmount | F10: ActivityLog chain | I10: =logChainStatus -> OK
B11: Absolute tolerance | D11: =INDEX(tblParameters[Value],MATCH("ReconAbsTolerance",tblParameters[Parameter],0)) -> 1 | F11: External log copy | I11: =IFERROR(INDEX(STG_LogExternal[ReadStatus],1)&": "&INDEX(STG_LogExternal[ExternalEvents],1)&" file(s); "&INDEX(STG_LogExternal[MissingExternally],1)&" workbook event(s) without identical copy; "&INDEX(STG_LogExternal[NotInWorkbook],1)&" external event(s) not in this workbook","not compared yet") -> OK: 0 file(s); 0 workbook event(s) without identical copy; 0 external event(s) not in this workbook
B12: Relative tolerance | D12: =INDEX(tblParameters[Value],MATCH("ReconRelTolerance",tblParameters[Parameter],0)) -> 0 | F12: Setup completed | I12: {=IF(prmSetupCompletedOn="","not completed - an Administrator runs Setup (Home)",prmSetupCompletedOn&" by "&prmSetupCompletedBy)} -> not completed - an Administrator runs Setup (Home)
B13: Date dimension from year | D13: =INDEX(tblParameters[Value],MATCH("DimDateStartYear",tblParameters[Parameter],0)) -> 2000 | F13: Advisory items (never block) | I13: =COUNTIF(tblControl[Status],"ADVISORY") -> 1
B14: Date dimension to year | D14: =INDEX(tblParameters[Value],MATCH("DimDateEndYear",tblParameters[Parameter],0)) -> 2030 | F14: Workflow: Home > Refresh > work the checks (explain accepted REVIEWs in column K) > Submit for review > a second person closes the period (Close period). Buttons on Home; manual on Closing_Manual.
B15: Staging refreshed at | D15: =IFERROR(INDEX(STG_Refresh[RefreshedAt],1),"never") -> 0
B16: Last logged refresh (Cmd_RefreshAll) | D16: {=IFERROR(LOOKUP(2,1/(tblRefreshLog[StagingRefreshedAt]<>""),tblRefreshLog[StagingRefreshedAt]),"none")} -> none
B17: FX rates known up to | D17: =MAX(MAX(tblFXRate[RateDate]),_xlfn.MAXIFS(STG_FXFetch[RateDate],STG_FXFetch[FetchStatus],"OK"),_xlfn.MAXIFS(STG_FXFetch[RateDate],STG_FXFetch[FetchStatus],"NO BULLETIN")) -> 46295
A19: A. Checks - work top-down; explain an accepted REVIEW in column Explanation (stamped with your Windows user, the time and the period). Severity BLOCKING gates the close; ADVISORY does not.
A20: No | B20: CheckID | C20: Area | D20: Check | E20: WhatItVerifies | F20: Result | G20: Threshold | H20: Severity | I20: Status | J20: Finding | K20: Action | L20: Explanation | M20: ExplainedBy | N20: ExplainedOn | O20: ExplainedPeriod
A21: 1 | B21: STG_CURRENT | C21: Refresh | D21: Staging data is current and the refresh was logged | E21: The STG_* tables were refreshed for the ActivePeriod and the source folder now in Parameters, hold only active-period lines, and the refresh ran through Refresh (Cmd_RefreshAll): it is the last RefreshLog entry. | F21: =IF(COUNT(STG_Refresh[ActivePeriod])=0,1,(INDEX(STG_Refresh[ActivePeriod],1)<>cpActivePeriod)+(INDEX(STG_Refresh[SourceLocation],1)<>cpSourceLocation)+(ABS(INDEX(STG_Refresh[RefreshedAt],1)-N(cpLastLoggedRefresh))>1/86400))+COUNTIFS(STG_ActiveFact[PeriodKey],"<>"&cpActivePeriod,STG_ActiveFact[CaseKey],"<>") -> 1 | G21: 0 | H21: BLOCKING | I21: =IF(N(tblControl[[#This Row],[Result]])<=tblControl[[#This Row],[Threshold]],"OK",IF(tblControl[[#This Row],[Severity]]="ADVISORY","ADVISORY","REVIEW")) -> REVIEW | J21: {=IF(tblControl[[#This Row],[Result]]=0,"Staging reflects "&cpActivePeriod&" and is the last logged refresh.",IF(COUNT(STG_Refresh[ActivePeriod])=0,IF(prmSetupCompletedOn="","No data yet - complete Setup (Home).","Staging has never been refreshed."),IF(OR(INDEX(STG_Refresh[ActivePeriod],1)<>cpActivePeriod,INDEX(STG_Refresh[SourceLocation],1)<>cpSourceLocation),"Staging was refreshed for "&INDEX(STG_Refresh[ActivePeriod],1)&", but Parameters now say "&cpActivePeriod&" (or the source folder changed). Every other check is unreliable until Refresh.",IF(ABS(INDEX(STG_Refresh[RefreshedAt],1)-N(cpLastLoggedRefresh))>1/86400,"The last refresh did not run through Refresh (Cmd_RefreshAll), e.g. Data > Refresh All, so it is not in RefreshLog.",tblControl[[#This Row],[Result]]&" staging line(s) belong to another period."))))} -> No data yet - complete Setup (Home). | K21: Home > Refresh and wait for the message. Do not use Data > Refresh All: it is not logged and keeps this check in REVIEW. If a query fails, the message names it - fix that error first (Technical_Guide, Troubleshooting).
A22: 2 | B22: FILES_EXPECTED | C22: Files | D22: Every expected company delivered a file or a nil return | E22: Each company expected in the active period (DimCompany window) has at least one MATCHED file or a written nil return in tblNilReturn. | F22: {=SUM((cmExpected="Y")*(cmFiles=0)*(cmNil=0))} -> 0 | G22: 0 | H22: BLOCKING | I22: =IF(N(tblControl[[#This Row],[Result]])<=tblControl[[#This Row],[Threshold]],"OK",IF(tblControl[[#This Row],[Severity]]="ADVISORY","ADVISORY","REVIEW")) -> OK | J22: {=IF(tblControl[[#This Row],[Result]]=0,"All "&SUM(--(cmExpected="Y"))&" expected companies delivered a file or a nil return for "&cpActivePeriod&".",tblControl[[#This Row],[Result]]&" expected compan"&IF(tblControl[[#This Row],[Result]]=1,"y has","ies have")&" neither a file nor a nil return for "&cpActivePeriod&": "&_xlfn.TEXTJOIN(", ",TRUE,_xlfn._xlws.FILTER(cmCompany,(cmExpected="Y")*(cmFiles=0)*(cmNil=0),""))&".")} -> All 0 expected companies delivered a file or a nil return for 0. | K22: Section C shows the company. Look for the file in the source location (a mis-named copy appears under FILES_NEARMISS), ask the company to deliver it, or record its written nil return in tblNilReturn (sheet DimCompany). A company that stopped reporting gets an ExpectedToPeriod on DimCompany.
A23: 3 | B23: FILES_DUPLICATE | C23: Files | D23: No duplicate copies of a source file | E23: No company/period file exists more than once anywhere in the source location (all copies would be loaded). | F23: =COUNTIFS(STG_Files[PeriodKey],cpActivePeriod,STG_Files[MatchStatus],"MATCHED",STG_Files[FilesForCompanyPeriod],">1") -> 0 | G23: 0 | H23: BLOCKING | I23: =IF(N(tblControl[[#This Row],[Result]])<=tblControl[[#This Row],[Threshold]],"OK",IF(tblControl[[#This Row],[Severity]]="ADVISORY","ADVISORY","REVIEW")) -> OK | J23: =IF(tblControl[[#This Row],[Result]]=0,"Each company file for "&cpActivePeriod&" exists exactly once in the source location.",tblControl[[#This Row],[Result]]&" files share company and period with another file - ALL copies are loaded (double counting).") -> Each company file for 0 exists exactly once in the source location. | K23: Show staging > STG_Files: filter FilesForCompanyPeriod > 1 and compare FolderPath / DateModified. Move the stale copy out of the source location, then Refresh.
A24: 4 | B24: FILES_NEARMISS | C24: Files | D24: No near-miss file names | E24: No file looks like a payment file (prefix, separator, MMYYYY) while breaking the naming pattern. | F24: =COUNTIFS(STG_Files[MatchStatus],"NEAR-MISS",STG_Files[PeriodKey],"")+COUNTIFS(STG_Files[MatchStatus],"NEAR-MISS",STG_Files[PeriodKey],cpActivePeriod) -> 0 | G24: 0 | H24: BLOCKING | I24: =IF(N(tblControl[[#This Row],[Result]])<=tblControl[[#This Row],[Threshold]],"OK",IF(tblControl[[#This Row],[Severity]]="ADVISORY","ADVISORY","REVIEW")) -> OK | J24: =IF(tblControl[[#This Row],[Result]]=0,"No mis-named payment files in the source location.",tblControl[[#This Row],[Result]]&" file(s) look like payment files but break the naming pattern and are NOT loaded.") -> No mis-named payment files in the source location. | K24: Ad desene uymuyor veya şirket kodu listedekinden yalnızca baştaki sıfırlarla ayrılıyor: dosyayı yeniden adlandırın (kodlar listede yazıldığı gibi metin olarak karşılaştırılır). Dosya yüklenmez, yeni şirket sayılmaz; STG_Rejected nedenini gösterir. / The name breaks the pattern, or the company ID differs from a listed one only by leading zeros: rename the file (IDs are compared as text, exactly as listed). The file is never loaded and never counts as a new company; STG_Rejected shows the reason.
A25: 5 | B25: FILES_UNEXPECTED | C25: Files | D25: No files from unexpected companies | E25: Every MATCHED active-period file belongs to a company expected in that period. | F25: {=SUMPRODUCT((STG_Files[PeriodKey]=cpActivePeriod)*(STG_Files[MatchStatus]="MATCHED")*(COUNTIFS(cmCompany,STG_Files[CompanyID],cmExpected,"Y")=0))} -> 0 | G25: 0 | H25: BLOCKING | I25: =IF(N(tblControl[[#This Row],[Result]])<=tblControl[[#This Row],[Threshold]],"OK",IF(tblControl[[#This Row],[Severity]]="ADVISORY","ADVISORY","REVIEW")) -> OK | J25: =IF(tblControl[[#This Row],[Result]]=0,"Every matched file belongs to a company expected this period.",tblControl[[#This Row],[Result]]&" matched file(s) belong to a company that is not in DimCompany or outside its reporting window.") -> Every matched file belongs to a company expected this period. | K25: STG_Files: MatchStatus = MATCHED and PeriodKey = active period; compare CompanyID with DimCompany. New company: add it to DimCompany (ExpectedFromPeriod) and map its headers in ColumnMap. Typo in the file name: rename the file.
A26: 6 | B26: RECON | C26: Reconciliation | D26: Totals reconcile to the independent source | E26: Per company x currency: model total (ReconBasis, original currency) = independent total within MAX(abs, rel x |total|); every total in the data has a Recon row. | F26: {=COUNTIFS(tblRecon[PeriodKey],cpActivePeriod,tblRecon[Status],"REVIEW")+SUMPRODUCT((STG_Summary[PeriodKey]=cpActivePeriod)*(STG_Summary[DataSource]="ACTIVE")*(COUNTIFS(tblRecon[PeriodKey],cpActivePeriod,tblRecon[CompanyID],STG_Summary[CompanyID],tblRecon[CurrencyCode],STG_Summary[CurrencyCode])=0))} -> 0 | G26: 0 | H26: BLOCKING | I26: =IF(N(tblControl[[#This Row],[Result]])<=tblControl[[#This Row],[Threshold]],"OK",IF(tblControl[[#This Row],[Severity]]="ADVISORY","ADVISORY","REVIEW")) -> OK | J26: =IF(tblControl[[#This Row],[Result]]=0,IF(COUNTIFS(STG_Summary[PeriodKey],cpActivePeriod,STG_Summary[DataSource],"ACTIVE")=0,"No payment lines loaded for "&cpActivePeriod&" yet - nothing to reconcile (see FILES_EXPECTED and MAPPING_DQ).","All "&COUNTIFS(tblRecon[PeriodKey],cpActivePeriod)&" company/currency totals agree with the independent source within tolerance."),COUNTIFS(tblRecon[PeriodKey],cpActivePeriod,tblRecon[Status],"REVIEW")&" Recon row(s) outside tolerance or without an independent total; "&(tblControl[[#This Row],[Result]]-COUNTIFS(tblRecon[PeriodKey],cpActivePeriod,tblRecon[Status],"REVIEW"))&" company/currency total(s) in the data have no Recon row.") -> No payment lines loaded for 0 yet - nothing to reconcile (see FILES_EXPECTED and MAPPING_DQ). | K26: Recon sheet: rows with Status = REVIEW show Variance and ToleranceApplied. A variance equal to one payment line usually means a missing, extra or re-sent line - compare with DUP_KEYS and look at the company in DataView. A total without a Recon row needs its independent figure entered.
A27: 7 | B27: CHRONOLOGY | C27: Data quality | D27: Chronology: loss <= notification <= decision <= payment | E27: For every line the dates of parameter ChronologyChain do not decrease (blank dates skipped). | F27: =SUM(STG_ActiveFact[ChronoViolation]) -> 0 | G27: 0 | H27: BLOCKING | I27: =IF(N(tblControl[[#This Row],[Result]])<=tblControl[[#This Row],[Threshold]],"OK",IF(tblControl[[#This Row],[Severity]]="ADVISORY","ADVISORY","REVIEW")) -> OK | J27: =IF(tblControl[[#This Row],[Result]]=0,"All payment lines respect loss <= notification <= decision <= payment.",tblControl[[#This Row],[Result]]&" payment line(s) have dates in the wrong order.") -> All payment lines respect loss <= notification <= decision <= payment. | K27: STG_ActiveFact: filter ChronoViolation = 1; ChronoDetail names the inverted pair and SourceFile + SourceRowNo point to the source line. Typical causes: day and month swapped in a text date, a re-opened claim keeping an old decision date. Ask the company to confirm or correct; explain accepted exceptions here.
A28: 8 | B28: DUP_KEYS | C28: Data quality | D28: No duplicate payment keys | E28: No business key (parameter DuplicateKeyColumns) occurs twice in the history. A repeated CaseNo alone is an installment, not a duplicate. | F28: =SUM(STG_ActiveFact[IsDuplicateKey]) -> 0 | G28: 0 | H28: BLOCKING | I28: =IF(N(tblControl[[#This Row],[Result]])<=tblControl[[#This Row],[Threshold]],"OK",IF(tblControl[[#This Row],[Severity]]="ADVISORY","ADVISORY","REVIEW")) -> OK | J28: =IF(tblControl[[#This Row],[Result]]=0,"No business key occurs twice (installments sharing a CaseNo are not duplicates).",tblControl[[#This Row],[Result]]&" line(s) share their key with another line: "&COUNTIFS(STG_ActiveFact[DuplicateScope],"WITHIN PERIOD")&" within "&cpActivePeriod&", "&COUNTIFS(STG_ActiveFact[DuplicateScope],"ACROSS PERIODS")&" with a line of an archived month.") -> No business key occurs twice (installments sharing a CaseNo are not duplicates). | K28: STG_ActiveFact: filter IsDuplicateKey = 1 and sort by LineKey. WITHIN PERIOD = the line is delivered twice this month; ACROSS PERIODS = the same installment was already reported in a closed month (re-sent line or double payment). Genuine reversals may share a key: explain them here.
A29: 9 | B29: FX_RATES | C29: Data quality | D29: FX rate available for every foreign-currency line | E29: Every non-TRY line found a CBRT rate for its payment date (carried forward at most FXMaxCarryForwardDays). | F29: =SUM(STG_ActiveFact[FXRateMissing]) -> 0 | G29: 0 | H29: BLOCKING | I29: =IF(N(tblControl[[#This Row],[Result]])<=tblControl[[#This Row],[Threshold]],"OK",IF(tblControl[[#This Row],[Severity]]="ADVISORY","ADVISORY","REVIEW")) -> OK | J29: {=IF(tblControl[[#This Row],[Result]]=0,"Every foreign-currency line has a rate (carried forward at most "&prmFXMaxCarryForwardDays&" days).",tblControl[[#This Row],[Result]]&" foreign-currency line(s) have no usable rate and are EXCLUDED from TRY totals.")} -> Every foreign-currency line has a rate (carried forward at most 10 days). | K29: STG_ActiveFact: filter FXRateMissing = 1; note CurrencyCode and PaymentDate. With FXAutoFetch = Y the next Refresh fetches missing CBRT bulletins (see FX_FETCH); otherwise add the rate to tblFXRate (sheet FX), or map an unknown currency spelling in tblCurrencyAlias, then Refresh.
A30: 10 | B30: FX_FETCH | C30: Data quality | D30: CBRT fetch complete up to the latest payment date | E30: With FXAutoFetch = Y: no bulletin day failed (network or format error) and the rates are known (stored, fetched or confirmed without bulletin) up to the latest PaymentDate of the active period. | F30: {=IF(OR(UPPER(prmFXAutoFetch)<>"Y",UPPER(prmFXSource)<>"CBRT_XML"),0,COUNTIF(STG_FXFetch[FetchStatus],"ERROR")+IF(MAX(STG_ActiveFact[PaymentDate])>cpFXCoveredTo,1,0))} -> 0 | G30: 0 | H30: BLOCKING | I30: =IF(N(tblControl[[#This Row],[Result]])<=tblControl[[#This Row],[Threshold]],"OK",IF(tblControl[[#This Row],[Severity]]="ADVISORY","ADVISORY","REVIEW")) -> OK | J30: {=IF(OR(UPPER(prmFXAutoFetch)<>"Y",UPPER(prmFXSource)<>"CBRT_XML"),"Automatic CBRT fetch is off (FXAutoFetch = "&prmFXAutoFetch&", FXSource = "&prmFXSource&"): rates are maintained by hand on sheet FX; FX_RATES shows any gap.",IF(tblControl[[#This Row],[Result]]=0,"CBRT bulletins checked up to "&YEAR(cpFXCoveredTo)&"-"&TEXT(MONTH(cpFXCoveredTo),"00")&"-"&TEXT(DAY(cpFXCoveredTo),"00")&" ("&COUNTIF(STG_FXFetch[FetchStatus],"OK")&" rate(s) fetched at the last refresh, "&COUNTIF(STG_FXFetch[FetchStatus],"NO BULLETIN")&" day(s) without bulletin).",TRIM(IF(COUNTIF(STG_FXFetch[FetchStatus],"ERROR")>0,COUNTIF(STG_FXFetch[FetchStatus],"ERROR")&" fetched item(s) failed - see STG_FXFetch (Detail). ","")&IF(MAX(STG_ActiveFact[PaymentDate])>cpFXCoveredTo,"Rates are known up to "&YEAR(cpFXCoveredTo)&"-"&TEXT(MONTH(cpFXCoveredTo),"00")&"-"&TEXT(DAY(cpFXCoveredTo),"00")&" but the latest payment date is "&YEAR(MAX(STG_ActiveFact[PaymentDate]))&"-"&TEXT(MONTH(MAX(STG_ActiveFact[PaymentDate])),"00")&"-"&TEXT(DAY(MAX(STG_ActiveFact[PaymentDate])),"00")&": later bulletins are not published yet or were not fetched; those lines use a carried-forward rate.",""))))} -> Automatic CBRT fetch is off (FXAutoFetch = N, FXSource = CBRT_XML): rates are maintained by hand on sheet FX; FX_RATES shows any gap. | K30: Show staging > STG_FXFetch lists every fetched day: OK, NO BULLETIN (weekend or holiday) or ERROR with the reason. ERROR: check the network or proxy and Refresh again; if the CBRT stays unreachable, an Administrator sets FXAutoFetch = N and enters the rates by hand on sheet FX (source www.tcmb.gov.tr/kurlar), and you explain it here.
A31: 11 | B31: DATES | C31: Data quality | D31: Dates plausible | E31: PaymentDate lies in the file's period, and every chain date lies inside the date dimension (DimDateStartYear - DimDateEndYear). | F31: =SUM(STG_ActiveFact[PaymentOutsidePeriod])+COUNTIFS(STG_ActiveFact[LossDate],"<"&DATE(cpDimStartYear,1,1))+COUNTIFS(STG_ActiveFact[LossDate],">"&DATE(cpDimEndYear,12,31))+COUNTIFS(STG_ActiveFact[NotificationDate],"<"&DATE(cpDimStartYear,1,1))+COUNTIFS(STG_ActiveFact[NotificationDate],">"&DATE(cpDimEndYear,12,31))+COUNTIFS(STG_ActiveFact[DecisionDate],"<"&DATE(cpDimStartYear,1,1))+COUNTIFS(STG_ActiveFact[DecisionDate],">"&DATE(cpDimEndYear,12,31))+COUNTIFS(STG_ActiveFact[PaymentDate],"<"&DATE(cpDimStartYear,1,1))+COUNTIFS(STG_ActiveFact[PaymentDate],">"&DATE(cpDimEndYear,12,31)) -> 0 | G31: 0 | H31: BLOCKING | I31: =IF(N(tblControl[[#This Row],[Result]])<=tblControl[[#This Row],[Threshold]],"OK",IF(tblControl[[#This Row],[Severity]]="ADVISORY","ADVISORY","REVIEW")) -> OK | J31: =IF(tblControl[[#This Row],[Result]]=0,"All payment dates fall in "&cpActivePeriod&" and all dates lie inside "&cpDimStartYear&"-"&cpDimEndYear&".",SUM(STG_ActiveFact[PaymentOutsidePeriod])&" line(s) paid outside the file period; "&(tblControl[[#This Row],[Result]]-SUM(STG_ActiveFact[PaymentOutsidePeriod]))&" date(s) outside "&cpDimStartYear&"-"&cpDimEndYear&".") -> All payment dates fall in 0 and all dates lie inside 2000-2030. | K31: STG_ActiveFact: filter PaymentOutsidePeriod = 1 - the line belongs to another month (cut-off error or wrong file); ask the company. Dates outside the date dimension are typos (e.g. year 2062) or very old losses: correct at source, or widen DimDateStartYear / DimDateEndYear.
A32: 12 | B32: MAPPING_DQ | C32: Data quality | D32: Column mapping and conversion issues | E32: No REVIEW issue in STG_DQ: unmapped header, header row not found, missing core column, type-conversion failure, empty file, blank core value, dictionary conflict. | F32: =COUNTIFS(STG_DQ[Severity],"REVIEW") -> 0 | G32: 0 | H32: BLOCKING | I32: =IF(N(tblControl[[#This Row],[Result]])<=tblControl[[#This Row],[Threshold]],"OK",IF(tblControl[[#This Row],[Severity]]="ADVISORY","ADVISORY","REVIEW")) -> OK | J32: =IF(tblControl[[#This Row],[Result]]=0,"No mapping or conversion issue ("&COUNTIFS(STG_DQ[Severity],"INFO")&" INFO item(s) for awareness).",tblControl[[#This Row],[Result]]&" issue(s): "&COUNTIFS(STG_DQ[IssueType],"UNMAPPED HEADER")&" unmapped header, "&COUNTIFS(STG_DQ[IssueType],"MISSING COLUMN",STG_DQ[Severity],"REVIEW")&" missing core column, "&COUNTIFS(STG_DQ[IssueType],"TYPE CONVERSION")&" conversion, "&COUNTIFS(STG_DQ[IssueType],"EMPTY FILE")&" empty file, "&COUNTIFS(STG_DQ[IssueType],"NO MAPPED HEADER")&" file(s) without a recognised header row, "&(COUNTIFS(STG_DQ[IssueType],"BLANK CORE VALUE")+COUNTIFS(STG_DQ[IssueType],"AMBIGUOUS MAPPING",STG_DQ[Severity],"REVIEW")+COUNTIFS(STG_DQ[IssueType],"DICTIONARY*"))&" other.") -> No mapping or conversion issue (0 INFO item(s) for awareness). | K32: Show staging > STG_DQ lists each issue with its Detail. UNMAPPED HEADER: add a ColumnMap row and classify it. MISSING COLUMN (core): ask the company for the field or map the header it uses. TYPE CONVERSION: check the column's format at source. EMPTY FILE: request the file again. NO MAPPED HEADER: the header must be row 1 of the first sheet (a title row above it hides it) - ask for a corrected file.
A33: 13 | B33: OUTLIERS | C33: Data quality | D33: Large payments reviewed | E33: Payment lines with GrossAmountTRY at or above OutlierThresholdTRY are confirmed before the close (explanation). | F33: =SUM(STG_ActiveFact[IsOutlier]) -> 0 | G33: 0 | H33: BLOCKING | I33: =IF(N(tblControl[[#This Row],[Result]])<=tblControl[[#This Row],[Threshold]],"OK",IF(tblControl[[#This Row],[Severity]]="ADVISORY","ADVISORY","REVIEW")) -> OK | J33: {=IF(tblControl[[#This Row],[Result]]=0,"No payment line of "&cpActivePeriod&" reaches "&FIXED(prmOutlierThresholdTRY,0)&" TRY.",tblControl[[#This Row],[Result]]&" payment line(s) of "&FIXED(prmOutlierThresholdTRY,0)&" TRY or more; the largest is "&FIXED(MAX(STG_ActiveFact[GrossAmountTRY]),0)&" TRY.")} -> No payment line of 0 reaches 5,000,000 TRY. | K33: Show staging > STG_ActiveFact: filter IsOutlier = 1 (or DataView for the company). Confirm each large payment with the claims department (decision, approval level) and write who confirmed what in Explanation. The threshold OutlierThresholdTRY is a policy (DecisionRegister D38).
A34: 14 | B34: PRIVACY | C34: Privacy | D34: No personal data in the staging output | E34: No column of STG_ActiveFact (= the Data Model fact and the archive) carries a canonical name or source header classified as personal data. | F34: {=SUMPRODUCT(COUNTIF(STG_ActiveFact[#Headers],tblColumnMap[CanonicalName])*(tblColumnMap[PersonalData]<>"N"))+SUMPRODUCT(COUNTIF(STG_ActiveFact[#Headers],tblColumnMap[SourceHeader])*(tblColumnMap[PersonalData]<>"N"))} -> 0 | G34: 0 | H34: BLOCKING | I34: =IF(N(tblControl[[#This Row],[Result]])<=tblControl[[#This Row],[Threshold]],"OK",IF(tblControl[[#This Row],[Severity]]="ADVISORY","ADVISORY","REVIEW")) -> OK | J34: =IF(tblControl[[#This Row],[Result]]=0,"No personal-data field is present in the staging output or the Data Model.",tblControl[[#This Row],[Result]]&" personal-data column(s) reached STG_ActiveFact. STOP.") -> No personal-data field is present in the staging output or the Data Model. | K34: Do not close, archive or distribute. In ColumnMap set PersonalData = Y and IncludeInModel = N on every row of the field named in STG_ActiveFact's header, Refresh, confirm this check is OK, then inform the Data Protection Officer.
A35: 15 | B35: ARCHIVE_COMPLETE | C35: Period management | D35: Closed months are archived and logged | E35: ArchiveLog holds exactly one CURRENT row for every month from ArchiveStartPeriod to the month before ActivePeriod. | F35: =ABS(MAX(0,(INT(cpPrevPeriod/100)*12+MOD(cpPrevPeriod,100))-(INT(cpArchiveStart/100)*12+MOD(cpArchiveStart,100))+1)-COUNTIFS(tblArchiveLog[PeriodKey],">="&cpArchiveStart,tblArchiveLog[PeriodKey],"<="&cpPrevPeriod,tblArchiveLog[ArchiveState],"CURRENT")) -> 0 | G35: 0 | H35: BLOCKING | I35: =IF(N(tblControl[[#This Row],[Result]])<=tblControl[[#This Row],[Threshold]],"OK",IF(tblControl[[#This Row],[Severity]]="ADVISORY","ADVISORY","REVIEW")) -> OK | J35: =IF(tblControl[[#This Row],[Result]]=0,IF(MAX(0,(INT(cpPrevPeriod/100)*12+MOD(cpPrevPeriod,100))-(INT(cpArchiveStart/100)*12+MOD(cpArchiveStart,100))+1)=0,"No closed month is due yet (ArchiveStartPeriod = active period).","Every month from "&cpArchiveStart&" to "&cpPrevPeriod&" has one current ArchiveLog row."),"Expected "&MAX(0,(INT(cpPrevPeriod/100)*12+MOD(cpPrevPeriod,100))-(INT(cpArchiveStart/100)*12+MOD(cpArchiveStart,100))+1)&" closed month(s) from "&cpArchiveStart&" to "&cpPrevPeriod&"; ArchiveLog has "&COUNTIFS(tblArchiveLog[PeriodKey],">="&cpArchiveStart,tblArchiveLog[PeriodKey],"<="&cpPrevPeriod,tblArchiveLog[ArchiveState],"CURRENT")&".") -> No closed month is due yet (ArchiveStartPeriod = active period). | K35: Every month since ArchiveStartPeriod is stored as one CURRENT batch: by Close period (Cmd_ClosePeriod) or, at installation, by Backfill history. Never type ArchiveLog rows; a gap is handled with Backfill (before the first close) or the re-open procedure (Technical_Guide, period management).
A36: 16 | B36: ARCHIVE_INTEGRITY | C36: Period management | D36: Archive unchanged since close | E36: Every CURRENT ArchiveLog batch reads back exactly: rows, HashTotal and GrossTRY recorded per company and currency (STG_Summary from tblStoreSummary) and loaded by the Data Model (pvtStoreCheck); one batch per closed month; STORE_PAY.csv is byte for byte the file the last write recorded (SHA-256) with the dictionary's header; the ArchiveLog chain (SHA-256 over every sealed row) is unbroken. Every batch's rows and CRC-32 are re-read by Verify log. | F36: {=COUNTIFS(tblArchiveLog[IntegrityStatus],"REVIEW")+SUMPRODUCT((STG_Summary[DataSource]="ARCHIVE")*(COUNTIFS(tblArchiveLog[PeriodKey],STG_Summary[PeriodKey],tblArchiveLog[ArchiveState],"CURRENT")=0))+(LEFT(archChainStatus,2)<>"OK")+(LEFT(archStoreStatus,2)<>"OK")} -> 0 | G36: 0 | H36: BLOCKING | I36: =IF(N(tblControl[[#This Row],[Result]])<=tblControl[[#This Row],[Threshold]],"OK",IF(tblControl[[#This Row],[Severity]]="ADVISORY","ADVISORY","REVIEW")) -> OK | J36: =IF(LEFT(archChainStatus,2)<>"OK","ArchiveLog chain "&archChainStatus&". ","")&IF(LEFT(archStoreStatus,2)<>"OK","Store file "&archStoreStatus&". ","")&IF(tblControl[[#This Row],[Result]]=0,IF(COUNTIFS(tblArchiveLog[ArchiveState],"CURRENT")=0,"No closed month logged yet - nothing to compare.","All "&COUNTIFS(tblArchiveLog[ArchiveState],"CURRENT")&" closed month(s) match their archive exactly (rows, hash total, TRY total, one file each)."),COUNTIFS(tblArchiveLog[IntegrityStatus],"REVIEW")&" closed month(s) differ from their archive; "&(tblControl[[#This Row],[Result]]-COUNTIFS(tblArchiveLog[IntegrityStatus],"REVIEW"))&" archive summary row(s) belong to months without a current ArchiveLog row.") -> No closed month logged yet - nothing to compare. | K36: ArchiveLog: IntegrityStatus per batch; archChainStatus (X3) and archStoreStatus (AD3) name the difference. The store file, the chain and the model totals must equal what was recorded at each write. Never edit STORE_PAY.csv or ArchiveLog to make them match: an Administrator runs Verify log and follows the store runbook (rebuild from the inbox, or restore the workbook and the Archive folder of the same day).
A37: 17 | B37: ACTIVE_OPEN | C37: Period management | D37: Active period is not an already-closed month | E37: ActivePeriod has no CURRENT ArchiveLog batch (the month is not already stored). | F37: =COUNTIFS(tblArchiveLog[PeriodKey],cpActivePeriod,tblArchiveLog[ArchiveState],"CURRENT")+COUNTIF(STG_Summary[DataSource],"ARCHIVE-SUPERSEDED") -> 0 | G37: 0 | H37: BLOCKING | I37: =IF(N(tblControl[[#This Row],[Result]])<=tblControl[[#This Row],[Threshold]],"OK",IF(tblControl[[#This Row],[Severity]]="ADVISORY","ADVISORY","REVIEW")) -> OK | J37: =IF(tblControl[[#This Row],[Result]]=0,cpActivePeriod&" is an open month (not in the archive).",cpActivePeriod&" is already closed (current ArchiveLog row and/or archive file). The archived copy is ignored while it is active.") -> 0 is an open month (not in the archive). | K37: Close period rolls ActivePeriod forward automatically. To change a closed month use Re-open (Cmd_ReopenPeriod), which marks its stored batch SUPERSEDED; never set ActivePeriod back by hand.
A38: 18 | B38: COMPLETENESS | C38: Period management | D38: Company x month completeness | E38: Every company expected in a closed month since ArchiveStartPeriod has data in that month or a nil return (section D). | F38: {=SUM((cmCompleteness="MISSING")*(cmMonths<cpActivePeriod))} -> 0 | G38: 0 | H38: BLOCKING | I38: =IF(N(tblControl[[#This Row],[Result]])<=tblControl[[#This Row],[Threshold]],"OK",IF(tblControl[[#This Row],[Severity]]="ADVISORY","ADVISORY","REVIEW")) -> OK | J38: =IF(tblControl[[#This Row],[Result]]=0,"Every expected company has data or a nil return in every closed month since "&cpArchiveStart&".",tblControl[[#This Row],[Result]]&" closed company-month(s) since "&cpArchiveStart&" have neither data nor a nil return - see section D.") -> Every expected company has data or a nil return in every closed month since 202409. | K38: Section D shows company x month. MISSING in a closed month: the month was closed without that company. Obtain the file or the written nil return; record a nil return in tblNilReturn, or re-open the month if data must be added (Technical_Guide).
A39: 19 | B39: DICTIONARY | C39: Governance | D39: Column dictionary is consistent | E39: ColumnMap passes the ten rules of its Dictionary health block (valid flags and types, no personal data included, core fields loadable, consistent rows). | F39: =cmDictHealth -> 0 | G39: 0 | H39: BLOCKING | I39: =IF(N(tblControl[[#This Row],[Result]])<=tblControl[[#This Row],[Threshold]],"OK",IF(tblControl[[#This Row],[Severity]]="ADVISORY","ADVISORY","REVIEW")) -> OK | J39: =IF(tblControl[[#This Row],[Result]]=0,"ColumnMap passes all consistency rules.",tblControl[[#This Row],[Result]]&" ColumnMap row(s) break a consistency rule - see the Dictionary health block on ColumnMap.") -> ColumnMap passes all consistency rules. | K39: ColumnMap sheet, Dictionary health block: each rule says what is wrong (e.g. IncludeInModel = Y with PersonalData = Y, a Core field switched off, an invalid DataType). Correct the rows and Refresh.
A40: 20 | B40: COLUMNID_VERIFIED | C40: Governance | D40: ColumnIDs verified (VerifiedBy, VerifiedOn) | E40: Every dictionary row has a ColumnID stamped as verified by Cmd_VerifyColumnIDs, and no verification stamp was typed by hand after the last verification. | F40: {=SUMPRODUCT((tblColumnMap[SourceHeader]<>"")*(((tblColumnMap[ColumnID]="")+(tblColumnMap[VerifiedBy]="")+(tblColumnMap[VerifiedOn]=""))>0))+IF(IFERROR(_xlfn.MAXIFS(tblActivityLog[EventNo],tblActivityLog[Command],"tblColumnMap",tblActivityLog[Result],"FLAGGED*"),0)>IFERROR(_xlfn.MAXIFS(tblActivityLog[EventNo],tblActivityLog[Command],"Cmd_VerifyColumnIDs",tblActivityLog[Result],"OK*"),0),1,0)} -> 103 | G40: 0 | H40: ADVISORY | I40: =IF(N(tblControl[[#This Row],[Result]])<=tblControl[[#This Row],[Threshold]],"OK",IF(tblControl[[#This Row],[Severity]]="ADVISORY","ADVISORY","REVIEW")) -> ADVISORY | J40: {=IF(tblControl[[#This Row],[Result]]=0,"Every dictionary row has a ColumnID verified by a named person.",SUMPRODUCT((tblColumnMap[SourceHeader]<>"")*(((tblColumnMap[ColumnID]="")+(tblColumnMap[VerifiedBy]="")+(tblColumnMap[VerifiedOn]=""))>0))&" dictionary row(s) have no ColumnID or are not verified"&IF(IFERROR(_xlfn.MAXIFS(tblActivityLog[EventNo],tblActivityLog[Command],"tblColumnMap",tblActivityLog[Result],"FLAGGED*"),0)>IFERROR(_xlfn.MAXIFS(tblActivityLog[EventNo],tblActivityLog[Command],"Cmd_VerifyColumnIDs",tblActivityLog[Result],"OK*"),0),"; a verification stamp was typed by hand after the last verification (ActivityLog: FLAGGED)","")&".")} -> 103 dictionary row(s) have no ColumnID or are not verified. | K40: ADVISORY: shown in amber and listed in the closing pack; it never blocks the close. ColumnMap: check each orange ColumnID against the official schema reference (DecisionRegister A1, Backlog), select the verified rows and click Verify selected ColumnIDs (Administrator); your Windows identity and the date are stamped and logged.
A41: 21 | B41: REFDATA | C41: Governance | D41: Reference tables clean | E41: tblFXRate has no duplicate date + currency and no blank / zero / negative rate; tblDimCompany has no duplicate CompanyID. | F41: {=SUMPRODUCT((tblFXRate[RateDate]<>"")*(COUNTIFS(tblFXRate[RateDate],tblFXRate[RateDate],tblFXRate[CurrencyCode],tblFXRate[CurrencyCode])>1))+SUMPRODUCT((tblFXRate[RateDate]<>"")*(tblFXRate[RateToTRY]<=0))+SUMPRODUCT((tblDimCompany[CompanyID]<>"")*(COUNTIF(tblDimCompany[CompanyID],tblDimCompany[CompanyID])>1))} -> 0 | G41: 0 | H41: BLOCKING | I41: =IF(N(tblControl[[#This Row],[Result]])<=tblControl[[#This Row],[Threshold]],"OK",IF(tblControl[[#This Row],[Severity]]="ADVISORY","ADVISORY","REVIEW")) -> OK | J41: =IF(tblControl[[#This Row],[Result]]=0,"FX and company tables have no duplicates or invalid rates.",tblControl[[#This Row],[Result]]&" problem(s) in tblFXRate (duplicate date + currency, blank / zero / negative rate) or tblDimCompany (duplicate CompanyID).") -> FX and company tables have no duplicates or invalid rates. | K41: FX sheet: sort tblFXRate by CurrencyCode and RateDate, remove duplicates and fix rates. DimCompany: remove duplicate CompanyID rows.
A42: 22 | B42: POLICY_OPEN | C42: Governance | D42: No decision is Open | E42: Every DecisionRegister item is Confirmed, Removed, Superseded or Deferred; Deferred items are tracked in the Backlog with an owner. | F42: =COUNTIFS(tblDecision[Status],"Open") -> 0 | G42: 0 | H42: BLOCKING | I42: =IF(N(tblControl[[#This Row],[Result]])<=tblControl[[#This Row],[Threshold]],"OK",IF(tblControl[[#This Row],[Severity]]="ADVISORY","ADVISORY","REVIEW")) -> OK | J42: {=IF(tblControl[[#This Row],[Result]]=0,"No decision is Open ("&COUNTIFS(tblDecision[Status],"Deferred")&" deferred item(s) in the Backlog).",tblControl[[#This Row],[Result]]&" decision(s) are still Open: "&_xlfn.TEXTJOIN(", ",TRUE,_xlfn._xlws.FILTER(tblDecision[ID],tblDecision[Status]="Open",""))&".")} -> No decision is Open (5 deferred item(s) in the Backlog). | K42: DecisionRegister (Administrator): the owner decides and signs off (Status = Confirmed with Evidence and SignOffDate), or the item is Deferred with an owner and appears in the Backlog.
A43: 23 | B43: FOUR_EYES | C43: Governance | D43: Four-eyes control enabled | E43: Parameter FourEyesRequired = Y: the period is closed by a different Windows user than the one who submitted it. | F43: {=IF(UPPER(prmFourEyesRequired)="N",1,0)} -> 0 | G43: 0 | H43: BLOCKING | I43: =IF(N(tblControl[[#This Row],[Result]])<=tblControl[[#This Row],[Threshold]],"OK",IF(tblControl[[#This Row],[Severity]]="ADVISORY","ADVISORY","REVIEW")) -> OK | J43: =IF(tblControl[[#This Row],[Result]]=0,"Four-eyes is enforced: the period must be closed by a different Windows user than the preparer.","Four-eyes is WAIVED (FourEyesRequired = N): the preparer may close the period alone.") -> Four-eyes is enforced: the period must be closed by a different Windows user than the preparer. | K43: Parameters: FourEyesRequired = Y. Only an Administrator can switch it off, with the password once more; the waiver is logged with severity HIGH (DecisionRegister D39, D60). Explain here who approved it and why.
A44: 24 | B44: LOG_INTEGRITY | C44: Governance | D44: ActivityLog chain and external copy intact | E44: The chained checksums of the workbook ActivityLog verify, and every workbook event has an identical external copy (file name with the same checksum). | F44: =(LEFT(logChainStatus,2)<>"OK")+IFERROR(INDEX(STG_LogExternal[MissingExternally],1)+INDEX(STG_LogExternal[UnparsedFiles],1)+(INDEX(STG_LogExternal[ReadStatus],1)<>"OK"),1) -> 0 | G44: 0 | H44: BLOCKING | I44: =IF(N(tblControl[[#This Row],[Result]])<=tblControl[[#This Row],[Threshold]],"OK",IF(tblControl[[#This Row],[Severity]]="ADVISORY","ADVISORY","REVIEW")) -> OK | J44: =IF(tblControl[[#This Row],[Result]]=0,"ActivityLog chain intact and every workbook event has its identical external copy ("&IFERROR(INDEX(STG_LogExternal[ExternalEvents],1),0)&" external file(s)"&IF(IFERROR(INDEX(STG_LogExternal[NotInWorkbook],1),0)>0,"; "&INDEX(STG_LogExternal[NotInWorkbook],1)&" event(s) of unsaved sessions are kept only outside - INFO","")&").",IF(LEFT(logChainStatus,2)<>"OK","Chain "&logChainStatus&". ","")&IF(IFERROR(INDEX(STG_LogExternal[MissingExternally],1),0)>0,INDEX(STG_LogExternal[MissingExternally],1)&" workbook event(s) have no identical external copy (EventNo "&INDEX(STG_LogExternal[MissingEventNos],1)&"). ","")&IF(IFERROR(INDEX(STG_LogExternal[ReadStatus],1),"")<>"OK","External log: "&IFERROR(INDEX(STG_LogExternal[ReadStatus],1),"not read")&". ","")&IF(IFERROR(INDEX(STG_LogExternal[UnparsedFiles],1),0)>0,INDEX(STG_LogExternal[UnparsedFiles],1)&" unexpected ACT_ file name(s).","")) -> ActivityLog chain intact and every workbook event has its identical external copy (0 external file(s)). | K44: The external log folder is authoritative. Compare the listed events with their ACT_*.csv files; a mismatch means the workbook log was edited or rebuilt. Inform the platform administrator and IT Security; never repair the log by hand. Verify log (Cmd_VerifyLog) re-checks the chain; the external copy is compared at every Refresh.
A45: 25 | B45: RESTATEMENT | C45: Archive | D45: Cumulative files restate no closed month | E45: For each company with SourceMode CUMULATIVE, every month already closed in its file has the same rows and GrossAmount (original currency) as the store (STG_Restatement). | F45: =COUNTIFS(STG_Restatement[Status],"RESTATED") -> 0 | G45: 0 | H45: BLOCKING | I45: =IF(N(tblControl[[#This Row],[Result]])<=tblControl[[#This Row],[Threshold]],"OK",IF(tblControl[[#This Row],[Severity]]="ADVISORY","ADVISORY","REVIEW")) -> OK | J45: {=IF(tblControl[[#This Row],[Result]]=0,IF(COUNTA(STG_Restatement[CompanyID])=0,"No cumulative company file to compare.","The cumulative files match the store in "&COUNTA(STG_Restatement[CompanyID])&" closed company-month(s)."),tblControl[[#This Row],[Result]]&" closed company-month(s) differ from the store: "&_xlfn.TEXTJOIN(", ",TRUE,_xlfn._xlws.FILTER(STG_Restatement[CompanyID]&" "&STG_Restatement[PeriodKey],STG_Restatement[Status]="RESTATED",""))&".")} -> No cumulative company file to compare. | K45: Show staging > STG_Store > STG_Restatement lists the months and the differences. A person decides: re-open the month (Re-open period) to take the restated lines, or obtain a corrected file from the company. The close stays blocked until the file matches the store.
A46: 26 | B46: COMPANY_CHANGES | C46: Files | D46: No new company and no change of delivery mode | E46: Every file of the active delivery belongs to a company in tblDimCompany and arrives in the company's SourceMode (monthly files for FOLDER, one ALL file for CUMULATIVE). Mode-mismatched files are never loaded. | F46: =COUNTIFS(STG_Files[DeliveryCheck],"NEW COMPANY")+COUNTIFS(STG_Files[DeliveryCheck],"MODE MISMATCH") -> 0 | G46: 0 | H46: REVIEW | I46: =IF(N(tblControl[[#This Row],[Result]])<=tblControl[[#This Row],[Threshold]],"OK",IF(tblControl[[#This Row],[Severity]]="ADVISORY","ADVISORY","REVIEW")) -> OK | J46: {=IF(tblControl[[#This Row],[Result]]=0,"Every delivering company is in the company list and delivers in its source mode.",tblControl[[#This Row],[Result]]&" file(s): "&_xlfn.TEXTJOIN(", ",TRUE,_xlfn._xlws.FILTER(STG_Files[FileName]&" ("&STG_Files[DeliveryCheck]&")",(STG_Files[DeliveryCheck]="NEW COMPANY")+(STG_Files[DeliveryCheck]="MODE MISMATCH"),""))&".")} -> Every delivering company is in the company list and delivers in its source mode. | K46: LİSTEDE YOK: şirketi DimCompany'ye ekleyin (tip, ExpectedFromPeriod, SourceMode) veya dosyayı kaldırın; satırları Atanmamış segmentte görünür ve kapanışı engeller. TESLİM BİÇİMİ: SourceMode'u düzeltin veya anlaşılan teslimi isteyin. STG_Rejected tüm reddedilen dosyaları listeler. / NEW COMPANY: add it to DimCompany (type, ExpectedFromPeriod, SourceMode) or remove the file; its lines show in the Unassigned segment and block the close. MODE MISMATCH: correct SourceMode or ask the company for the agreed delivery. STG_Rejected lists every rejected file.
A47: 27 | B47: COLUMNMAP_LOCK | C47: Governance | D47: The column map is locked and unchanged | E47: The model-relevant columns of tblColumnMap (SourceHeader, CanonicalName, DataType, IncludeInModel, PersonalData, Group) match the signature stored by Lock column map. The store keeps only the fields in the model and is laid out by the dictionary, so the field selection changes only through unlock, edit, lock and Rebuild store (P3-93, P3-113). | F47: {=ColumnMapLockState(tblColumnMap[#All],INDEX(tblParameters[Value],MATCH("ColumnMapLocked",tblParameters[Parameter],0)),INDEX(tblParameters[Value],MATCH("ColumnMapSignature",tblParameters[Parameter],0)))} -> 1 | G47: 0 | H47: BLOCKING | I47: =IF(N(tblControl[[#This Row],[Result]])<=tblControl[[#This Row],[Threshold]],"OK",IF(tblControl[[#This Row],[Severity]]="ADVISORY","ADVISORY","REVIEW")) -> REVIEW | J47: =CHOOSE(MIN(N(tblControl[[#This Row],[Result]]),3)+1,"Kolon haritası kilitli ve değişmemiş / The column map is locked ("&INDEX(tblParameters[Value],MATCH("ColumnMapLockedOn",tblParameters[Parameter],0))&", "&INDEX(tblParameters[Value],MATCH("ColumnMapLockedBy",tblParameters[Parameter],0))&") and unchanged.","Kolon haritası kilitli değil / The column map is not locked: Backfill, Close and Rebuild store are blocked.","Kolon haritası kilitten sonra değişti / The column map changed after the lock of "&INDEX(tblParameters[Value],MATCH("ColumnMapLockedOn",tblParameters[Parameter],0))&": Backfill, Close and Rebuild store are blocked.","Kolon haritası okunamadı / The column map could not be read (macros off, or a column is missing).") -> Kolon haritası kilitli değil / The column map is not locked: Backfill, Close and Rebuild store are blocked. | K47: Kilitli değil: Yönetici onaylı haritayı kilitler (Kolon haritasını kilitle). Değişmiş: onaylı satırları geri yükleyin ya da kilidi kaldırın (neden, YÜKSEK), değiştirin, yeniden kilitleyin ve Depoyu yeniden kur. / Not locked: an Administrator locks the approved map (Lock column map). Changed: restore the approved rows, or unlock (reason, HIGH), change, lock again and Rebuild store. Backfill, Close and Rebuild store refuse to run in both cases, even when this check is explained.
A48: Threshold = the maximum count accepted for OK (0 everywhere; tolerances are applied inside the metric, e.g. per Recon row). Changing a threshold or a check is a policy change: DecisionRegister and Changelog. An explanation counts only for the period in ExplainedPeriod and is cleared (and archived in the CONTROLS file) at close.
A49: B. Close-out values - copied into ArchiveLog by Close period (Cmd_ClosePeriod); never typed
B50: PeriodKey | C50: ArchiveFile | D50: RecordedRows | E50: RecordedHashTotal | F50: RecordedGrossTRY | G50: StatusAtClose | H50: ReviewAtClose | I50: ControlsFile
B51: =cpActivePeriod -> 0 | C51: {=prmArchiveFilePrefix&cpActivePeriod&prmFileExtension} -> ARCHIVE_PAY_0.xlsx | D51: =COUNTA(STG_ActiveFact[CaseKey]) -> 0 | E51: =SUM(STG_ActiveFact[GrossAmount]) -> 0 | F51: =SUM(STG_ActiveFact[GrossAmountTRY]) -> 0 | G51: =cpOverallStatus -> REVIEW | H51: =cpReviewCount -> 2 | I51: {=prmControlsFilePrefix&cpActivePeriod&prmFileExtension} -> CONTROLS_PAY_0.xlsx
A52: RecordedHashTotal = sum of GrossAmount across all currencies: a control total that proves the archive file is unchanged, not a business figure. | S52: D. Completeness - company x month since ArchiveStartPeriod
P53: DQ issues | Q53: Outliers | S53: CompanyID \ month | T53: {=_xlfn.LET(_xlpm.s,cpArchiveStart,_xlpm.a,cpActivePeriod,_xlpm.si,INT(_xlpm.s/100)*12+MOD(_xlpm.s,100)-1,_xlpm.ai,INT(_xlpm.a/100)*12+MOD(_xlpm.a,100)-1,_xlpm.m,_xlpm.si+_xlfn.SEQUENCE(1,MAX(_xlpm.ai-_xlpm.si+1,1),0),INT(_xlpm.m/12)*100+MOD(_xlpm.m,12)+1)} -> 202409
B54: C. Company matrix - active period | P54: {=COUNTIFS(STG_DQ[CompanyID],cmCompany,STG_DQ[Severity],"REVIEW")} -> 0 | Q54: {=SUMIFS(STG_ActiveFact[IsOutlier],STG_ActiveFact[CompanyID],cmCompany)} -> 0 | S54: {=cmCompany} -> (none) | T54: {=_xlfn.LET(_xlpm.c,cmCompany,_xlpm.m,cmMonths,_xlpm.f,_xlfn.XLOOKUP(_xlpm.c,tblDimCompany[CompanyID]&"",tblDimCompany[ExpectedFromPeriod],0),_xlpm.t,_xlfn.XLOOKUP(_xlpm.c,tblDimCompany[CompanyID]&"",tblDimCompany[ExpectedToPeriod],0),_xlpm.e,(_xlpm.f<=_xlpm.m)*((_xlpm.t=0)+(_xlpm.t>=_xlpm.m)),_xlpm.l,SUMIFS(STG_Summary[LineCount],STG_Summary[CompanyID],_xlpm.c,STG_Summary[PeriodKey],_xlpm.m,STG_Summary[DataSource],"<>ARCHIVE-SUPERSEDED"),_xlpm.nr,COUNTIFS(tblNilReturn[CompanyID],_xlpm.c,tblNilReturn[PeriodKey],_xlpm.m),IF(_xlpm.e=0,"n/a",IF(_xlpm.l>0,"OK",IF(_xlpm.nr>0,"NIL","MISSING"))))} -> MISSING
B55: CompanyID | C55: CompanyName | D55: Expected | E55: Files matched | F55: Nil return | G55: Lines | H55: Gross TRY | I55: Company status | J55: Findings | K55: Recon | L55: Chrono lines | M55: Dup-key lines | N55: Missing FX | O55: Out of period
B56: {=_xlfn._xlws.FILTER(tblDimCompany[CompanyID]&"",tblDimCompany[CompanyID]<>"","(none)")} -> (none) | C56: {=_xlfn.XLOOKUP(cmCompany,tblDimCompany[CompanyID]&"",tblDimCompany[CompanyName],"")} | D56: {=_xlfn.LET(_xlpm.f,_xlfn.XLOOKUP(cmCompany,tblDimCompany[CompanyID]&"",tblDimCompany[ExpectedFromPeriod],0),_xlpm.t,_xlfn.XLOOKUP(cmCompany,tblDimCompany[CompanyID]&"",tblDimCompany[ExpectedToPeriod],0),IF(cmCompany="(none)","N",IF((_xlpm.f<=cpActivePeriod)*((_xlpm.t=0)+(_xlpm.t>=cpActivePeriod)),"Y","N")))} -> N | E56: {=COUNTIFS(STG_Files[CompanyID],cmCompany,STG_Files[PeriodKey],cpActivePeriod,STG_Files[MatchStatus],"MATCHED")} -> 0 | F56: {=COUNTIFS(tblNilReturn[CompanyID],cmCompany,tblNilReturn[PeriodKey],cpActivePeriod)} -> 0 | G56: {=COUNTIFS(STG_ActiveFact[CompanyID],cmCompany)} -> 0 | H56: {=SUMIFS(STG_ActiveFact[GrossAmountTRY],STG_ActiveFact[CompanyID],cmCompany)} -> 0 | I56: {=IF((cmExpected="N")*(cmFiles=0),"n/a",IF(((cmExpected="Y")*(cmFiles=0)*(cmNil=0))+(cmFiles>1)+((cmExpected="N")*(cmFiles>0))+(cmRecon="REVIEW")+(cmRecon="NO INPUT")+(cmChrono>0)+(cmDup>0)+(cmMissFX>0)+(cmOOP>0)+(cmDQ>0)+(cmOutliers>0)>0,"REVIEW","OK"))} -> n/a | J56: {=IF(cmStatus="n/a","Not expected this period.",IF(cmStatus="OK",IF(cmNil>0,"Nil return recorded.","No findings."),TRIM(IF((cmExpected="Y")*(cmFiles=0)*(cmNil=0),"No file delivered. ","")&IF(cmNil>0,"Nil return recorded. ","")&IF(cmFiles>1,cmFiles&" copies of the file. ","")&IF((cmExpected="N")*(cmFiles>0),"File from a company not expected this period. ","")&IF(cmRecon="REVIEW","Reconciliation variance. ","")&IF(cmRecon="NO INPUT","No independent total on Recon. ","")&IF(cmChrono>0,cmChrono&" chronology break(s). ","")&IF(cmDup>0,cmDup&" duplicate-key line(s). ","")&IF(cmMissFX>0,cmMissFX&" line(s) without FX rate. ","")&IF(cmOOP>0,cmOOP&" line(s) paid outside the file period. ","")&IF(cmDQ>0,cmDQ&" data-quality issue(s) - see STG_DQ. ","")&IF(cmOutliers>0,cmOutliers&" large payment(s) to review. ",""))))} -> Not expected this period. | K56: {=IF(COUNTIFS(tblRecon[PeriodKey],cpActivePeriod,tblRecon[CompanyID],cmCompany)=0,IF(cmLines=0,"n/a","NO INPUT"),IF(COUNTIFS(tblRecon[PeriodKey],cpActivePeriod,tblRecon[CompanyID],cmCompany,tblRecon[Status],"REVIEW")>0,"REVIEW","OK"))} -> n/a | L56: {=SUMIFS(STG_ActiveFact[ChronoViolation],STG_ActiveFact[CompanyID],cmCompany)} -> 0 | M56: {=SUMIFS(STG_ActiveFact[IsDuplicateKey],STG_ActiveFact[CompanyID],cmCompany)} -> 0 | N56: {=SUMIFS(STG_ActiveFact[FXRateMissing],STG_ActiveFact[CompanyID],cmCompany)} -> 0 | O56: {=SUMIFS(STG_ActiveFact[PaymentOutsidePeriod],STG_ActiveFact[CompanyID],cmCompany)} -> 0

Sheet Dashboard
A1: Payments dashboard
A2: {=IF(prmSetupCompletedOn="",_xlfn.XLOOKUP("NODATA",tblUIText[Key],tblUIText[Text],"NODATA"),"")} -> Henüz veri yok – Kurulum'u tamamlayın (Giriş sayfası). No data yet – complete Setup (Home).
A3: Active period | B3: =cpActivePeriod -> 0 | C3: Closing status | D3: =cpOverallStatus -> REVIEW | E3: REVIEW checks | F3: =cpReviewCount -> 2 | G3: Four-eyes | H3: =cpSubmission -> Not submitted
A4: Close gate | B4: =cpCloseGate -> BLOCKED: staging is not current or the refresh was not logged - run Refresh
A12: Total payments (TRY) | C12: Net payments (TRY) | E12: Distinct cases | G12: Month-over-month | I12: Avg days notification to payment | K12: Selection
A13: =IFERROR(CUBEVALUE("ThisWorkbookDataModel","[Measures].[Total Payments TRY]",Slicer_YearMonth,Slicer_CompanyType,Slicer_CurrencyCode),"-") | C13: =IFERROR(CUBEVALUE("ThisWorkbookDataModel","[Measures].[Net Payments TRY]",Slicer_YearMonth,Slicer_CompanyType,Slicer_CurrencyCode),"-") | E13: =IFERROR(CUBEVALUE("ThisWorkbookDataModel","[Measures].[Distinct Cases]",Slicer_YearMonth,Slicer_CompanyType,Slicer_CurrencyCode),"-") | G13: =IFERROR(CUBEVALUE("ThisWorkbookDataModel","[Measures].[MoM Change %]",Slicer_YearMonth,Slicer_CompanyType,Slicer_CurrencyCode),"-") | I13: =IFERROR(CUBEVALUE("ThisWorkbookDataModel","[Measures].[Avg Days Notification to Payment]",Slicer_YearMonth,Slicer_CompanyType,Slicer_CurrencyCode),"-") | K13: {=IFERROR(CUBERANKEDMEMBER("ThisWorkbookDataModel",Slicer_YearMonth,1),"-")&IF(IFERROR(CUBESETCOUNT(Slicer_YearMonth),1)>1," (+"&(CUBESETCOUNT(Slicer_YearMonth)-1)&" more)","")} -> 2026-08
A14: {=_xlfn.TEXTJOIN(" ",TRUE,IF((tblKPICaveat[KPI]="Total Payments TRY")*(IFERROR(_xlfn.XLOOKUP(tblKPICaveat[CheckID],tblControl[CheckID],tblControl[Status]),"")="REVIEW"),tblKPICaveat[Caveat],""))} | C14: {=_xlfn.TEXTJOIN(" ",TRUE,IF((tblKPICaveat[KPI]="Net Payments TRY")*(IFERROR(_xlfn.XLOOKUP(tblKPICaveat[CheckID],tblControl[CheckID],tblControl[Status]),"")="REVIEW"),tblKPICaveat[Caveat],""))} | E14: {=_xlfn.TEXTJOIN(" ",TRUE,IF((tblKPICaveat[KPI]="Distinct Cases")*(IFERROR(_xlfn.XLOOKUP(tblKPICaveat[CheckID],tblControl[CheckID],tblControl[Status]),"")="REVIEW"),tblKPICaveat[Caveat],""))} | G14: {=_xlfn.TEXTJOIN(" ",TRUE,IF((tblKPICaveat[KPI]="MoM Change %")*(IFERROR(_xlfn.XLOOKUP(tblKPICaveat[CheckID],tblControl[CheckID],tblControl[Status]),"")="REVIEW"),tblKPICaveat[Caveat],""))} | I14: {=_xlfn.TEXTJOIN(" ",TRUE,IF((tblKPICaveat[KPI]="Avg Days Notification to Payment")*(IFERROR(_xlfn.XLOOKUP(tblKPICaveat[CheckID],tblControl[CheckID],tblControl[Status]),"")="REVIEW"),tblKPICaveat[Caveat],""))} | K14: {="Company type: "&IFERROR(CUBERANKEDMEMBER("ThisWorkbookDataModel",Slicer_CompanyType,1),"-")&" | Currency: "&IFERROR(CUBERANKEDMEMBER("ThisWorkbookDataModel",Slicer_CurrencyCode,1),"-")} -> Company type: All | Currency: All
A16: Model check (active period, all companies): | D16: =IFERROR(_xlfn.LET(_xlpm.p,"[DimDate].[PeriodKey].&["&cpActivePeriod&"]",_xlpm.t,CUBEVALUE("ThisWorkbookDataModel","[Measures].[Total Payments TRY]",_xlpm.p),_xlpm.l,CUBEVALUE("ThisWorkbookDataModel","[Measures].[Payment Lines]",_xlpm.p),_xlpm.d,CUBEVALUE("ThisWorkbookDataModel","[Measures].[Distinct Cases]",_xlpm.p),IF(AND(ROUND(N(_xlpm.t)-N(kpiTotalTRY),2)=0,N(_xlpm.l)=N(kpiLines),N(_xlpm.d)=N(kpiCases)),"OK","REVIEW")),"n/a") -> n/a | E16: Data Model (DAX) = worksheet recomputation on KPI_Check: total TRY, payment lines and distinct cases of the active period.
A17: Slicers filter the cards, the company, currency and days charts and the company table; the timeline filters the trend chart. Refresh selects the active month in the Year-month slicer.
A50: Checks in REVIEW (ControlPanel) | H50: Top data-quality issues in REVIEW (STG_DQ)
A51: {=IFERROR(_xlfn.TAKE(_xlfn._xlws.FILTER(_xlfn.HSTACK(tblControl[CheckID],tblControl[Finding]),tblControl[Status]="REVIEW"),8),"All checks are OK.")} -> STG_CURRENT | B51: No data yet - complete Setup (Home). | H51: {=IFERROR(_xlfn.TAKE(_xlfn.SORTBY(_xlfn._xlws.FILTER(_xlfn.HSTACK(STG_DQ[CompanyID],STG_DQ[IssueType],STG_DQ[AffectedCount],STG_DQ[Detail]),STG_DQ[Severity]="REVIEW"),_xlfn._xlws.FILTER(STG_DQ[AffectedCount],STG_DQ[Severity]="REVIEW"),-1),5),"No REVIEW issue in STG_DQ.")} -> No REVIEW issue in STG_DQ.
A52: COLUMNMAP_LOCK | B52: Kolon haritası kilitli değil / The column map is not locked: Backfill, Close and Rebuild store are blocked.
A68: Company overview for the selected month (Data Model pivot)
A70: CompanyLabel | B70: Total Payments TRY | C70: Net Payments TRY | D70: Distinct Cases | E70: Company Share of Total % | F70: MoM Change % | G70: Avg Days Notification to Payment | H70: Partial Payment Ratio %

Sheet Matrix
A1: Matrix - company x month (Total Payments TRY, heat map)
A2: Data Model pivot over the whole history (archive + active month). Filter with the slicers; double-click a value to list its payment lines (drill-through). Colour scale: low = light, high = dark.
A3: {=IF(prmSetupCompletedOn="",_xlfn.XLOOKUP("NODATA",tblUIText[Key],tblUIText[Text],"NODATA"),"")} -> Henüz veri yok – Kurulum'u tamamlayın (Giriş sayfası). No data yet – complete Setup (Home).
A12: Total Payments TRY | B12: Column Labels
A13: Row Labels

Sheet AN_Index
B1: =_xlfn.XLOOKUP("AN_IDX_TITLE",tblUIText[Key],tblUIText[TR],"AN_IDX_TITLE")&" / "&_xlfn.XLOOKUP("AN_IDX_TITLE",tblUIText[Key],tblUIText[EN],"") -> Analitik sayfalar / Analytics pages
B2: =_xlfn.XLOOKUP("AN_IDX_NOTE",tblUIText[Key],tblUIText[TR],"AN_IDX_NOTE")&" / "&_xlfn.XLOOKUP("AN_IDX_NOTE",tblUIText[Key],tblUIText[EN],"")&CHAR(10)&_xlfn.XLOOKUP("AN_HOWTO_INDEX",tblUIText[Key],tblUIText[TR],"AN_HOWTO_INDEX")&" / "&_xlfn.XLOOKUP("AN_HOWTO_INDEX",tblUIText[Key],tblUIText[EN],"") -> Her sayfa tek bir soruyu yanıtlar; her sayı KPI kataloğundaki bir tanıma dayanır. Segmentler hiçbir sayfada toplanmaz. / Each page answers one question; every figure traces to a definition in the KPI catalog. No page adds segments. Nasıl okunur: her satır bir sayfa; veri durumu yeşilse sayfa güvenilir veriyle çalışıyor, INSUFFICIENT DATA ise neden yazılı. / How to read: one row per page; green readiness means enough data, otherwise the reason is given.
B3: =_xlfn.XLOOKUP("AN_NAV_INDEX",tblUIText[Key],tblUIText[TR],"AN_NAV_INDEX") -> Dizin | D3: =HYPERLINK("#'AN_Exec_Life'!A1",_xlfn.XLOOKUP("AN_NAV_LIFE",tblUIText[Key],tblUIText[TR],"AN_NAV_LIFE")) -> Hayat | F3: =HYPERLINK("#'AN_Exec_Pension'!A1",_xlfn.XLOOKUP("AN_NAV_PENSION",tblUIText[Key],tblUIText[TR],"AN_NAV_PENSION")) -> Emeklilik | H3: =HYPERLINK("#'AN_Exec_NonLife'!A1",_xlfn.XLOOKUP("AN_NAV_NONLIFE",tblUIText[Key],tblUIText[TR],"AN_NAV_NONLIFE")) -> Elementer | J3: =HYPERLINK("#'AN_Trend'!A1",_xlfn.XLOOKUP("AN_NAV_TREND",tblUIText[Key],tblUIText[TR],"AN_NAV_TREND")) -> Eğilim | L3: =HYPERLINK("#'AN_Triangle'!A1",_xlfn.XLOOKUP("AN_NAV_TRIANGLE",tblUIText[Key],tblUIText[TR],"AN_NAV_TRIANGLE")) -> Üçgen | N3: =HYPERLINK("#'AN_Lags'!A1",_xlfn.XLOOKUP("AN_NAV_LAGS",tblUIText[Key],tblUIText[TR],"AN_NAV_LAGS")) -> Süreler | P3: =HYPERLINK("#'AN_Severity'!A1",_xlfn.XLOOKUP("AN_NAV_SEVERITY",tblUIText[Key],tblUIText[TR],"AN_NAV_SEVERITY")) -> Şiddet | R3: =HYPERLINK("#'AN_Limits'!A1",_xlfn.XLOOKUP("AN_NAV_LIMITS",tblUIText[Key],tblUIText[TR],"AN_NAV_LIMITS")) -> Limitler | T3: =HYPERLINK("#'AN_Anomaly'!A1",_xlfn.XLOOKUP("AN_NAV_ANOMALY",tblUIText[Key],tblUIText[TR],"AN_NAV_ANOMALY")) -> Anomali | V3: =HYPERLINK("#'AN_Watchlist'!A1",_xlfn.XLOOKUP("AN_NAV_WATCHLIST",tblUIText[Key],tblUIText[TR],"AN_NAV_WATCHLIST")) -> İzleme listesi | X3: =HYPERLINK("#'KPI_Catalog'!A1",_xlfn.XLOOKUP("AN_NAV_CATALOG",tblUIText[Key],tblUIText[TR],"AN_NAV_CATALOG")) -> KPI kataloğu | Z3: =HYPERLINK("#'Home'!A1",_xlfn.XLOOKUP("AN_NAV_HOME",tblUIText[Key],tblUIText[TR],"AN_NAV_HOME")) -> Ana sayfa
B5: =_xlfn.XLOOKUP("AN_IDX_COVERAGE",tblUIText[Key],tblUIText[TR],"AN_IDX_COVERAGE")&" / "&_xlfn.XLOOKUP("AN_IDX_COVERAGE",tblUIText[Key],tblUIText[EN],"") -> Veri kapsamı / Data coverage
B6: =_xlfn.XLOOKUP("AN_IDX_FIRST",tblUIText[Key],tblUIText[TR],"AN_IDX_FIRST")&" / "&_xlfn.XLOOKUP("AN_IDX_FIRST",tblUIText[Key],tblUIText[EN],"") -> İlk ay / First month | E6: {=IFERROR(_xlfn.TAKE(anMonthsAsc,1),"")}
B7: =_xlfn.XLOOKUP("AN_IDX_LAST",tblUIText[Key],tblUIText[TR],"AN_IDX_LAST")&" / "&_xlfn.XLOOKUP("AN_IDX_LAST",tblUIText[Key],tblUIText[EN],"") -> Son ay / Last month | E7: {=IFERROR(_xlfn.TAKE(anMonthsAsc,-1),"")}
B8: =_xlfn.XLOOKUP("AN_IDX_MONTHS",tblUIText[Key],tblUIText[TR],"AN_IDX_MONTHS")&" / "&_xlfn.XLOOKUP("AN_IDX_MONTHS",tblUIText[Key],tblUIText[EN],"") -> Ay sayısı / Months | E8: =IFERROR(ROWS(anMonthsAsc),0) -> 1
B9: =_xlfn.XLOOKUP("AN_LBL_REFRESH",tblUIText[Key],tblUIText[TR],"AN_LBL_REFRESH")&" / "&_xlfn.XLOOKUP("AN_LBL_REFRESH",tblUIText[Key],tblUIText[EN],"") -> Son yenileme / Last refresh | E9: =IFERROR(TEXT(cpLastLoggedRefresh,"yyyy-mm-dd hh:mm"),cpLastLoggedRefresh&"") -> none
B10: =_xlfn.XLOOKUP("AN_IDX_REF",tblUIText[Key],tblUIText[TR],"AN_IDX_REF")&" / "&_xlfn.XLOOKUP("AN_IDX_REF",tblUIText[Key],tblUIText[EN],"") -> Referans verisi / Reference data | E10: =RefData!$A$3 -> Referans verisi güncel; son yenileme: 2026-10-05 16:22 (release build) / Reference data in sync; last refreshed: 2026-10-05 16:22
B11: {=_xlfn.LET(_xlpm.rf,IFERROR(SUMPRODUCT(--(STG_Rejected[FileName]<>"")),0),_xlpm.u,SUMIFS(anSM_Lines,anSM_Seg,"Unassigned"),IF(_xlpm.rf>0,_xlfn.XLOOKUP("AN_MSG_REJECTED",tblUIText[Key],tblUIText[TR],"AN_MSG_REJECTED")&" / "&_xlfn.XLOOKUP("AN_MSG_REJECTED",tblUIText[Key],tblUIText[EN],"AN_MSG_REJECTED")&CHAR(10),"")&IF(_xlpm.u>0,_xlfn.XLOOKUP("AN_MSG_UNASSIGNED",tblUIText[Key],tblUIText[TR],"AN_MSG_UNASSIGNED")&" "&_xlpm.u&" / "&_xlfn.XLOOKUP("AN_MSG_UNASSIGNED",tblUIText[Key],tblUIText[EN],"AN_MSG_UNASSIGNED")&" "&_xlpm.u,""))}
B13: =_xlfn.XLOOKUP("AN_IDX_PAGE",tblUIText[Key],tblUIText[TR],"AN_IDX_PAGE")&" / "&_xlfn.XLOOKUP("AN_IDX_PAGE",tblUIText[Key],tblUIText[EN],"") -> Sayfa / Page | C13: =_xlfn.XLOOKUP("AN_IDX_QUESTION",tblUIText[Key],tblUIText[TR],"AN_IDX_QUESTION")&" / "&_xlfn.XLOOKUP("AN_IDX_QUESTION",tblUIText[Key],tblUIText[EN],"") -> Yanıtladığı soru / Question answered | H13: =_xlfn.XLOOKUP("AN_IDX_AUDIENCE",tblUIText[Key],tblUIText[TR],"AN_IDX_AUDIENCE")&" / "&_xlfn.XLOOKUP("AN_IDX_AUDIENCE",tblUIText[Key],tblUIText[EN],"") -> Kimin için / Audience | J13: =_xlfn.XLOOKUP("AN_IDX_TIER",tblUIText[Key],tblUIText[TR],"AN_IDX_TIER")&" / "&_xlfn.XLOOKUP("AN_IDX_TIER",tblUIText[Key],tblUIText[EN],"") -> Kademe / Tier | K13: =_xlfn.XLOOKUP("AN_IDX_READY",tblUIText[Key],tblUIText[TR],"AN_IDX_READY")&" / "&_xlfn.XLOOKUP("AN_IDX_READY",tblUIText[Key],tblUIText[EN],"") -> Veri durumu / Data readiness | R13: =_xlfn.XLOOKUP("AN_IDX_GO",tblUIText[Key],tblUIText[TR],"AN_IDX_GO")&" / "&_xlfn.XLOOKUP("AN_IDX_GO",tblUIText[Key],tblUIText[EN],"") -> Git / Go
B14: =_xlfn.XLOOKUP("AN_NAV_LIFE",tblUIText[Key],tblUIText[TR],"AN_NAV_LIFE")&" / "&_xlfn.XLOOKUP("AN_NAV_LIFE",tblUIText[Key],tblUIText[EN],"") -> Hayat / Life | C14: =_xlfn.XLOOKUP("AN_Q_EXEC",tblUIText[Key],tblUIText[TR],"AN_Q_EXEC")&" / "&_xlfn.XLOOKUP("AN_Q_EXEC",tblUIText[Key],tblUIText[EN],"") -> Bu segmentin bu ayki ödeme faaliyeti olağan mı? / Is this segment's payment activity normal this period? | H14: =_xlfn.XLOOKUP("AN_AUD_EXEC",tblUIText[Key],tblUIText[TR],"AN_AUD_EXEC")&" / "&_xlfn.XLOOKUP("AN_AUD_EXEC",tblUIText[Key],tblUIText[EN],"") -> Yönetici, gözden geçiren / Management, reviewer | J14: 1 | K14: {=IFERROR(_xlfn.LET(_xlpm.ms,_xlfn._xlws.SORT(_xlfn.UNIQUE(_xlfn._xlws.FILTER(anSM_YM,(anSM_Seg="Life")*(anSM_Lines<>"")))),_xlpm.last,_xlfn.TAKE(_xlpm.ms,-1),_xlpm.l,SUMIFS(anSM_Lines,anSM_Seg,"Life",anSM_YM,_xlpm.last),IF(_xlpm.l>=_xlfn.XLOOKUP("MinLinesForQuantile",AnParam[Param],AnParam[Value]),"OK","INSUFFICIENT DATA")&": "&ROWS(_xlpm.ms)&" "&_xlfn.XLOOKUP("AN_READY_MONTHS",tblUIText[Key],tblUIText[TR],"AN_READY_MONTHS")&" / "&_xlfn.XLOOKUP("AN_READY_MONTHS",tblUIText[Key],tblUIText[EN],"")&"; "&_xlpm.l&" "&_xlfn.XLOOKUP("AN_READY_LINES",tblUIText[Key],tblUIText[TR],"AN_READY_LINES")&" / "&_xlfn.XLOOKUP("AN_READY_LINES",tblUIText[Key],tblUIText[EN],"")),"INSUFFICIENT DATA")} -> INSUFFICIENT DATA | R14: =HYPERLINK("#'AN_Exec_Life'!A1","AN_Exec_Life") -> AN_Exec_Life
B15: =_xlfn.XLOOKUP("AN_NAV_PENSION",tblUIText[Key],tblUIText[TR],"AN_NAV_PENSION")&" / "&_xlfn.XLOOKUP("AN_NAV_PENSION",tblUIText[Key],tblUIText[EN],"") -> Emeklilik / Pension | C15: =_xlfn.XLOOKUP("AN_Q_EXEC",tblUIText[Key],tblUIText[TR],"AN_Q_EXEC")&" / "&_xlfn.XLOOKUP("AN_Q_EXEC",tblUIText[Key],tblUIText[EN],"") -> Bu segmentin bu ayki ödeme faaliyeti olağan mı? / Is this segment's payment activity normal this period? | H15: =_xlfn.XLOOKUP("AN_AUD_EXEC",tblUIText[Key],tblUIText[TR],"AN_AUD_EXEC")&" / "&_xlfn.XLOOKUP("AN_AUD_EXEC",tblUIText[Key],tblUIText[EN],"") -> Yönetici, gözden geçiren / Management, reviewer | J15: 1 | K15: {=IFERROR(_xlfn.LET(_xlpm.ms,_xlfn._xlws.SORT(_xlfn.UNIQUE(_xlfn._xlws.FILTER(anSM_YM,(anSM_Seg="Pension")*(anSM_Lines<>"")))),_xlpm.last,_xlfn.TAKE(_xlpm.ms,-1),_xlpm.l,SUMIFS(anSM_Lines,anSM_Seg,"Pension",anSM_YM,_xlpm.last),IF(_xlpm.l>=_xlfn.XLOOKUP("MinLinesForQuantile",AnParam[Param],AnParam[Value]),"OK","INSUFFICIENT DATA")&": "&ROWS(_xlpm.ms)&" "&_xlfn.XLOOKUP("AN_READY_MONTHS",tblUIText[Key],tblUIText[TR],"AN_READY_MONTHS")&" / "&_xlfn.XLOOKUP("AN_READY_MONTHS",tblUIText[Key],tblUIText[EN],"")&"; "&_xlpm.l&" "&_xlfn.XLOOKUP("AN_READY_LINES",tblUIText[Key],tblUIText[TR],"AN_READY_LINES")&" / "&_xlfn.XLOOKUP("AN_READY_LINES",tblUIText[Key],tblUIText[EN],"")),"INSUFFICIENT DATA")} -> INSUFFICIENT DATA | R15: =HYPERLINK("#'AN_Exec_Pension'!A1","AN_Exec_Pension") -> AN_Exec_Pension
B16: =_xlfn.XLOOKUP("AN_NAV_NONLIFE",tblUIText[Key],tblUIText[TR],"AN_NAV_NONLIFE")&" / "&_xlfn.XLOOKUP("AN_NAV_NONLIFE",tblUIText[Key],tblUIText[EN],"") -> Elementer / Non-life | C16: =_xlfn.XLOOKUP("AN_Q_EXEC",tblUIText[Key],tblUIText[TR],"AN_Q_EXEC")&" / "&_xlfn.XLOOKUP("AN_Q_EXEC",tblUIText[Key],tblUIText[EN],"") -> Bu segmentin bu ayki ödeme faaliyeti olağan mı? / Is this segment's payment activity normal this period? | H16: =_xlfn.XLOOKUP("AN_AUD_EXEC",tblUIText[Key],tblUIText[TR],"AN_AUD_EXEC")&" / "&_xlfn.XLOOKUP("AN_AUD_EXEC",tblUIText[Key],tblUIText[EN],"") -> Yönetici, gözden geçiren / Management, reviewer | J16: 1 | K16: {=IFERROR(_xlfn.LET(_xlpm.ms,_xlfn._xlws.SORT(_xlfn.UNIQUE(_xlfn._xlws.FILTER(anSM_YM,(anSM_Seg="Non-life")*(anSM_Lines<>"")))),_xlpm.last,_xlfn.TAKE(_xlpm.ms,-1),_xlpm.l,SUMIFS(anSM_Lines,anSM_Seg,"Non-life",anSM_YM,_xlpm.last),IF(_xlpm.l>=_xlfn.XLOOKUP("MinLinesForQuantile",AnParam[Param],AnParam[Value]),"OK","INSUFFICIENT DATA")&": "&ROWS(_xlpm.ms)&" "&_xlfn.XLOOKUP("AN_READY_MONTHS",tblUIText[Key],tblUIText[TR],"AN_READY_MONTHS")&" / "&_xlfn.XLOOKUP("AN_READY_MONTHS",tblUIText[Key],tblUIText[EN],"")&"; "&_xlpm.l&" "&_xlfn.XLOOKUP("AN_READY_LINES",tblUIText[Key],tblUIText[TR],"AN_READY_LINES")&" / "&_xlfn.XLOOKUP("AN_READY_LINES",tblUIText[Key],tblUIText[EN],"")),"INSUFFICIENT DATA")} -> INSUFFICIENT DATA | R16: =HYPERLINK("#'AN_Exec_NonLife'!A1","AN_Exec_NonLife") -> AN_Exec_NonLife
B17: =_xlfn.XLOOKUP("AN_NAV_TREND",tblUIText[Key],tblUIText[TR],"AN_NAV_TREND")&" / "&_xlfn.XLOOKUP("AN_NAV_TREND",tblUIText[Key],tblUIText[EN],"") -> Eğilim / Trend | C17: =_xlfn.XLOOKUP("AN_Q_TREND",tblUIText[Key],tblUIText[TR],"AN_Q_TREND")&" / "&_xlfn.XLOOKUP("AN_Q_TREND",tblUIText[Key],tblUIText[EN],"") -> Ödemeler mevsimsel olarak ve geçen yıla göre nasıl gelişiyor? / How do payments evolve, seasonally and versus last year? | H17: =_xlfn.XLOOKUP("AN_AUD_ACT",tblUIText[Key],tblUIText[TR],"AN_AUD_ACT")&" / "&_xlfn.XLOOKUP("AN_AUD_ACT",tblUIText[Key],tblUIText[EN],"") -> Aktüer, analist / Actuary, analyst | J17: 1 | K17: =IFERROR(_xlfn.LET(_xlpm.n,IFERROR(ROWS(anMonthsAsc),0),_xlpm.si,_xlfn.XLOOKUP("MinMonthsForSeasonalIndex",AnParam[Param],AnParam[Value]),"OK: "&_xlpm.n&" "&_xlfn.XLOOKUP("AN_READY_MONTHS",tblUIText[Key],tblUIText[TR],"AN_READY_MONTHS")&" / "&_xlfn.XLOOKUP("AN_READY_MONTHS",tblUIText[Key],tblUIText[EN],"")&"; "&_xlfn.XLOOKUP("AN_TR_SI",tblUIText[Key],tblUIText[TR],"AN_TR_SI")&" / "&_xlfn.XLOOKUP("AN_TR_SI",tblUIText[Key],tblUIText[EN],"")&": "&IF(_xlpm.n>=_xlpm.si,"OK","INSUFFICIENT DATA ("&_xlpm.si&")")&"; "&_xlfn.XLOOKUP("AN_TR_FORECAST",tblUIText[Key],tblUIText[TR],"AN_TR_FORECAST")&" / "&_xlfn.XLOOKUP("AN_TR_FORECAST",tblUIText[Key],tblUIText[EN],"")&": "&IF(_xlpm.n>=24,"OK","INSUFFICIENT DATA (24)")),"INSUFFICIENT DATA") -> OK: 1 ay veri / months of data; Mevsim endeksi / Seasonal index: INSUFFICIENT DATA (36); Tahmin / Forecast: INSUFFICIENT DATA (24) | R17: =HYPERLINK("#'AN_Trend'!A1","AN_Trend") -> AN_Trend
B18: =_xlfn.XLOOKUP("AN_NAV_TRIANGLE",tblUIText[Key],tblUIText[TR],"AN_NAV_TRIANGLE")&" / "&_xlfn.XLOOKUP("AN_NAV_TRIANGLE",tblUIText[Key],tblUIText[EN],"") -> Üçgen / Triangle | C18: =_xlfn.XLOOKUP("AN_Q_TRIANGLE",tblUIText[Key],tblUIText[TR],"AN_Q_TRIANGLE")&" / "&_xlfn.XLOOKUP("AN_Q_TRIANGLE",tblUIText[Key],tblUIText[EN],"") -> Ödenen tutarlar hasardan sonra nasıl gelişiyor? / How do paid amounts develop after loss? | H18: =_xlfn.XLOOKUP("AN_AUD_ACT",tblUIText[Key],tblUIText[TR],"AN_AUD_ACT")&" / "&_xlfn.XLOOKUP("AN_AUD_ACT",tblUIText[Key],tblUIText[EN],"") -> Aktüer, analist / Actuary, analyst | J18: 1 | K18: {=IFERROR(_xlfn.LET(_xlpm.f,--SUBSTITUTE(_xlfn.TAKE(anMonthsAsc,1),"-",""),_xlpm.l,_xlfn.UNIQUE(_xlfn._xlws.FILTER(anTRI_Loss,anTRI_Loss<>"")),_xlpm.pa,SUM(--(--_xlpm.l<_xlpm.f)),"OK; "&_xlpm.pa&" PARTIAL: "&_xlfn.XLOOKUP("AN_TRI_LOSSM",tblUIText[Key],tblUIText[TR],"AN_TRI_LOSSM")&" / "&_xlfn.XLOOKUP("AN_TRI_LOSSM",tblUIText[Key],tblUIText[EN],"")),"INSUFFICIENT DATA")} -> INSUFFICIENT DATA | R18: =HYPERLINK("#'AN_Triangle'!A1","AN_Triangle") -> AN_Triangle
B19: =_xlfn.XLOOKUP("AN_NAV_LAGS",tblUIText[Key],tblUIText[TR],"AN_NAV_LAGS")&" / "&_xlfn.XLOOKUP("AN_NAV_LAGS",tblUIText[Key],tblUIText[EN],"") -> Süreler / Lags | C19: =_xlfn.XLOOKUP("AN_Q_LAGS",tblUIText[Key],tblUIText[TR],"AN_Q_LAGS")&" / "&_xlfn.XLOOKUP("AN_Q_LAGS",tblUIText[Key],tblUIText[EN],"") -> Dosyalar ne kadar hızlı ilerliyor? / How fast do cases move? | H19: =_xlfn.XLOOKUP("AN_AUD_ACT",tblUIText[Key],tblUIText[TR],"AN_AUD_ACT")&" / "&_xlfn.XLOOKUP("AN_AUD_ACT",tblUIText[Key],tblUIText[EN],"") -> Aktüer, analist / Actuary, analyst | J19: 1 | K19: {=IFERROR("OK: "&anNum(SUM(anLAGALL_L2P_N),0)&" "&_xlfn.XLOOKUP("AN_LAG_N",tblUIText[Key],tblUIText[TR],"AN_LAG_N")&" / "&_xlfn.XLOOKUP("AN_LAG_N",tblUIText[Key],tblUIText[EN],"")&" ("&_xlfn.XLOOKUP("AN_ST_L2P",tblUIText[Key],tblUIText[TR],"AN_ST_L2P")&" / "&_xlfn.XLOOKUP("AN_ST_L2P",tblUIText[Key],tblUIText[EN],"")&")","INSUFFICIENT DATA")} -> OK: 0 Adet / Count (Hasar → ödeme / Loss → payment) | R19: =HYPERLINK("#'AN_Lags'!A1","AN_Lags") -> AN_Lags
B20: =_xlfn.XLOOKUP("AN_NAV_SEVERITY",tblUIText[Key],tblUIText[TR],"AN_NAV_SEVERITY")&" / "&_xlfn.XLOOKUP("AN_NAV_SEVERITY",tblUIText[Key],tblUIText[EN],"") -> Şiddet / Severity | C20: =_xlfn.XLOOKUP("AN_Q_SEVERITY",tblUIText[Key],tblUIText[TR],"AN_Q_SEVERITY")&" / "&_xlfn.XLOOKUP("AN_Q_SEVERITY",tblUIText[Key],tblUIText[EN],"") -> Ödemeler ne kadar büyük ve kuyruk ne kadar ağır? / How large are the payments and how heavy is the tail? | H20: =_xlfn.XLOOKUP("AN_AUD_ACT",tblUIText[Key],tblUIText[TR],"AN_AUD_ACT")&" / "&_xlfn.XLOOKUP("AN_AUD_ACT",tblUIText[Key],tblUIText[EN],"") -> Aktüer, analist / Actuary, analyst | J20: 1 | K20: {=IFERROR("OK: "&anNum(COUNT(anCASE_Paid),0)&" "&_xlfn.XLOOKUP("AN_SEV_N",tblUIText[Key],tblUIText[TR],"AN_SEV_N")&" / "&_xlfn.XLOOKUP("AN_SEV_N",tblUIText[Key],tblUIText[EN],""),"INSUFFICIENT DATA")} -> OK: 0 Dosya / Cases | R20: =HYPERLINK("#'AN_Severity'!A1","AN_Severity") -> AN_Severity
B21: =_xlfn.XLOOKUP("AN_NAV_LIMITS",tblUIText[Key],tblUIText[TR],"AN_NAV_LIMITS")&" / "&_xlfn.XLOOKUP("AN_NAV_LIMITS",tblUIText[Key],tblUIText[EN],"") -> Limitler / Limits | C21: =_xlfn.XLOOKUP("AN_Q_LIMITS",tblUIText[Key],tblUIText[TR],"AN_Q_LIMITS")&" / "&_xlfn.XLOOKUP("AN_Q_LIMITS",tblUIText[Key],tblUIText[EN],"") -> Ödemeler teminat limitleri ve ilk muallaklarla nasıl karşılaştırılır? / How do payments compare with limits and initial reserves? | H21: =_xlfn.XLOOKUP("AN_AUD_ACT",tblUIText[Key],tblUIText[TR],"AN_AUD_ACT")&" / "&_xlfn.XLOOKUP("AN_AUD_ACT",tblUIText[Key],tblUIText[EN],"") -> Aktüer, analist / Actuary, analyst | J21: 2 | K21: {=IFERROR("OK: "&anNum(COUNT(anCASE_Cover),0)&" "&_xlfn.XLOOKUP("AN_LIM_N",tblUIText[Key],tblUIText[TR],"AN_LIM_N")&" / "&_xlfn.XLOOKUP("AN_LIM_N",tblUIText[Key],tblUIText[EN],""),"INSUFFICIENT DATA")} -> OK: 0 Dosya (oranlı) / Cases (with a ratio) | R21: =HYPERLINK("#'AN_Limits'!A1","AN_Limits") -> AN_Limits
B22: =_xlfn.XLOOKUP("AN_NAV_ANOMALY",tblUIText[Key],tblUIText[TR],"AN_NAV_ANOMALY")&" / "&_xlfn.XLOOKUP("AN_NAV_ANOMALY",tblUIText[Key],tblUIText[EN],"") -> Anomali / Anomaly | C22: =_xlfn.XLOOKUP("AN_Q_ANOMALY",tblUIText[Key],tblUIText[TR],"AN_Q_ANOMALY")&" / "&_xlfn.XLOOKUP("AN_Q_ANOMALY",tblUIText[Key],tblUIText[EN],"") -> Bir şirketin bu ayki ödemeleri kendi geçmişine göre istatistiksel olarak olağandışı mı? / Are a company's payments this month statistically unusual against its own history? | H22: =_xlfn.XLOOKUP("AN_AUD_ACT",tblUIText[Key],tblUIText[TR],"AN_AUD_ACT")&" / "&_xlfn.XLOOKUP("AN_AUD_ACT",tblUIText[Key],tblUIText[EN],"") -> Aktüer, analist / Actuary, analyst | J22: 1, 2 | K22: {=IFERROR("OK: "&IFERROR(ROWS(_xlfn.UNIQUE(_xlfn._xlws.FILTER(anCM_Comp,anCM_Comp<>""))),0)&" "&_xlfn.XLOOKUP("AN_ANO_COMPANIES",tblUIText[Key],tblUIText[TR],"AN_ANO_COMPANIES")&" / "&_xlfn.XLOOKUP("AN_ANO_COMPANIES",tblUIText[Key],tblUIText[EN],"")&"; "&IFERROR(ROWS(_xlfn.UNIQUE(_xlfn._xlws.FILTER(anCM_YM,anCM_YM<>""))),0)&" "&_xlfn.XLOOKUP("AN_READY_MONTHS",tblUIText[Key],tblUIText[TR],"AN_READY_MONTHS")&" / "&_xlfn.XLOOKUP("AN_READY_MONTHS",tblUIText[Key],tblUIText[EN],"")&" (DRAFT)","INSUFFICIENT DATA")} -> OK: 0 şirket / companies; 0 ay veri / months of data (DRAFT) | R22: =HYPERLINK("#'AN_Anomaly'!A1","AN_Anomaly") -> AN_Anomaly
B23: =_xlfn.XLOOKUP("AN_NAV_WATCHLIST",tblUIText[Key],tblUIText[TR],"AN_NAV_WATCHLIST")&" / "&_xlfn.XLOOKUP("AN_NAV_WATCHLIST",tblUIText[Key],tblUIText[EN],"") -> İzleme listesi / Watchlist | C23: =_xlfn.XLOOKUP("AN_Q_WATCHLIST",tblUIText[Key],tblUIText[TR],"AN_Q_WATCHLIST")&" / "&_xlfn.XLOOKUP("AN_Q_WATCHLIST",tblUIText[Key],tblUIText[EN],"") -> İncelemeci bu ay neye bakmalı? / What must the reviewer look at this month? | H23: =_xlfn.XLOOKUP("AN_AUD_REV",tblUIText[Key],tblUIText[TR],"AN_AUD_REV")&" / "&_xlfn.XLOOKUP("AN_AUD_REV",tblUIText[Key],tblUIText[EN],"") -> İncelemeci, aktüerya / Reviewer, actuarial | J23: 1 | K23: =IFERROR(IFERROR(AN_Watchlist!$AB$2,""),"INSUFFICIENT DATA") -> INSUFFICIENT DATA | R23: =HYPERLINK("#'AN_Watchlist'!A1","AN_Watchlist") -> AN_Watchlist
B24: =_xlfn.XLOOKUP("AN_NAV_RAWVIEW",tblUIText[Key],tblUIText[TR],"AN_NAV_RAWVIEW")&" / "&_xlfn.XLOOKUP("AN_NAV_RAWVIEW",tblUIText[Key],tblUIText[EN],"") -> Satırlar / Raw view | C24: =_xlfn.XLOOKUP("AN_Q_RAWVIEW",tblUIText[Key],tblUIText[TR],"AN_Q_RAWVIEW")&" / "&_xlfn.XLOOKUP("AN_Q_RAWVIEW",tblUIText[Key],tblUIText[EN],"") -> Seçilen şirket ve dönemlerin satırları neler, kayıtlı toplamlarla tutuyor mu? / What are the lines of the selected companies and months, and do they reconcile to the recorded totals? | H24: =_xlfn.XLOOKUP("AN_AUD_RAW",tblUIText[Key],tblUIText[TR],"AN_AUD_RAW")&" / "&_xlfn.XLOOKUP("AN_AUD_RAW",tblUIText[Key],tblUIText[EN],"") -> Analist, Hazırlayan, İncelemeci / Analyst, Preparer, Reviewer | J24: 1 | K24: =IFERROR(_xlfn.XLOOKUP("AN_RV_READY",tblUIText[Key],tblUIText[TR],"AN_RV_READY")&" / "&_xlfn.XLOOKUP("AN_RV_READY",tblUIText[Key],tblUIText[EN],""),"INSUFFICIENT DATA") -> Komutla doldurulur; satırlar dosyayla kaydedilmez / Filled by a command; the lines are never saved with the file | R24: =HYPERLINK("#'AN_RawView'!A1","AN_RawView") -> AN_RawView
B25: =_xlfn.XLOOKUP("AN_NAV_BACKTEST",tblUIText[Key],tblUIText[TR],"AN_NAV_BACKTEST")&" / "&_xlfn.XLOOKUP("AN_NAV_BACKTEST",tblUIText[Key],tblUIText[EN],"") -> Tahmin testi / Forecast backtest | C25: =_xlfn.XLOOKUP("AN_Q_BACKTEST",tblUIText[Key],tblUIText[TR],"AN_Q_BACKTEST")&" / "&_xlfn.XLOOKUP("AN_Q_BACKTEST",tblUIText[Key],tblUIText[EN],"") -> AN_Trend tahmini geçmişte ne kadar isabetliydi ve aralığı gerçekleşenleri kapsadı mı? / How accurate was the AN_Trend forecast in the past, and did its interval cover the actual values? | H25: =_xlfn.XLOOKUP("AN_AUD_ACT",tblUIText[Key],tblUIText[TR],"AN_AUD_ACT")&" / "&_xlfn.XLOOKUP("AN_AUD_ACT",tblUIText[Key],tblUIText[EN],"") -> Aktüer, analist / Actuary, analyst | J25: 2 | K25: =IFERROR(IFERROR(AN_Backtest!$AB$2,""),"INSUFFICIENT DATA") -> INSUFFICIENT DATA: 0 months of data; the test needs at least 24 training months + 3 horizon months | R25: =HYPERLINK("#'AN_Backtest'!A1","AN_Backtest") -> AN_Backtest
B26: =_xlfn.XLOOKUP("AN_NAV_DISPERSION",tblUIText[Key],tblUIText[TR],"AN_NAV_DISPERSION")&" / "&_xlfn.XLOOKUP("AN_NAV_DISPERSION",tblUIText[Key],tblUIText[EN],"") -> Üçgen dağılımı / Triangle dispersion | C26: =_xlfn.XLOOKUP("AN_Q_DISPERSION",tblUIText[Key],tblUIText[TR],"AN_Q_DISPERSION")&" / "&_xlfn.XLOOKUP("AN_Q_DISPERSION",tblUIText[Key],tblUIText[EN],"") -> Zincir merdiven ek ödemeleri ne kadar belirsiz (Mack tipi standart hata)? / How uncertain are the chain-ladder further payments (Mack-style standard error)? | H26: =_xlfn.XLOOKUP("AN_AUD_ACT",tblUIText[Key],tblUIText[TR],"AN_AUD_ACT")&" / "&_xlfn.XLOOKUP("AN_AUD_ACT",tblUIText[Key],tblUIText[EN],"") -> Aktüer, analist / Actuary, analyst | J26: 2 | K26: =IFERROR(IFERROR(AN_Dispersion!$AB$2,""),"INSUFFICIENT DATA") -> INSUFFICIENT DATA: 0 loss months that are not PARTIAL (at least 12) or a missing factor | R26: =HYPERLINK("#'AN_Dispersion'!A1","AN_Dispersion") -> AN_Dispersion
B27: =_xlfn.XLOOKUP("AN_NAV_TAILFIT",tblUIText[Key],tblUIText[TR],"AN_NAV_TAILFIT")&" / "&_xlfn.XLOOKUP("AN_NAV_TAILFIT",tblUIText[Key],tblUIText[EN],"") -> Kuyruk uyumu / Tail fit | C27: =_xlfn.XLOOKUP("AN_Q_TAILFIT",tblUIText[Key],tblUIText[TR],"AN_Q_TAILFIT")&" / "&_xlfn.XLOOKUP("AN_Q_TAILFIT",tblUIText[Key],tblUIText[EN],"") -> Dosya başı ödemelerin kuyruğu ne kadar ağır ve tahmin eşik seçimine göre ne kadar kararlı? / How heavy is the tail of paid per case, and how stable is the estimate across thresholds? | H27: =_xlfn.XLOOKUP("AN_AUD_ACT",tblUIText[Key],tblUIText[TR],"AN_AUD_ACT")&" / "&_xlfn.XLOOKUP("AN_AUD_ACT",tblUIText[Key],tblUIText[EN],"") -> Aktüer, analist / Actuary, analyst | J27: 2 | K27: =IFERROR(IFERROR(AN_TailFit!$AB$2,""),"INSUFFICIENT DATA") -> INSUFFICIENT DATA: 0 cases (at least 200) or 0 cases above the threshold (at least 10) | R27: =HYPERLINK("#'AN_TailFit'!A1","AN_TailFit") -> AN_TailFit
B28: =_xlfn.XLOOKUP("AN_NAV_METHOD",tblUIText[Key],tblUIText[TR],"AN_NAV_METHOD")&" / "&_xlfn.XLOOKUP("AN_NAV_METHOD",tblUIText[Key],tblUIText[EN],"") -> Yöntem dizini / Method index | C28: =_xlfn.XLOOKUP("AN_Q_METHOD",tblUIText[Key],tblUIText[TR],"AN_Q_METHOD")&" / "&_xlfn.XLOOKUP("AN_Q_METHOD",tblUIText[Key],tblUIText[EN],"") -> Her istatistiksel model nasıl hesaplanır; parametreleri, varsayımları, sınırları ve doğrulaması nedir? / How is each statistical model computed; what are its parameters, assumptions, limits and validation? | H28: =_xlfn.XLOOKUP("AN_AUD_ALL",tblUIText[Key],tblUIText[TR],"AN_AUD_ALL")&" / "&_xlfn.XLOOKUP("AN_AUD_ALL",tblUIText[Key],tblUIText[EN],"") -> Herkes / Everyone | J28: - | K28: =IFERROR("OK: "&COUNTA(tblMethod[ID])&" "&_xlfn.XLOOKUP("AN_READY_CARDS",tblUIText[Key],tblUIText[TR],"AN_READY_CARDS")&" / "&_xlfn.XLOOKUP("AN_READY_CARDS",tblUIText[Key],tblUIText[EN],""),"INSUFFICIENT DATA") -> OK: 9 model kartı / model cards | R28: =HYPERLINK("#'Method_Index'!A1","Method_Index") -> Method_Index
B29: =_xlfn.XLOOKUP("AN_NAV_SHEETMAP",tblUIText[Key],tblUIText[TR],"AN_NAV_SHEETMAP")&" / "&_xlfn.XLOOKUP("AN_NAV_SHEETMAP",tblUIText[Key],tblUIText[EN],"") -> Sayfa haritası / Sheet map | C29: =_xlfn.XLOOKUP("AN_Q_SHEETMAP",tblUIText[Key],tblUIText[TR],"AN_Q_SHEETMAP")&" / "&_xlfn.XLOOKUP("AN_Q_SHEETMAP",tblUIText[Key],tblUIText[EN],"") -> Çalışma kitabındaki her sayfa ne işe yarar, kim görür, kim günceller? / What is each sheet of the workbook for, who sees it and who maintains it? | H29: =_xlfn.XLOOKUP("AN_AUD_ALL",tblUIText[Key],tblUIText[TR],"AN_AUD_ALL")&" / "&_xlfn.XLOOKUP("AN_AUD_ALL",tblUIText[Key],tblUIText[EN],"") -> Herkes / Everyone | J29: - | K29: =IFERROR("OK: "&COUNTA(tblSheetMap[Sheet])&" "&_xlfn.XLOOKUP("AN_READY_SHEETS",tblUIText[Key],tblUIText[TR],"AN_READY_SHEETS")&" / "&_xlfn.XLOOKUP("AN_READY_SHEETS",tblUIText[Key],tblUIText[EN],""),"INSUFFICIENT DATA") -> OK: 61 sayfa / sheets | R29: =HYPERLINK("#'Sheet_Map'!A1","Sheet_Map") -> Sheet_Map
B30: =_xlfn.XLOOKUP("AN_NAV_CATALOG",tblUIText[Key],tblUIText[TR],"AN_NAV_CATALOG")&" / "&_xlfn.XLOOKUP("AN_NAV_CATALOG",tblUIText[Key],tblUIText[EN],"") -> KPI kataloğu / KPI catalog | C30: =_xlfn.XLOOKUP("AN_Q_CATALOG",tblUIText[Key],tblUIText[TR],"AN_Q_CATALOG")&" / "&_xlfn.XLOOKUP("AN_Q_CATALOG",tblUIText[Key],tblUIText[EN],"") -> Her gösterge nasıl tanımlanır? / How is each indicator defined? | H30: =_xlfn.XLOOKUP("AN_AUD_ALL",tblUIText[Key],tblUIText[TR],"AN_AUD_ALL")&" / "&_xlfn.XLOOKUP("AN_AUD_ALL",tblUIText[Key],tblUIText[EN],"") -> Herkes / Everyone | J30: - | K30: =IFERROR(COUNTIF(tblKPI[Status],"BUILT")&" BUILT / "&ROWS(tblKPI[KPI_ID]),"INSUFFICIENT DATA") -> 61 BUILT / 70 | R30: =HYPERLINK("#'KPI_Catalog'!A1","KPI_Catalog") -> KPI_Catalog
B31: =_xlfn.XLOOKUP("AN_NAV_THRESHOLD",tblUIText[Key],tblUIText[TR],"AN_NAV_THRESHOLD")&" / "&_xlfn.XLOOKUP("AN_NAV_THRESHOLD",tblUIText[Key],tblUIText[EN],"") -> Eşik kaydı / Thresholds | C31: =_xlfn.XLOOKUP("AN_Q_THRESHOLD",tblUIText[Key],tblUIText[TR],"AN_Q_THRESHOLD")&" / "&_xlfn.XLOOKUP("AN_Q_THRESHOLD",tblUIText[Key],tblUIText[EN],"") -> Hangi eşik hangi gerekçeyle? / Which threshold, on what rationale? | H31: =_xlfn.XLOOKUP("AN_AUD_ACT",tblUIText[Key],tblUIText[TR],"AN_AUD_ACT")&" / "&_xlfn.XLOOKUP("AN_AUD_ACT",tblUIText[Key],tblUIText[EN],"") -> Aktüer, analist / Actuary, analyst | J31: - | K31: =IFERROR(COUNTIF(tblThreshold[Status],"DRAFT")&" DRAFT / "&ROWS(tblThreshold[ThresholdID]),"INSUFFICIENT DATA") -> 17 DRAFT / 17 | R31: =HYPERLINK("#'Threshold_Register'!A1","Threshold_Register") -> Threshold_Register
B33: =_xlfn.XLOOKUP("AN_FOOT_AMOUNTS",tblUIText[Key],tblUIText[TR],"AN_FOOT_AMOUNTS")&" / "&_xlfn.XLOOKUP("AN_FOOT_AMOUNTS",tblUIText[Key],tblUIText[EN],"") -> Tutarlar ödeme günü TCMB kuruyla TL'dir; segmentler toplanmaz ve karşılaştırılmaz. Yalnızca ödenen veriler: rezerv, prim ve risk tutarı yoktur. / Amounts are TRY at the CBRT rate of the payment date; segments are never added or compared. Paid data only: no reserves, premium or exposure.

Sheet AN_Exec_Life
B1: {=_xlfn.XLOOKUP("AN_SEG_"&$AB$3,tblUIText[Key],tblUIText[TR],$AB$3)&": "&$AB$5&" "&_xlfn.XLOOKUP("AN_W_PAID",tblUIText[Key],tblUIText[TR],"AN_W_PAID")&" "&IF(ISNUMBER($AC$31),anNum($AC$31/1000000,1)&" "&_xlfn.XLOOKUP("AN_W_UNITM",tblUIText[Key],tblUIText[TR],"AN_W_UNITM"),"-")&IF(ISNUMBER($AD$31),", "&_xlfn.XLOOKUP("AN_T_VSPM",tblUIText[Key],tblUIText[TR],"AN_T_VSPM")&" "&anPctS($AD$31,1),"")&"; "&$AQ$12&" "&_xlfn.XLOOKUP("AN_W_OPEN_ALERTS",tblUIText[Key],tblUIText[TR],"AN_W_OPEN_ALERTS")} -> Hayat: ödemeleri -; 0 açık uyarı
B2: {=_xlfn.XLOOKUP("AN_SEG_"&$AB$3,tblUIText[Key],tblUIText[EN],$AB$3)&": "&_xlfn.XLOOKUP("AN_W_PAID",tblUIText[Key],tblUIText[EN],"AN_W_PAID")&" "&IF(ISNUMBER($AC$31),anNum($AC$31/1000000,1)&" "&_xlfn.XLOOKUP("AN_W_UNITM",tblUIText[Key],tblUIText[EN],"AN_W_UNITM"),"-")&" in "&$AB$5&IF(ISNUMBER($AD$31),", "&anPctS($AD$31,1)&" "&_xlfn.XLOOKUP("AN_T_VSPM",tblUIText[Key],tblUIText[EN],"AN_T_VSPM"),"")&"; "&$AQ$12&" "&_xlfn.XLOOKUP("AN_W_OPEN_ALERTS",tblUIText[Key],tblUIText[EN],"AN_W_OPEN_ALERTS")} -> Life: paid - in ; 0 open alert(s) | AB2: calc (hidden)
B3: =HYPERLINK("#'AN_Index'!A1",_xlfn.XLOOKUP("AN_NAV_INDEX",tblUIText[Key],tblUIText[TR],"AN_NAV_INDEX")) -> Dizin | D3: =_xlfn.XLOOKUP("AN_NAV_LIFE",tblUIText[Key],tblUIText[TR],"AN_NAV_LIFE") -> Hayat | F3: =HYPERLINK("#'AN_Exec_Pension'!A1",_xlfn.XLOOKUP("AN_NAV_PENSION",tblUIText[Key],tblUIText[TR],"AN_NAV_PENSION")) -> Emeklilik | H3: =HYPERLINK("#'AN_Exec_NonLife'!A1",_xlfn.XLOOKUP("AN_NAV_NONLIFE",tblUIText[Key],tblUIText[TR],"AN_NAV_NONLIFE")) -> Elementer | J3: =HYPERLINK("#'AN_Trend'!A1",_xlfn.XLOOKUP("AN_NAV_TREND",tblUIText[Key],tblUIText[TR],"AN_NAV_TREND")) -> Eğilim | L3: =HYPERLINK("#'AN_Triangle'!A1",_xlfn.XLOOKUP("AN_NAV_TRIANGLE",tblUIText[Key],tblUIText[TR],"AN_NAV_TRIANGLE")) -> Üçgen | N3: =HYPERLINK("#'AN_Lags'!A1",_xlfn.XLOOKUP("AN_NAV_LAGS",tblUIText[Key],tblUIText[TR],"AN_NAV_LAGS")) -> Süreler | P3: =HYPERLINK("#'AN_Severity'!A1",_xlfn.XLOOKUP("AN_NAV_SEVERITY",tblUIText[Key],tblUIText[TR],"AN_NAV_SEVERITY")) -> Şiddet | R3: =HYPERLINK("#'AN_Limits'!A1",_xlfn.XLOOKUP("AN_NAV_LIMITS",tblUIText[Key],tblUIText[TR],"AN_NAV_LIMITS")) -> Limitler | T3: =HYPERLINK("#'AN_Anomaly'!A1",_xlfn.XLOOKUP("AN_NAV_ANOMALY",tblUIText[Key],tblUIText[TR],"AN_NAV_ANOMALY")) -> Anomali | V3: =HYPERLINK("#'AN_Watchlist'!A1",_xlfn.XLOOKUP("AN_NAV_WATCHLIST",tblUIText[Key],tblUIText[TR],"AN_NAV_WATCHLIST")) -> İzleme listesi | X3: =HYPERLINK("#'KPI_Catalog'!A1",_xlfn.XLOOKUP("AN_NAV_CATALOG",tblUIText[Key],tblUIText[TR],"AN_NAV_CATALOG")) -> KPI kataloğu | Z3: =HYPERLINK("#'Home'!A1",_xlfn.XLOOKUP("AN_NAV_HOME",tblUIText[Key],tblUIText[TR],"AN_NAV_HOME")) -> Ana sayfa | AB3: Life
B4: =_xlfn.XLOOKUP("AN_EXEC_PURPOSE",tblUIText[Key],tblUIText[TR],"AN_EXEC_PURPOSE")&" / "&_xlfn.XLOOKUP("AN_EXEC_PURPOSE",tblUIText[Key],tblUIText[EN],"")&CHAR(10)&_xlfn.XLOOKUP("AN_HOWTO_EXEC",tblUIText[Key],tblUIText[TR],"AN_HOWTO_EXEC")&" / "&_xlfn.XLOOKUP("AN_HOWTO_EXEC",tblUIText[Key],tblUIText[EN],"") -> Bu segmentin seçilen aydaki ödeme faaliyeti olağan mı? / Is this segment's payment activity normal in the selected month? Nasıl okunur: altı kutucuk seçilen ayın değeri, önceki aya değişim, 12 aylık seyir ve durumdur; durum taslak eşiklere göre hesaplanır. Grafik bandı log ölçekte olağan aralığı gösterir. / How to read: six tiles give the selected month's value, change vs the previous month, a 12-month sparkline and a status against draft levels; the chart band shows the usual range on a log scale. | AB4: =COUNTIF($AB$8:$AB$31,"?*") -> 0
B5: Segment: | C5: =_xlfn.XLOOKUP("AN_SEG_"&$AB$3,tblUIText[Key],tblUIText[TR],$AB$3)&" / "&_xlfn.XLOOKUP("AN_SEG_"&$AB$3,tblUIText[Key],tblUIText[EN],$AB$3) -> Hayat / Life | I5: =_xlfn.XLOOKUP("AN_LBL_MONTH",tblUIText[Key],tblUIText[TR],"AN_LBL_MONTH")&" / "&_xlfn.XLOOKUP("AN_LBL_MONTH",tblUIText[Key],tblUIText[EN],"")&":" -> Ay / Month: | J5: Son ay / Latest | M5: =_xlfn.XLOOKUP("AN_LBL_REFRESH",tblUIText[Key],tblUIText[TR],"AN_LBL_REFRESH")&" / "&_xlfn.XLOOKUP("AN_LBL_REFRESH",tblUIText[Key],tblUIText[EN],"")&": "&IFERROR(TEXT(cpLastLoggedRefresh,"yyyy-mm-dd hh:mm"),cpLastLoggedRefresh&"") -> Son yenileme / Last refresh: none | AB5: {=IF($J$5=_xlfn.XLOOKUP("AN_LBL_LATEST",tblUIText[Key],tblUIText[TR],"AN_LBL_LATEST")&" / "&_xlfn.XLOOKUP("AN_LBL_LATEST",tblUIText[Key],tblUIText[EN],""),_xlfn.TAKE(_xlfn.ANCHORARRAY($AV$8),-1),$J$5)}
B6: {=_xlfn.XLOOKUP("AN_LBL_READINESS",tblUIText[Key],tblUIText[TR],"AN_LBL_READINESS")&" / "&_xlfn.XLOOKUP("AN_LBL_READINESS",tblUIText[Key],tblUIText[EN],"")&": "&_xlfn.LET(_xlpm.n,$AB$4,_xlpm.l,$AJ$31,_xlpm.mn,_xlfn.XLOOKUP("MinLinesForQuantile",AnParam[Param],AnParam[Value]),IF(N(_xlpm.l)<_xlpm.mn,"INSUFFICIENT DATA","OK")&": "&_xlpm.n&" "&_xlfn.XLOOKUP("AN_READY_MONTHS",tblUIText[Key],tblUIText[TR],"AN_READY_MONTHS")&" / "&_xlfn.XLOOKUP("AN_READY_MONTHS",tblUIText[Key],tblUIText[EN],"")&"; "&anNum(N(_xlpm.l),0)&" "&_xlfn.XLOOKUP("AN_READY_LINES",tblUIText[Key],tblUIText[TR],"AN_READY_LINES")&" / "&_xlfn.XLOOKUP("AN_READY_LINES",tblUIText[Key],tblUIText[EN],""))} -> Veri durumu / Data readiness: INSUFFICIENT DATA: 0 ay veri / months of data; 0 satır bu ay / lines this month | AB6: =IFERROR(MATCH($AB$5,_xlfn.ANCHORARRAY($AV$8),0),ROWS(_xlfn.ANCHORARRAY($AV$8))) -> 1
B7: {=_xlfn.LET(_xlpm.rl,IFERROR(SUM(STG_Rejected[Lines]),0),_xlpm.rf,IFERROR(SUMPRODUCT(--(STG_Rejected[FileName]<>"")),0),_xlpm.u,SUMIFS(anSM_Lines,anSM_Seg,"Unassigned"),IF(_xlpm.rf>0,SUBSTITUTE(SUBSTITUTE(_xlfn.XLOOKUP("AN_TAG_REJECTED",tblUIText[Key],tblUIText[TR],"AN_TAG_REJECTED"),"{0}",anNum(_xlpm.rl,0)),"{1}",_xlpm.rf)&" / "&SUBSTITUTE(SUBSTITUTE(_xlfn.XLOOKUP("AN_TAG_REJECTED",tblUIText[Key],tblUIText[EN],"AN_TAG_REJECTED"),"{0}",anNum(_xlpm.rl,0)),"{1}",_xlpm.rf),IF(_xlpm.u>0,SUBSTITUTE(_xlfn.XLOOKUP("AN_TAG_UNASSIGNED",tblUIText[Key],tblUIText[TR],"AN_TAG_UNASSIGNED"),"{0}",anNum(_xlpm.u,0))&" / "&SUBSTITUTE(_xlfn.XLOOKUP("AN_TAG_UNASSIGNED",tblUIText[Key],tblUIText[EN],"AN_TAG_UNASSIGNED"),"{0}",anNum(_xlpm.u,0)),"")))} | AB7: month | AC7: Paid | AD7: MoM | AE7: Cases | AF7: Mean | AG7: P90 | AH7: LagP50 | AI7: SLA | AJ7: Lines | AK7: PM | AL7: median | AM7: lower | AN7: upper | AQ7: band | AS7: tile | AT7: status | AU7: paid status parts
AB8: {=IFERROR(INDEX(_xlfn.ANCHORARRAY($AV$8),$AB$6-24+ROW()-7),"")} | AC8: {=IF($AB8="","",_xlfn.LET(_xlpm.r,_xlfn.XLOOKUP($AB$3&"|"&$AB8,anSM_Seg&"|"&anSM_YM,anSM_Paid,""),IF(ISBLANK(_xlpm.r),"",_xlpm.r)))} | AD8: {=IF($AB8="","",_xlfn.LET(_xlpm.r,_xlfn.XLOOKUP($AB$3&"|"&$AB8,anSM_Seg&"|"&anSM_YM,anSM_MoM,""),IF(ISBLANK(_xlpm.r),"",_xlpm.r)))} | AE8: {=IF($AB8="","",_xlfn.LET(_xlpm.r,_xlfn.XLOOKUP($AB$3&"|"&$AB8,anSM_Seg&"|"&anSM_YM,anSM_Cases,""),IF(ISBLANK(_xlpm.r),"",_xlpm.r)))} | AF8: {=IF($AB8="","",_xlfn.LET(_xlpm.r,_xlfn.XLOOKUP($AB$3&"|"&$AB8,anSM_Seg&"|"&anSM_YM,anSM_Mean,""),IF(ISBLANK(_xlpm.r),"",_xlpm.r)))} | AG8: {=IF($AB8="","",_xlfn.LET(_xlpm.r,_xlfn.XLOOKUP($AB$3&"|"&$AB8,anSM_Seg&"|"&anSM_YM,anSM_P90,""),IF(ISBLANK(_xlpm.r),"",_xlpm.r)))} | AH8: {=IF($AB8="","",_xlfn.LET(_xlpm.r,_xlfn.XLOOKUP($AB$3&"|"&$AB8,anSM_Seg&"|"&anSM_YM,anSM_LagP50,""),IF(ISBLANK(_xlpm.r),"",_xlpm.r)))} | AI8: {=IF($AB8="","",_xlfn.LET(_xlpm.r,_xlfn.XLOOKUP($AB$3&"|"&$AB8,anSM_Seg&"|"&anSM_YM,anSM_SLA,""),IF(ISBLANK(_xlpm.r),"",_xlpm.r)))} | AJ8: {=IF($AB8="","",_xlfn.LET(_xlpm.r,_xlfn.XLOOKUP($AB$3&"|"&$AB8,anSM_Seg&"|"&anSM_YM,anSM_Lines,""),IF(ISBLANK(_xlpm.r),"",_xlpm.r)))} | AK8: {=IF($AB8="","",_xlfn.LET(_xlpm.r,_xlfn.XLOOKUP($AB$3&"|"&$AB8,anSM_Seg&"|"&anSM_YM,anSM_PM,""),IF(ISBLANK(_xlpm.r),"",_xlpm.r)))} | AL8: =IF(OR($AB8="",$AQ$8=""),"",EXP($AQ$8)) | AM8: =IF(OR($AB8="",$AQ$9=""),"",EXP($AQ$8-$AQ$10*$AQ$9)) | AN8: =IF(OR($AB8="",$AQ$9=""),"",EXP($AQ$8+$AQ$10*$AQ$9)) | AQ8: {=_xlfn.LET(_xlpm.h,_xlfn._xlws.FILTER($AC$8:$AC$30,ISNUMBER($AC$8:$AC$30)*($AC$8:$AC$30>0),""),IFERROR(MEDIAN(LN(_xlpm.h)),""))} | AS8: =_xlfn.XLOOKUP("AN_T_PAID",tblUIText[Key],tblUIText[TR],"AN_T_PAID")&" / "&_xlfn.XLOOKUP("AN_T_PAID",tblUIText[Key],tblUIText[EN],"") -> Ödenen (mn TL) / Paid (TRY m) | AT8: =$B$13 -> INSUFFICIENT DATA | AU8: {=_xlfn.LET(_xlpm.m,_xlfn.XLOOKUP("PD01",tblThreshold[KPI_ID],tblThreshold[Method],""),_xlpm.rs,_xlfn.XLOOKUP("PD01",tblThreshold[KPI_ID],tblThreshold[Status],""),_xlpm.wl,_xlfn.XLOOKUP("PD01",tblThreshold[KPI_ID],tblThreshold[WatchLevel],""),_xlpm.al,_xlfn.XLOOKUP("PD01",tblThreshold[KPI_ID],tblThreshold[AlertLevel],""),_xlpm.mm,_xlfn.XLOOKUP("PD01",tblThreshold[KPI_ID],tblThreshold[MinMonths],0),_xlpm.mn,_xlfn.XLOOKUP("PD01",tblThreshold[KPI_ID],tblThreshold[MinN],0),_xlpm.per,IF(ISNUMBER(SEARCH("WATCH: 2",_xlfn.XLOOKUP("PD01",tblThreshold[KPI_ID],tblThreshold[Persistence],""))),2,1),_xlpm.hr,$AC$8:$AC$30,_xlpm.h,_xlfn._xlws.FILTER(_xlpm.hr,ISNUMBER(_xlpm.hr),""),_xlpm.x,$AC$31,_xlpm.xp,$AC$30,_xlpm.n,$AJ$31,_xlpm.side,IF(LEFT("PD01",2)="LG",1,2),_xlpm.pc,_xlfn.LAMBDA(_xlpm.l,IF(ISNUMBER(_xlpm.l),_xlpm.l,VALUE(SUBSTITUTE(_xlpm.l,"P",""))/100)),_xlpm.br,_xlfn.LAMBDA(_xlpm.v,_xlpm.lev,IF(NOT(ISNUMBER(_xlpm.v)),FALSE,_xlfn.SWITCH(_xlpm.m,"STAT_LOGZ",_xlfn.LET(_xlpm.lh,LN(_xlfn._xlws.FILTER(_xlpm.h,_xlpm.h>0)),_xlpm.md,MEDIAN(_xlpm.lh),_xlpm.sg,1.4826*MEDIAN(ABS(_xlpm.lh-_xlpm.md)),IF(OR(_xlpm.v<=0,_xlpm.sg=0),FALSE,ABS((LN(_xlpm.v)-_xlpm.md)/_xlpm.sg)>=_xlpm.lev)),"STAT_Z",_xlfn.LET(_xlpm.md,MEDIAN(_xlpm.h),_xlpm.mad,MEDIAN(ABS(_xlpm.h-_xlpm.md)),IF(_xlpm.mad=0,FALSE,ABS(0.6745*(_xlpm.v-_xlpm.md)/_xlpm.mad)>=_xlpm.lev)),"STAT_PCT",_xlfn.LET(_xlpm.q,_xlpm.pc(_xlpm.lev),OR(_xlpm.v>_xlfn.PERCENTILE.INC(_xlpm.h,_xlpm.q),AND(_xlpm.side=2,_xlpm.v<_xlfn.PERCENTILE.INC(_xlpm.h,1-_xlpm.q)))),"FIXED",_xlpm.v>=_xlpm.lev,FALSE))),_xlpm.sfx,IF(AND(_xlpm.m="FIXED",_xlpm.rs<>"APPROVED"),"*",IF(_xlpm.rs<>"APPROVED"," (draft)","")),IF(_xlpm.m="","—",IF(OR(NOT(ISNUMBER(_xlpm.x)),COUNT(_xlpm.h)<_xlpm.mm,N(_xlpm.n)<_xlpm.mn),"INSUFFICIENT DATA",IF(_xlpm.br(_xlpm.x,_xlpm.al),"ALERT"&_xlpm.sfx,IF(AND(_xlpm.br(_xlpm.x,_xlpm.wl),OR(_xlpm.per=1,_xlpm.br(_xlpm.xp,_xlpm.wl))),"WATCH"&_xlpm.sfx,"OK"&IF(_xlpm.sfx="*","*",""))))))} -> INSUFFICIENT DATA | AV8: {=_xlfn._xlws.SORT(_xlfn.UNIQUE(_xlfn._xlws.FILTER(anSM_YM,(anSM_Seg=$AB$3)*(anSM_Lines<>"")*(anSM_YM<>""),"")))}
B9: =_xlfn.XLOOKUP("AN_T_PAID",tblUIText[Key],tblUIText[TR],"AN_T_PAID")&" / "&_xlfn.XLOOKUP("AN_T_PAID",tblUIText[Key],tblUIText[EN],"") -> Ödenen (mn TL) / Paid (TRY m) | E9: =_xlfn.XLOOKUP("AN_T_CASES",tblUIText[Key],tblUIText[TR],"AN_T_CASES")&" / "&_xlfn.XLOOKUP("AN_T_CASES",tblUIText[Key],tblUIText[EN],"") -> Dosya sayısı / Cases | H9: =_xlfn.XLOOKUP("AN_T_MEAN",tblUIText[Key],tblUIText[TR],"AN_T_MEAN")&" / "&_xlfn.XLOOKUP("AN_T_MEAN",tblUIText[Key],tblUIText[EN],"") -> Dosya başına ort. (bin TL) / Mean per case (TRY k) | K9: =_xlfn.XLOOKUP("AN_T_P90",tblUIText[Key],tblUIText[TR],"AN_T_P90")&" / "&_xlfn.XLOOKUP("AN_T_P90",tblUIText[Key],tblUIText[EN],"") -> Dosya başına P90 (bin TL) / P90 per case (TRY k) | N9: =_xlfn.XLOOKUP("AN_T_LAG",tblUIText[Key],tblUIText[TR],"AN_T_LAG")&" / "&_xlfn.XLOOKUP("AN_T_LAG",tblUIText[Key],tblUIText[EN],"") -> Hasar→ödeme P50 (gün) / Loss→payment P50 (days) | Q9: =_xlfn.XLOOKUP("AN_T_SLA",tblUIText[Key],tblUIText[TR],"AN_T_SLA")&" / "&_xlfn.XLOOKUP("AN_T_SLA",tblUIText[Key],tblUIText[EN],"") -> Uçtan uca SLA aşımı / SLA breach, end to end | AB9: {=IFERROR(INDEX(_xlfn.ANCHORARRAY($AV$8),$AB$6-24+ROW()-7),"")} | AC9: {=IF($AB9="","",_xlfn.LET(_xlpm.r,_xlfn.XLOOKUP($AB$3&"|"&$AB9,anSM_Seg&"|"&anSM_YM,anSM_Paid,""),IF(ISBLANK(_xlpm.r),"",_xlpm.r)))} | AD9: {=IF($AB9="","",_xlfn.LET(_xlpm.r,_xlfn.XLOOKUP($AB$3&"|"&$AB9,anSM_Seg&"|"&anSM_YM,anSM_MoM,""),IF(ISBLANK(_xlpm.r),"",_xlpm.r)))} | AE9: {=IF($AB9="","",_xlfn.LET(_xlpm.r,_xlfn.XLOOKUP($AB$3&"|"&$AB9,anSM_Seg&"|"&anSM_YM,anSM_Cases,""),IF(ISBLANK(_xlpm.r),"",_xlpm.r)))} | AF9: {=IF($AB9="","",_xlfn.LET(_xlpm.r,_xlfn.XLOOKUP($AB$3&"|"&$AB9,anSM_Seg&"|"&anSM_YM,anSM_Mean,""),IF(ISBLANK(_xlpm.r),"",_xlpm.r)))} | AG9: {=IF($AB9="","",_xlfn.LET(_xlpm.r,_xlfn.XLOOKUP($AB$3&"|"&$AB9,anSM_Seg&"|"&anSM_YM,anSM_P90,""),IF(ISBLANK(_xlpm.r),"",_xlpm.r)))} | AH9: {=IF($AB9="","",_xlfn.LET(_xlpm.r,_xlfn.XLOOKUP($AB$3&"|"&$AB9,anSM_Seg&"|"&anSM_YM,anSM_LagP50,""),IF(ISBLANK(_xlpm.r),"",_xlpm.r)))} | AI9: {=IF($AB9="","",_xlfn.LET(_xlpm.r,_xlfn.XLOOKUP($AB$3&"|"&$AB9,anSM_Seg&"|"&anSM_YM,anSM_SLA,""),IF(ISBLANK(_xlpm.r),"",_xlpm.r)))} | AJ9: {=IF($AB9="","",_xlfn.LET(_xlpm.r,_xlfn.XLOOKUP($AB$3&"|"&$AB9,anSM_Seg&"|"&anSM_YM,anSM_Lines,""),IF(ISBLANK(_xlpm.r),"",_xlpm.r)))} | AK9: {=IF($AB9="","",_xlfn.LET(_xlpm.r,_xlfn.XLOOKUP($AB$3&"|"&$AB9,anSM_Seg&"|"&anSM_YM,anSM_PM,""),IF(ISBLANK(_xlpm.r),"",_xlpm.r)))} | AL9: =IF(OR($AB9="",$AQ$8=""),"",EXP($AQ$8)) | AM9: =IF(OR($AB9="",$AQ$9=""),"",EXP($AQ$8-$AQ$10*$AQ$9)) | AN9: =IF(OR($AB9="",$AQ$9=""),"",EXP($AQ$8+$AQ$10*$AQ$9)) | AQ9: {=_xlfn.LET(_xlpm.h,_xlfn._xlws.FILTER($AC$8:$AC$30,ISNUMBER($AC$8:$AC$30)*($AC$8:$AC$30>0),""),_xlpm.lh,LN(_xlpm.h),_xlpm.md,MEDIAN(_xlpm.lh),IFERROR(1.4826*MEDIAN(ABS(_xlpm.lh-_xlpm.md)),""))} | AS9: =_xlfn.XLOOKUP("AN_T_CASES",tblUIText[Key],tblUIText[TR],"AN_T_CASES")&" / "&_xlfn.XLOOKUP("AN_T_CASES",tblUIText[Key],tblUIText[EN],"") -> Dosya sayısı / Cases | AT9: =$E$13 -> — | AU9: {=_xlfn.LET(_xlpm.m,_xlfn.XLOOKUP("TI01",tblThreshold[KPI_ID],tblThreshold[Method],""),_xlpm.rs,_xlfn.XLOOKUP("TI01",tblThreshold[KPI_ID],tblThreshold[Status],""),_xlpm.mm,_xlfn.XLOOKUP("TI01",tblThreshold[KPI_ID],tblThreshold[MinMonths],12),_xlpm.hr,$AC$19:$AC$30,_xlpm.h,_xlfn._xlws.FILTER(_xlpm.hr,ISNUMBER(_xlpm.hr),""),_xlpm.x,$AD$31,_xlpm.pv,$AC$30,_xlpm.dn,_xlfn.XLOOKUP("MomDropLimit",AnParam[Param],AnParam[Value]),_xlpm.up,_xlfn.XLOOKUP("MomRiseLimit",AnParam[Param],AnParam[Value]),_xlpm.ms,_xlfn.XLOOKUP("MomMaterialityShare",AnParam[Param],AnParam[Value]),_xlpm.sfx,IF(_xlpm.rs<>"APPROVED"," (draft)",""),IF(_xlpm.m<>"MOM_RULE","—",IF(OR(NOT(ISNUMBER(_xlpm.x)),NOT(ISNUMBER(_xlpm.pv)),COUNT(_xlpm.h)<MIN(_xlpm.mm,12)),"INSUFFICIENT DATA",IF(_xlpm.pv<=_xlpm.ms*AVERAGE(_xlpm.h),"OK",IF(OR(_xlpm.x<=_xlpm.dn,_xlpm.x>=_xlpm.up),"WATCH"&_xlpm.sfx,"OK")))))} -> INSUFFICIENT DATA
B10: {=IF(ISNUMBER($AC$31),anNum($AC$31/1000000,1),"")} | E10: {=IF(ISNUMBER($AE$31),anNum($AE$31,0),"")} | H10: {=IF(ISNUMBER($AF$31),anNum($AF$31/1000,1),"")} | K10: {=IF(ISNUMBER($AG$31),anNum($AG$31/1000,1),"")} | N10: {=IF(ISNUMBER($AH$31),anNum($AH$31,1),"")} | Q10: {=IF(ISNUMBER($AI$31),anPct($AI$31,1),"")} | AB10: {=IFERROR(INDEX(_xlfn.ANCHORARRAY($AV$8),$AB$6-24+ROW()-7),"")} | AC10: {=IF($AB10="","",_xlfn.LET(_xlpm.r,_xlfn.XLOOKUP($AB$3&"|"&$AB10,anSM_Seg&"|"&anSM_YM,anSM_Paid,""),IF(ISBLANK(_xlpm.r),"",_xlpm.r)))} | AD10: {=IF($AB10="","",_xlfn.LET(_xlpm.r,_xlfn.XLOOKUP($AB$3&"|"&$AB10,anSM_Seg&"|"&anSM_YM,anSM_MoM,""),IF(ISBLANK(_xlpm.r),"",_xlpm.r)))} | AE10: {=IF($AB10="","",_xlfn.LET(_xlpm.r,_xlfn.XLOOKUP($AB$3&"|"&$AB10,anSM_Seg&"|"&anSM_YM,anSM_Cases,""),IF(ISBLANK(_xlpm.r),"",_xlpm.r)))} | AF10: {=IF($AB10="","",_xlfn.LET(_xlpm.r,_xlfn.XLOOKUP($AB$3&"|"&$AB10,anSM_Seg&"|"&anSM_YM,anSM_Mean,""),IF(ISBLANK(_xlpm.r),"",_xlpm.r)))} | AG10: {=IF($AB10="","",_xlfn.LET(_xlpm.r,_xlfn.XLOOKUP($AB$3&"|"&$AB10,anSM_Seg&"|"&anSM_YM,anSM_P90,""),IF(ISBLANK(_xlpm.r),"",_xlpm.r)))} | AH10: {=IF($AB10="","",_xlfn.LET(_xlpm.r,_xlfn.XLOOKUP($AB$3&"|"&$AB10,anSM_Seg&"|"&anSM_YM,anSM_LagP50,""),IF(ISBLANK(_xlpm.r),"",_xlpm.r)))} | AI10: {=IF($AB10="","",_xlfn.LET(_xlpm.r,_xlfn.XLOOKUP($AB$3&"|"&$AB10,anSM_Seg&"|"&anSM_YM,anSM_SLA,""),IF(ISBLANK(_xlpm.r),"",_xlpm.r)))} | AJ10: {=IF($AB10="","",_xlfn.LET(_xlpm.r,_xlfn.XLOOKUP($AB$3&"|"&$AB10,anSM_Seg&"|"&anSM_YM,anSM_Lines,""),IF(ISBLANK(_xlpm.r),"",_xlpm.r)))} | AK10: {=IF($AB10="","",_xlfn.LET(_xlpm.r,_xlfn.XLOOKUP($AB$3&"|"&$AB10,anSM_Seg&"|"&anSM_YM,anSM_PM,""),IF(ISBLANK(_xlpm.r),"",_xlpm.r)))} | AL10: =IF(OR($AB10="",$AQ$8=""),"",EXP($AQ$8)) | AM10: =IF(OR($AB10="",$AQ$9=""),"",EXP($AQ$8-$AQ$10*$AQ$9)) | AN10: =IF(OR($AB10="",$AQ$9=""),"",EXP($AQ$8+$AQ$10*$AQ$9)) | AQ10: =_xlfn.XLOOKUP("TrendBandWidth",AnParam[Param],AnParam[Value],2.5) -> 2.5 | AS10: =_xlfn.XLOOKUP("AN_T_MEAN",tblUIText[Key],tblUIText[TR],"AN_T_MEAN")&" / "&_xlfn.XLOOKUP("AN_T_MEAN",tblUIText[Key],tblUIText[EN],"") -> Dosya başına ort. (bin TL) / Mean per case (TRY k) | AT10: =$H$13 -> INSUFFICIENT DATA | AU10: {=_xlfn.LET(_xlpm.a,$AU$8,_xlpm.b,$AU$9,_xlpm.r,_xlfn.LAMBDA(_xlpm.s,IF(RIGHT(_xlpm.s,1)="*",1.5,IF(LEFT(_xlpm.s,5)="ALERT",4,IF(LEFT(_xlpm.s,5)="WATCH",3,IF(LEFT(_xlpm.s,2)="OK",2,IF(LEFT(_xlpm.s,5)="INSUF",1,0)))))),IF(_xlpm.r(_xlpm.a)>=_xlpm.r(_xlpm.b),_xlpm.a,_xlpm.b))} -> INSUFFICIENT DATA
B11: {=IF(ISNUMBER($AD$31),anPctS($AD$31,1)&" "&_xlfn.XLOOKUP("AN_T_VSPM_S",tblUIText[Key],tblUIText[TR],"AN_T_VSPM_S")&" / "&_xlfn.XLOOKUP("AN_T_VSPM_S",tblUIText[Key],tblUIText[EN],""),"")} | E11: {=IF(AND(ISNUMBER($AE$31),ISNUMBER($AE$30)),anPctS($AE$31/$AE$30-1,1)&" "&_xlfn.XLOOKUP("AN_T_VSPM_S",tblUIText[Key],tblUIText[TR],"AN_T_VSPM_S")&" / "&_xlfn.XLOOKUP("AN_T_VSPM_S",tblUIText[Key],tblUIText[EN],""),"")} | H11: {=IF(AND(ISNUMBER($AF$31),ISNUMBER($AF$30)),anPctS($AF$31/$AF$30-1,1)&" "&_xlfn.XLOOKUP("AN_T_VSPM_S",tblUIText[Key],tblUIText[TR],"AN_T_VSPM_S")&" / "&_xlfn.XLOOKUP("AN_T_VSPM_S",tblUIText[Key],tblUIText[EN],""),"")} | K11: {=IF(AND(ISNUMBER($AG$31),ISNUMBER($AG$30)),anPctS($AG$31/$AG$30-1,1)&" "&_xlfn.XLOOKUP("AN_T_VSPM_S",tblUIText[Key],tblUIText[TR],"AN_T_VSPM_S")&" / "&_xlfn.XLOOKUP("AN_T_VSPM_S",tblUIText[Key],tblUIText[EN],""),"")} | N11: {=IF(AND(ISNUMBER($AH$31),ISNUMBER($AH$30)),anSgn($AH$31-$AH$30,1)&" "&_xlfn.XLOOKUP("AN_W_DAYS",tblUIText[Key],tblUIText[TR],"AN_W_DAYS")&" / "&_xlfn.XLOOKUP("AN_W_DAYS",tblUIText[Key],tblUIText[EN],""),"")} | Q11: {=IF(AND(ISNUMBER($AI$31),ISNUMBER($AI$30)),anSgn(($AI$31-$AI$30)*100,1)&" "&_xlfn.XLOOKUP("AN_W_PP",tblUIText[Key],tblUIText[TR],"AN_W_PP")&" / "&_xlfn.XLOOKUP("AN_W_PP",tblUIText[Key],tblUIText[EN],""),"")} | AB11: {=IFERROR(INDEX(_xlfn.ANCHORARRAY($AV$8),$AB$6-24+ROW()-7),"")} | AC11: {=IF($AB11="","",_xlfn.LET(_xlpm.r,_xlfn.XLOOKUP($AB$3&"|"&$AB11,anSM_Seg&"|"&anSM_YM,anSM_Paid,""),IF(ISBLANK(_xlpm.r),"",_xlpm.r)))} | AD11: {=IF($AB11="","",_xlfn.LET(_xlpm.r,_xlfn.XLOOKUP($AB$3&"|"&$AB11,anSM_Seg&"|"&anSM_YM,anSM_MoM,""),IF(ISBLANK(_xlpm.r),"",_xlpm.r)))} | AE11: {=IF($AB11="","",_xlfn.LET(_xlpm.r,_xlfn.XLOOKUP($AB$3&"|"&$AB11,anSM_Seg&"|"&anSM_YM,anSM_Cases,""),IF(ISBLANK(_xlpm.r),"",_xlpm.r)))} | AF11: {=IF($AB11="","",_xlfn.LET(_xlpm.r,_xlfn.XLOOKUP($AB$3&"|"&$AB11,anSM_Seg&"|"&anSM_YM,anSM_Mean,""),IF(ISBLANK(_xlpm.r),"",_xlpm.r)))} | AG11: {=IF($AB11="","",_xlfn.LET(_xlpm.r,_xlfn.XLOOKUP($AB$3&"|"&$AB11,anSM_Seg&"|"&anSM_YM,anSM_P90,""),IF(ISBLANK(_xlpm.r),"",_xlpm.r)))} | AH11: {=IF($AB11="","",_xlfn.LET(_xlpm.r,_xlfn.XLOOKUP($AB$3&"|"&$AB11,anSM_Seg&"|"&anSM_YM,anSM_LagP50,""),IF(ISBLANK(_xlpm.r),"",_xlpm.r)))} | AI11: {=IF($AB11="","",_xlfn.LET(_xlpm.r,_xlfn.XLOOKUP($AB$3&"|"&$AB11,anSM_Seg&"|"&anSM_YM,anSM_SLA,""),IF(ISBLANK(_xlpm.r),"",_xlpm.r)))} | AJ11: {=IF($AB11="","",_xlfn.LET(_xlpm.r,_xlfn.XLOOKUP($AB$3&"|"&$AB11,anSM_Seg&"|"&anSM_YM,anSM_Lines,""),IF(ISBLANK(_xlpm.r),"",_xlpm.r)))} | AK11: {=IF($AB11="","",_xlfn.LET(_xlpm.r,_xlfn.XLOOKUP($AB$3&"|"&$AB11,anSM_Seg&"|"&anSM_YM,anSM_PM,""),IF(ISBLANK(_xlpm.r),"",_xlpm.r)))} | AL11: =IF(OR($AB11="",$AQ$8=""),"",EXP($AQ$8)) | AM11: =IF(OR($AB11="",$AQ$9=""),"",EXP($AQ$8-$AQ$10*$AQ$9)) | AN11: =IF(OR($AB11="",$AQ$9=""),"",EXP($AQ$8+$AQ$10*$AQ$9)) | AS11: =_xlfn.XLOOKUP("AN_T_P90",tblUIText[Key],tblUIText[TR],"AN_T_P90")&" / "&_xlfn.XLOOKUP("AN_T_P90",tblUIText[Key],tblUIText[EN],"") -> Dosya başına P90 (bin TL) / P90 per case (TRY k) | AT11: =$K$13 -> INSUFFICIENT DATA
AB12: {=IFERROR(INDEX(_xlfn.ANCHORARRAY($AV$8),$AB$6-24+ROW()-7),"")} | AC12: {=IF($AB12="","",_xlfn.LET(_xlpm.r,_xlfn.XLOOKUP($AB$3&"|"&$AB12,anSM_Seg&"|"&anSM_YM,anSM_Paid,""),IF(ISBLANK(_xlpm.r),"",_xlpm.r)))} | AD12: {=IF($AB12="","",_xlfn.LET(_xlpm.r,_xlfn.XLOOKUP($AB$3&"|"&$AB12,anSM_Seg&"|"&anSM_YM,anSM_MoM,""),IF(ISBLANK(_xlpm.r),"",_xlpm.r)))} | AE12: {=IF($AB12="","",_xlfn.LET(_xlpm.r,_xlfn.XLOOKUP($AB$3&"|"&$AB12,anSM_Seg&"|"&anSM_YM,anSM_Cases,""),IF(ISBLANK(_xlpm.r),"",_xlpm.r)))} | AF12: {=IF($AB12="","",_xlfn.LET(_xlpm.r,_xlfn.XLOOKUP($AB$3&"|"&$AB12,anSM_Seg&"|"&anSM_YM,anSM_Mean,""),IF(ISBLANK(_xlpm.r),"",_xlpm.r)))} | AG12: {=IF($AB12="","",_xlfn.LET(_xlpm.r,_xlfn.XLOOKUP($AB$3&"|"&$AB12,anSM_Seg&"|"&anSM_YM,anSM_P90,""),IF(ISBLANK(_xlpm.r),"",_xlpm.r)))} | AH12: {=IF($AB12="","",_xlfn.LET(_xlpm.r,_xlfn.XLOOKUP($AB$3&"|"&$AB12,anSM_Seg&"|"&anSM_YM,anSM_LagP50,""),IF(ISBLANK(_xlpm.r),"",_xlpm.r)))} | AI12: {=IF($AB12="","",_xlfn.LET(_xlpm.r,_xlfn.XLOOKUP($AB$3&"|"&$AB12,anSM_Seg&"|"&anSM_YM,anSM_SLA,""),IF(ISBLANK(_xlpm.r),"",_xlpm.r)))} | AJ12: {=IF($AB12="","",_xlfn.LET(_xlpm.r,_xlfn.XLOOKUP($AB$3&"|"&$AB12,anSM_Seg&"|"&anSM_YM,anSM_Lines,""),IF(ISBLANK(_xlpm.r),"",_xlpm.r)))} | AK12: {=IF($AB12="","",_xlfn.LET(_xlpm.r,_xlfn.XLOOKUP($AB$3&"|"&$AB12,anSM_Seg&"|"&anSM_YM,anSM_PM,""),IF(ISBLANK(_xlpm.r),"",_xlpm.r)))} | AL12: =IF(OR($AB12="",$AQ$8=""),"",EXP($AQ$8)) | AM12: =IF(OR($AB12="",$AQ$9=""),"",EXP($AQ$8-$AQ$10*$AQ$9)) | AN12: =IF(OR($AB12="",$AQ$9=""),"",EXP($AQ$8+$AQ$10*$AQ$9)) | AQ12: {=SUMPRODUCT(((LEFT($AT$8:$AT$13,5)="WATCH")+(LEFT($AT$8:$AT$13,5)="ALERT"))*(RIGHT($AT$8:$AT$13,1)<>"*"))} -> 0 | AS12: =_xlfn.XLOOKUP("AN_T_LAG",tblUIText[Key],tblUIText[TR],"AN_T_LAG")&" / "&_xlfn.XLOOKUP("AN_T_LAG",tblUIText[Key],tblUIText[EN],"") -> Hasar→ödeme P50 (gün) / Loss→payment P50 (days) | AT12: =$N$13 -> INSUFFICIENT DATA
B13: =$AU$10 -> INSUFFICIENT DATA | E13: {=_xlfn.LET(_xlpm.m,_xlfn.XLOOKUP("CT02",tblThreshold[KPI_ID],tblThreshold[Method],""),_xlpm.rs,_xlfn.XLOOKUP("CT02",tblThreshold[KPI_ID],tblThreshold[Status],""),_xlpm.wl,_xlfn.XLOOKUP("CT02",tblThreshold[KPI_ID],tblThreshold[WatchLevel],""),_xlpm.al,_xlfn.XLOOKUP("CT02",tblThreshold[KPI_ID],tblThreshold[AlertLevel],""),_xlpm.mm,_xlfn.XLOOKUP("CT02",tblThreshold[KPI_ID],tblThreshold[MinMonths],0),_xlpm.mn,_xlfn.XLOOKUP("CT02",tblThreshold[KPI_ID],tblThreshold[MinN],0),_xlpm.per,IF(ISNUMBER(SEARCH("WATCH: 2",_xlfn.XLOOKUP("CT02",tblThreshold[KPI_ID],tblThreshold[Persistence],""))),2,1),_xlpm.hr,$AE$8:$AE$30,_xlpm.h,_xlfn._xlws.FILTER(_xlpm.hr,ISNUMBER(_xlpm.hr),""),_xlpm.x,$AE$31,_xlpm.xp,$AE$30,_xlpm.n,$AE$31,_xlpm.side,IF(LEFT("CT02",2)="LG",1,2),_xlpm.pc,_xlfn.LAMBDA(_xlpm.l,IF(ISNUMBER(_xlpm.l),_xlpm.l,VALUE(SUBSTITUTE(_xlpm.l,"P",""))/100)),_xlpm.br,_xlfn.LAMBDA(_xlpm.v,_xlpm.lev,IF(NOT(ISNUMBER(_xlpm.v)),FALSE,_xlfn.SWITCH(_xlpm.m,"STAT_LOGZ",_xlfn.LET(_xlpm.lh,LN(_xlfn._xlws.FILTER(_xlpm.h,_xlpm.h>0)),_xlpm.md,MEDIAN(_xlpm.lh),_xlpm.sg,1.4826*MEDIAN(ABS(_xlpm.lh-_xlpm.md)),IF(OR(_xlpm.v<=0,_xlpm.sg=0),FALSE,ABS((LN(_xlpm.v)-_xlpm.md)/_xlpm.sg)>=_xlpm.lev)),"STAT_Z",_xlfn.LET(_xlpm.md,MEDIAN(_xlpm.h),_xlpm.mad,MEDIAN(ABS(_xlpm.h-_xlpm.md)),IF(_xlpm.mad=0,FALSE,ABS(0.6745*(_xlpm.v-_xlpm.md)/_xlpm.mad)>=_xlpm.lev)),"STAT_PCT",_xlfn.LET(_xlpm.q,_xlpm.pc(_xlpm.lev),OR(_xlpm.v>_xlfn.PERCENTILE.INC(_xlpm.h,_xlpm.q),AND(_xlpm.side=2,_xlpm.v<_xlfn.PERCENTILE.INC(_xlpm.h,1-_xlpm.q)))),"FIXED",_xlpm.v>=_xlpm.lev,FALSE))),_xlpm.sfx,IF(AND(_xlpm.m="FIXED",_xlpm.rs<>"APPROVED"),"*",IF(_xlpm.rs<>"APPROVED"," (draft)","")),IF(_xlpm.m="","—",IF(OR(NOT(ISNUMBER(_xlpm.x)),COUNT(_xlpm.h)<_xlpm.mm,N(_xlpm.n)<_xlpm.mn),"INSUFFICIENT DATA",IF(_xlpm.br(_xlpm.x,_xlpm.al),"ALERT"&_xlpm.sfx,IF(AND(_xlpm.br(_xlpm.x,_xlpm.wl),OR(_xlpm.per=1,_xlpm.br(_xlpm.xp,_xlpm.wl))),"WATCH"&_xlpm.sfx,"OK"&IF(_xlpm.sfx="*","*",""))))))} -> — | H13: {=_xlfn.LET(_xlpm.m,_xlfn.XLOOKUP("AV01",tblThreshold[KPI_ID],tblThreshold[Method],""),_xlpm.rs,_xlfn.XLOOKUP("AV01",tblThreshold[KPI_ID],tblThreshold[Status],""),_xlpm.wl,_xlfn.XLOOKUP("AV01",tblThreshold[KPI_ID],tblThreshold[WatchLevel],""),_xlpm.al,_xlfn.XLOOKUP("AV01",tblThreshold[KPI_ID],tblThreshold[AlertLevel],""),_xlpm.mm,_xlfn.XLOOKUP("AV01",tblThreshold[KPI_ID],tblThreshold[MinMonths],0),_xlpm.mn,_xlfn.XLOOKUP("AV01",tblThreshold[KPI_ID],tblThreshold[MinN],0),_xlpm.per,IF(ISNUMBER(SEARCH("WATCH: 2",_xlfn.XLOOKUP("AV01",tblThreshold[KPI_ID],tblThreshold[Persistence],""))),2,1),_xlpm.hr,$AF$8:$AF$30,_xlpm.h,_xlfn._xlws.FILTER(_xlpm.hr,ISNUMBER(_xlpm.hr),""),_xlpm.x,$AF$31,_xlpm.xp,$AF$30,_xlpm.n,$AE$31,_xlpm.side,IF(LEFT("AV01",2)="LG",1,2),_xlpm.pc,_xlfn.LAMBDA(_xlpm.l,IF(ISNUMBER(_xlpm.l),_xlpm.l,VALUE(SUBSTITUTE(_xlpm.l,"P",""))/100)),_xlpm.br,_xlfn.LAMBDA(_xlpm.v,_xlpm.lev,IF(NOT(ISNUMBER(_xlpm.v)),FALSE,_xlfn.SWITCH(_xlpm.m,"STAT_LOGZ",_xlfn.LET(_xlpm.lh,LN(_xlfn._xlws.FILTER(_xlpm.h,_xlpm.h>0)),_xlpm.md,MEDIAN(_xlpm.lh),_xlpm.sg,1.4826*MEDIAN(ABS(_xlpm.lh-_xlpm.md)),IF(OR(_xlpm.v<=0,_xlpm.sg=0),FALSE,ABS((LN(_xlpm.v)-_xlpm.md)/_xlpm.sg)>=_xlpm.lev)),"STAT_Z",_xlfn.LET(_xlpm.md,MEDIAN(_xlpm.h),_xlpm.mad,MEDIAN(ABS(_xlpm.h-_xlpm.md)),IF(_xlpm.mad=0,FALSE,ABS(0.6745*(_xlpm.v-_xlpm.md)/_xlpm.mad)>=_xlpm.lev)),"STAT_PCT",_xlfn.LET(_xlpm.q,_xlpm.pc(_xlpm.lev),OR(_xlpm.v>_xlfn.PERCENTILE.INC(_xlpm.h,_xlpm.q),AND(_xlpm.side=2,_xlpm.v<_xlfn.PERCENTILE.INC(_xlpm.h,1-_xlpm.q)))),"FIXED",_xlpm.v>=_xlpm.lev,FALSE))),_xlpm.sfx,IF(AND(_xlpm.m="FIXED",_xlpm.rs<>"APPROVED"),"*",IF(_xlpm.rs<>"APPROVED"," (draft)","")),IF(_xlpm.m="","—",IF(OR(NOT(ISNUMBER(_xlpm.x)),COUNT(_xlpm.h)<_xlpm.mm,N(_xlpm.n)<_xlpm.mn),"INSUFFICIENT DATA",IF(_xlpm.br(_xlpm.x,_xlpm.al),"ALERT"&_xlpm.sfx,IF(AND(_xlpm.br(_xlpm.x,_xlpm.wl),OR(_xlpm.per=1,_xlpm.br(_xlpm.xp,_xlpm.wl))),"WATCH"&_xlpm.sfx,"OK"&IF(_xlpm.sfx="*","*",""))))))} -> INSUFFICIENT DATA | K13: {=_xlfn.LET(_xlpm.m,_xlfn.XLOOKUP("AV03",tblThreshold[KPI_ID],tblThreshold[Method],""),_xlpm.rs,_xlfn.XLOOKUP("AV03",tblThreshold[KPI_ID],tblThreshold[Status],""),_xlpm.wl,_xlfn.XLOOKUP("AV03",tblThreshold[KPI_ID],tblThreshold[WatchLevel],""),_xlpm.al,_xlfn.XLOOKUP("AV03",tblThreshold[KPI_ID],tblThreshold[AlertLevel],""),_xlpm.mm,_xlfn.XLOOKUP("AV03",tblThreshold[KPI_ID],tblThreshold[MinMonths],0),_xlpm.mn,_xlfn.XLOOKUP("AV03",tblThreshold[KPI_ID],tblThreshold[MinN],0),_xlpm.per,IF(ISNUMBER(SEARCH("WATCH: 2",_xlfn.XLOOKUP("AV03",tblThreshold[KPI_ID],tblThreshold[Persistence],""))),2,1),_xlpm.hr,$AG$8:$AG$30,_xlpm.h,_xlfn._xlws.FILTER(_xlpm.hr,ISNUMBER(_xlpm.hr),""),_xlpm.x,$AG$31,_xlpm.xp,$AG$30,_xlpm.n,$AE$31,_xlpm.side,IF(LEFT("AV03",2)="LG",1,2),_xlpm.pc,_xlfn.LAMBDA(_xlpm.l,IF(ISNUMBER(_xlpm.l),_xlpm.l,VALUE(SUBSTITUTE(_xlpm.l,"P",""))/100)),_xlpm.br,_xlfn.LAMBDA(_xlpm.v,_xlpm.lev,IF(NOT(ISNUMBER(_xlpm.v)),FALSE,_xlfn.SWITCH(_xlpm.m,"STAT_LOGZ",_xlfn.LET(_xlpm.lh,LN(_xlfn._xlws.FILTER(_xlpm.h,_xlpm.h>0)),_xlpm.md,MEDIAN(_xlpm.lh),_xlpm.sg,1.4826*MEDIAN(ABS(_xlpm.lh-_xlpm.md)),IF(OR(_xlpm.v<=0,_xlpm.sg=0),FALSE,ABS((LN(_xlpm.v)-_xlpm.md)/_xlpm.sg)>=_xlpm.lev)),"STAT_Z",_xlfn.LET(_xlpm.md,MEDIAN(_xlpm.h),_xlpm.mad,MEDIAN(ABS(_xlpm.h-_xlpm.md)),IF(_xlpm.mad=0,FALSE,ABS(0.6745*(_xlpm.v-_xlpm.md)/_xlpm.mad)>=_xlpm.lev)),"STAT_PCT",_xlfn.LET(_xlpm.q,_xlpm.pc(_xlpm.lev),OR(_xlpm.v>_xlfn.PERCENTILE.INC(_xlpm.h,_xlpm.q),AND(_xlpm.side=2,_xlpm.v<_xlfn.PERCENTILE.INC(_xlpm.h,1-_xlpm.q)))),"FIXED",_xlpm.v>=_xlpm.lev,FALSE))),_xlpm.sfx,IF(AND(_xlpm.m="FIXED",_xlpm.rs<>"APPROVED"),"*",IF(_xlpm.rs<>"APPROVED"," (draft)","")),IF(_xlpm.m="","—",IF(OR(NOT(ISNUMBER(_xlpm.x)),COUNT(_xlpm.h)<_xlpm.mm,N(_xlpm.n)<_xlpm.mn),"INSUFFICIENT DATA",IF(_xlpm.br(_xlpm.x,_xlpm.al),"ALERT"&_xlpm.sfx,IF(AND(_xlpm.br(_xlpm.x,_xlpm.wl),OR(_xlpm.per=1,_xlpm.br(_xlpm.xp,_xlpm.wl))),"WATCH"&_xlpm.sfx,"OK"&IF(_xlpm.sfx="*","*",""))))))} -> INSUFFICIENT DATA | N13: {=_xlfn.LET(_xlpm.m,_xlfn.XLOOKUP("LG06",tblThreshold[KPI_ID],tblThreshold[Method],""),_xlpm.rs,_xlfn.XLOOKUP("LG06",tblThreshold[KPI_ID],tblThreshold[Status],""),_xlpm.wl,_xlfn.XLOOKUP("LG06",tblThreshold[KPI_ID],tblThreshold[WatchLevel],""),_xlpm.al,_xlfn.XLOOKUP("LG06",tblThreshold[KPI_ID],tblThreshold[AlertLevel],""),_xlpm.mm,_xlfn.XLOOKUP("LG06",tblThreshold[KPI_ID],tblThreshold[MinMonths],0),_xlpm.mn,_xlfn.XLOOKUP("LG06",tblThreshold[KPI_ID],tblThreshold[MinN],0),_xlpm.per,IF(ISNUMBER(SEARCH("WATCH: 2",_xlfn.XLOOKUP("LG06",tblThreshold[KPI_ID],tblThreshold[Persistence],""))),2,1),_xlpm.hr,$AH$8:$AH$30,_xlpm.h,_xlfn._xlws.FILTER(_xlpm.hr,ISNUMBER(_xlpm.hr),""),_xlpm.x,$AH$31,_xlpm.xp,$AH$30,_xlpm.n,$AJ$31,_xlpm.side,IF(LEFT("LG06",2)="LG",1,2),_xlpm.pc,_xlfn.LAMBDA(_xlpm.l,IF(ISNUMBER(_xlpm.l),_xlpm.l,VALUE(SUBSTITUTE(_xlpm.l,"P",""))/100)),_xlpm.br,_xlfn.LAMBDA(_xlpm.v,_xlpm.lev,IF(NOT(ISNUMBER(_xlpm.v)),FALSE,_xlfn.SWITCH(_xlpm.m,"STAT_LOGZ",_xlfn.LET(_xlpm.lh,LN(_xlfn._xlws.FILTER(_xlpm.h,_xlpm.h>0)),_xlpm.md,MEDIAN(_xlpm.lh),_xlpm.sg,1.4826*MEDIAN(ABS(_xlpm.lh-_xlpm.md)),IF(OR(_xlpm.v<=0,_xlpm.sg=0),FALSE,ABS((LN(_xlpm.v)-_xlpm.md)/_xlpm.sg)>=_xlpm.lev)),"STAT_Z",_xlfn.LET(_xlpm.md,MEDIAN(_xlpm.h),_xlpm.mad,MEDIAN(ABS(_xlpm.h-_xlpm.md)),IF(_xlpm.mad=0,FALSE,ABS(0.6745*(_xlpm.v-_xlpm.md)/_xlpm.mad)>=_xlpm.lev)),"STAT_PCT",_xlfn.LET(_xlpm.q,_xlpm.pc(_xlpm.lev),OR(_xlpm.v>_xlfn.PERCENTILE.INC(_xlpm.h,_xlpm.q),AND(_xlpm.side=2,_xlpm.v<_xlfn.PERCENTILE.INC(_xlpm.h,1-_xlpm.q)))),"FIXED",_xlpm.v>=_xlpm.lev,FALSE))),_xlpm.sfx,IF(AND(_xlpm.m="FIXED",_xlpm.rs<>"APPROVED"),"*",IF(_xlpm.rs<>"APPROVED"," (draft)","")),IF(_xlpm.m="","—",IF(OR(NOT(ISNUMBER(_xlpm.x)),COUNT(_xlpm.h)<_xlpm.mm,N(_xlpm.n)<_xlpm.mn),"INSUFFICIENT DATA",IF(_xlpm.br(_xlpm.x,_xlpm.al),"ALERT"&_xlpm.sfx,IF(AND(_xlpm.br(_xlpm.x,_xlpm.wl),OR(_xlpm.per=1,_xlpm.br(_xlpm.xp,_xlpm.wl))),"WATCH"&_xlpm.sfx,"OK"&IF(_xlpm.sfx="*","*",""))))))} -> INSUFFICIENT DATA | Q13: {=_xlfn.LET(_xlpm.m,_xlfn.XLOOKUP("LG07",tblThreshold[KPI_ID],tblThreshold[Method],""),_xlpm.rs,_xlfn.XLOOKUP("LG07",tblThreshold[KPI_ID],tblThreshold[Status],""),_xlpm.wl,_xlfn.XLOOKUP("LG07",tblThreshold[KPI_ID],tblThreshold[WatchLevel],""),_xlpm.al,_xlfn.XLOOKUP("LG07",tblThreshold[KPI_ID],tblThreshold[AlertLevel],""),_xlpm.mm,_xlfn.XLOOKUP("LG07",tblThreshold[KPI_ID],tblThreshold[MinMonths],0),_xlpm.mn,_xlfn.XLOOKUP("LG07",tblThreshold[KPI_ID],tblThreshold[MinN],0),_xlpm.per,IF(ISNUMBER(SEARCH("WATCH: 2",_xlfn.XLOOKUP("LG07",tblThreshold[KPI_ID],tblThreshold[Persistence],""))),2,1),_xlpm.hr,$AI$8:$AI$30,_xlpm.h,_xlfn._xlws.FILTER(_xlpm.hr,ISNUMBER(_xlpm.hr),""),_xlpm.x,$AI$31,_xlpm.xp,$AI$30,_xlpm.n,$AJ$31,_xlpm.side,IF(LEFT("LG07",2)="LG",1,2),_xlpm.pc,_xlfn.LAMBDA(_xlpm.l,IF(ISNUMBER(_xlpm.l),_xlpm.l,VALUE(SUBSTITUTE(_xlpm.l,"P",""))/100)),_xlpm.br,_xlfn.LAMBDA(_xlpm.v,_xlpm.lev,IF(NOT(ISNUMBER(_xlpm.v)),FALSE,_xlfn.SWITCH(_xlpm.m,"STAT_LOGZ",_xlfn.LET(_xlpm.lh,LN(_xlfn._xlws.FILTER(_xlpm.h,_xlpm.h>0)),_xlpm.md,MEDIAN(_xlpm.lh),_xlpm.sg,1.4826*MEDIAN(ABS(_xlpm.lh-_xlpm.md)),IF(OR(_xlpm.v<=0,_xlpm.sg=0),FALSE,ABS((LN(_xlpm.v)-_xlpm.md)/_xlpm.sg)>=_xlpm.lev)),"STAT_Z",_xlfn.LET(_xlpm.md,MEDIAN(_xlpm.h),_xlpm.mad,MEDIAN(ABS(_xlpm.h-_xlpm.md)),IF(_xlpm.mad=0,FALSE,ABS(0.6745*(_xlpm.v-_xlpm.md)/_xlpm.mad)>=_xlpm.lev)),"STAT_PCT",_xlfn.LET(_xlpm.q,_xlpm.pc(_xlpm.lev),OR(_xlpm.v>_xlfn.PERCENTILE.INC(_xlpm.h,_xlpm.q),AND(_xlpm.side=2,_xlpm.v<_xlfn.PERCENTILE.INC(_xlpm.h,1-_xlpm.q)))),"FIXED",_xlpm.v>=_xlpm.lev,FALSE))),_xlpm.sfx,IF(AND(_xlpm.m="FIXED",_xlpm.rs<>"APPROVED"),"*",IF(_xlpm.rs<>"APPROVED"," (draft)","")),IF(_xlpm.m="","—",IF(OR(NOT(ISNUMBER(_xlpm.x)),COUNT(_xlpm.h)<_xlpm.mm,N(_xlpm.n)<_xlpm.mn),"INSUFFICIENT DATA",IF(_xlpm.br(_xlpm.x,_xlpm.al),"ALERT"&_xlpm.sfx,IF(AND(_xlpm.br(_xlpm.x,_xlpm.wl),OR(_xlpm.per=1,_xlpm.br(_xlpm.xp,_xlpm.wl))),"WATCH"&_xlpm.sfx,"OK"&IF(_xlpm.sfx="*","*",""))))))} -> INSUFFICIENT DATA | AB13: {=IFERROR(INDEX(_xlfn.ANCHORARRAY($AV$8),$AB$6-24+ROW()-7),"")} | AC13: {=IF($AB13="","",_xlfn.LET(_xlpm.r,_xlfn.XLOOKUP($AB$3&"|"&$AB13,anSM_Seg&"|"&anSM_YM,anSM_Paid,""),IF(ISBLANK(_xlpm.r),"",_xlpm.r)))} | AD13: {=IF($AB13="","",_xlfn.LET(_xlpm.r,_xlfn.XLOOKUP($AB$3&"|"&$AB13,anSM_Seg&"|"&anSM_YM,anSM_MoM,""),IF(ISBLANK(_xlpm.r),"",_xlpm.r)))} | AE13: {=IF($AB13="","",_xlfn.LET(_xlpm.r,_xlfn.XLOOKUP($AB$3&"|"&$AB13,anSM_Seg&"|"&anSM_YM,anSM_Cases,""),IF(ISBLANK(_xlpm.r),"",_xlpm.r)))} | AF13: {=IF($AB13="","",_xlfn.LET(_xlpm.r,_xlfn.XLOOKUP($AB$3&"|"&$AB13,anSM_Seg&"|"&anSM_YM,anSM_Mean,""),IF(ISBLANK(_xlpm.r),"",_xlpm.r)))} | AG13: {=IF($AB13="","",_xlfn.LET(_xlpm.r,_xlfn.XLOOKUP($AB$3&"|"&$AB13,anSM_Seg&"|"&anSM_YM,anSM_P90,""),IF(ISBLANK(_xlpm.r),"",_xlpm.r)))} | AH13: {=IF($AB13="","",_xlfn.LET(_xlpm.r,_xlfn.XLOOKUP($AB$3&"|"&$AB13,anSM_Seg&"|"&anSM_YM,anSM_LagP50,""),IF(ISBLANK(_xlpm.r),"",_xlpm.r)))} | AI13: {=IF($AB13="","",_xlfn.LET(_xlpm.r,_xlfn.XLOOKUP($AB$3&"|"&$AB13,anSM_Seg&"|"&anSM_YM,anSM_SLA,""),IF(ISBLANK(_xlpm.r),"",_xlpm.r)))} | AJ13: {=IF($AB13="","",_xlfn.LET(_xlpm.r,_xlfn.XLOOKUP($AB$3&"|"&$AB13,anSM_Seg&"|"&anSM_YM,anSM_Lines,""),IF(ISBLANK(_xlpm.r),"",_xlpm.r)))} | AK13: {=IF($AB13="","",_xlfn.LET(_xlpm.r,_xlfn.XLOOKUP($AB$3&"|"&$AB13,anSM_Seg&"|"&anSM_YM,anSM_PM,""),IF(ISBLANK(_xlpm.r),"",_xlpm.r)))} | AL13: =IF(OR($AB13="",$AQ$8=""),"",EXP($AQ$8)) | AM13: =IF(OR($AB13="",$AQ$9=""),"",EXP($AQ$8-$AQ$10*$AQ$9)) | AN13: =IF(OR($AB13="",$AQ$9=""),"",EXP($AQ$8+$AQ$10*$AQ$9)) | AS13: =_xlfn.XLOOKUP("AN_T_SLA",tblUIText[Key],tblUIText[TR],"AN_T_SLA")&" / "&_xlfn.XLOOKUP("AN_T_SLA",tblUIText[Key],tblUIText[EN],"") -> Uçtan uca SLA aşımı / SLA breach, end to end | AT13: =$Q$13 -> INSUFFICIENT DATA
B14: =_xlfn.XLOOKUP("AN_T_PAID_NOTE",tblUIText[Key],tblUIText[TR],"AN_T_PAID_NOTE")&" / "&_xlfn.XLOOKUP("AN_T_PAID_NOTE",tblUIText[Key],tblUIText[EN],"") -> TH12 log-z + TH01 aylık kural / TH12 log-z + TH01 MoM rule | E14: {=_xlfn.XLOOKUP("CT02",tblThreshold[KPI_ID],tblThreshold[ThresholdID]&" "&tblThreshold[Method],_xlfn.XLOOKUP("AN_NO_THRESHOLD",tblUIText[Key],tblUIText[TR],"AN_NO_THRESHOLD")&" / "&_xlfn.XLOOKUP("AN_NO_THRESHOLD",tblUIText[Key],tblUIText[EN],""))} -> eşik yok / no threshold | H14: {=_xlfn.XLOOKUP("AV01",tblThreshold[KPI_ID],tblThreshold[ThresholdID]&" "&tblThreshold[Method],_xlfn.XLOOKUP("AN_NO_THRESHOLD",tblUIText[Key],tblUIText[TR],"AN_NO_THRESHOLD")&" / "&_xlfn.XLOOKUP("AN_NO_THRESHOLD",tblUIText[Key],tblUIText[EN],""))} -> TH02 STAT_LOGZ | K14: {=_xlfn.XLOOKUP("AV03",tblThreshold[KPI_ID],tblThreshold[ThresholdID]&" "&tblThreshold[Method],_xlfn.XLOOKUP("AN_NO_THRESHOLD",tblUIText[Key],tblUIText[TR],"AN_NO_THRESHOLD")&" / "&_xlfn.XLOOKUP("AN_NO_THRESHOLD",tblUIText[Key],tblUIText[EN],""))} -> TH03 STAT_LOGZ | N14: {=_xlfn.XLOOKUP("LG06",tblThreshold[KPI_ID],tblThreshold[ThresholdID]&" "&tblThreshold[Method],_xlfn.XLOOKUP("AN_NO_THRESHOLD",tblUIText[Key],tblUIText[TR],"AN_NO_THRESHOLD")&" / "&_xlfn.XLOOKUP("AN_NO_THRESHOLD",tblUIText[Key],tblUIText[EN],""))} -> TH04 STAT_PCT | Q14: {=_xlfn.XLOOKUP("LG07",tblThreshold[KPI_ID],tblThreshold[ThresholdID]&" "&tblThreshold[Method],"")&" · "&_xlfn.XLOOKUP("AN_SLA_SHORT",tblUIText[Key],tblUIText[TR],"AN_SLA_SHORT")&" / "&_xlfn.XLOOKUP("AN_SLA_SHORT",tblUIText[Key],tblUIText[EN],"")} -> TH05 FIXED · SLA geçici değer / SLA placeholder | AB14: {=IFERROR(INDEX(_xlfn.ANCHORARRAY($AV$8),$AB$6-24+ROW()-7),"")} | AC14: {=IF($AB14="","",_xlfn.LET(_xlpm.r,_xlfn.XLOOKUP($AB$3&"|"&$AB14,anSM_Seg&"|"&anSM_YM,anSM_Paid,""),IF(ISBLANK(_xlpm.r),"",_xlpm.r)))} | AD14: {=IF($AB14="","",_xlfn.LET(_xlpm.r,_xlfn.XLOOKUP($AB$3&"|"&$AB14,anSM_Seg&"|"&anSM_YM,anSM_MoM,""),IF(ISBLANK(_xlpm.r),"",_xlpm.r)))} | AE14: {=IF($AB14="","",_xlfn.LET(_xlpm.r,_xlfn.XLOOKUP($AB$3&"|"&$AB14,anSM_Seg&"|"&anSM_YM,anSM_Cases,""),IF(ISBLANK(_xlpm.r),"",_xlpm.r)))} | AF14: {=IF($AB14="","",_xlfn.LET(_xlpm.r,_xlfn.XLOOKUP($AB$3&"|"&$AB14,anSM_Seg&"|"&anSM_YM,anSM_Mean,""),IF(ISBLANK(_xlpm.r),"",_xlpm.r)))} | AG14: {=IF($AB14="","",_xlfn.LET(_xlpm.r,_xlfn.XLOOKUP($AB$3&"|"&$AB14,anSM_Seg&"|"&anSM_YM,anSM_P90,""),IF(ISBLANK(_xlpm.r),"",_xlpm.r)))} | AH14: {=IF($AB14="","",_xlfn.LET(_xlpm.r,_xlfn.XLOOKUP($AB$3&"|"&$AB14,anSM_Seg&"|"&anSM_YM,anSM_LagP50,""),IF(ISBLANK(_xlpm.r),"",_xlpm.r)))} | AI14: {=IF($AB14="","",_xlfn.LET(_xlpm.r,_xlfn.XLOOKUP($AB$3&"|"&$AB14,anSM_Seg&"|"&anSM_YM,anSM_SLA,""),IF(ISBLANK(_xlpm.r),"",_xlpm.r)))} | AJ14: {=IF($AB14="","",_xlfn.LET(_xlpm.r,_xlfn.XLOOKUP($AB$3&"|"&$AB14,anSM_Seg&"|"&anSM_YM,anSM_Lines,""),IF(ISBLANK(_xlpm.r),"",_xlpm.r)))} | AK14: {=IF($AB14="","",_xlfn.LET(_xlpm.r,_xlfn.XLOOKUP($AB$3&"|"&$AB14,anSM_Seg&"|"&anSM_YM,anSM_PM,""),IF(ISBLANK(_xlpm.r),"",_xlpm.r)))} | AL14: =IF(OR($AB14="",$AQ$8=""),"",EXP($AQ$8)) | AM14: =IF(OR($AB14="",$AQ$9=""),"",EXP($AQ$8-$AQ$10*$AQ$9)) | AN14: =IF(OR($AB14="",$AQ$9=""),"",EXP($AQ$8+$AQ$10*$AQ$9)) | AQ14: =_xlfn.XLOOKUP("AN_TREND_TITLE",tblUIText[Key],tblUIText[TR],"AN_TREND_TITLE")&" / "&_xlfn.XLOOKUP("AN_TREND_TITLE",tblUIText[Key],tblUIText[EN],"") -> Aylık ödenen (mn TL), medyan ve olağan bant (log ölçekte medyan ± k robust sapma) / Monthly paid (TRY m), median and normal band (median ± k robust SD on the log scale)
AB15: {=IFERROR(INDEX(_xlfn.ANCHORARRAY($AV$8),$AB$6-24+ROW()-7),"")} | AC15: {=IF($AB15="","",_xlfn.LET(_xlpm.r,_xlfn.XLOOKUP($AB$3&"|"&$AB15,anSM_Seg&"|"&anSM_YM,anSM_Paid,""),IF(ISBLANK(_xlpm.r),"",_xlpm.r)))} | AD15: {=IF($AB15="","",_xlfn.LET(_xlpm.r,_xlfn.XLOOKUP($AB$3&"|"&$AB15,anSM_Seg&"|"&anSM_YM,anSM_MoM,""),IF(ISBLANK(_xlpm.r),"",_xlpm.r)))} | AE15: {=IF($AB15="","",_xlfn.LET(_xlpm.r,_xlfn.XLOOKUP($AB$3&"|"&$AB15,anSM_Seg&"|"&anSM_YM,anSM_Cases,""),IF(ISBLANK(_xlpm.r),"",_xlpm.r)))} | AF15: {=IF($AB15="","",_xlfn.LET(_xlpm.r,_xlfn.XLOOKUP($AB$3&"|"&$AB15,anSM_Seg&"|"&anSM_YM,anSM_Mean,""),IF(ISBLANK(_xlpm.r),"",_xlpm.r)))} | AG15: {=IF($AB15="","",_xlfn.LET(_xlpm.r,_xlfn.XLOOKUP($AB$3&"|"&$AB15,anSM_Seg&"|"&anSM_YM,anSM_P90,""),IF(ISBLANK(_xlpm.r),"",_xlpm.r)))} | AH15: {=IF($AB15="","",_xlfn.LET(_xlpm.r,_xlfn.XLOOKUP($AB$3&"|"&$AB15,anSM_Seg&"|"&anSM_YM,anSM_LagP50,""),IF(ISBLANK(_xlpm.r),"",_xlpm.r)))} | AI15: {=IF($AB15="","",_xlfn.LET(_xlpm.r,_xlfn.XLOOKUP($AB$3&"|"&$AB15,anSM_Seg&"|"&anSM_YM,anSM_SLA,""),IF(ISBLANK(_xlpm.r),"",_xlpm.r)))} | AJ15: {=IF($AB15="","",_xlfn.LET(_xlpm.r,_xlfn.XLOOKUP($AB$3&"|"&$AB15,anSM_Seg&"|"&anSM_YM,anSM_Lines,""),IF(ISBLANK(_xlpm.r),"",_xlpm.r)))} | AK15: {=IF($AB15="","",_xlfn.LET(_xlpm.r,_xlfn.XLOOKUP($AB$3&"|"&$AB15,anSM_Seg&"|"&anSM_YM,anSM_PM,""),IF(ISBLANK(_xlpm.r),"",_xlpm.r)))} | AL15: =IF(OR($AB15="",$AQ$8=""),"",EXP($AQ$8)) | AM15: =IF(OR($AB15="",$AQ$9=""),"",EXP($AQ$8-$AQ$10*$AQ$9)) | AN15: =IF(OR($AB15="",$AQ$9=""),"",EXP($AQ$8+$AQ$10*$AQ$9))
M16: =_xlfn.XLOOKUP("AN_MOVERS",tblUIText[Key],tblUIText[TR],"AN_MOVERS")&" / "&_xlfn.XLOOKUP("AN_MOVERS",tblUIText[Key],tblUIText[EN],"") -> En çok değişen ödeme nedenleri (önceki aya göre, mn TL) / Top movers by reason code (vs previous month, TRY m) | AB16: {=IFERROR(INDEX(_xlfn.ANCHORARRAY($AV$8),$AB$6-24+ROW()-7),"")} | AC16: {=IF($AB16="","",_xlfn.LET(_xlpm.r,_xlfn.XLOOKUP($AB$3&"|"&$AB16,anSM_Seg&"|"&anSM_YM,anSM_Paid,""),IF(ISBLANK(_xlpm.r),"",_xlpm.r)))} | AD16: {=IF($AB16="","",_xlfn.LET(_xlpm.r,_xlfn.XLOOKUP($AB$3&"|"&$AB16,anSM_Seg&"|"&anSM_YM,anSM_MoM,""),IF(ISBLANK(_xlpm.r),"",_xlpm.r)))} | AE16: {=IF($AB16="","",_xlfn.LET(_xlpm.r,_xlfn.XLOOKUP($AB$3&"|"&$AB16,anSM_Seg&"|"&anSM_YM,anSM_Cases,""),IF(ISBLANK(_xlpm.r),"",_xlpm.r)))} | AF16: {=IF($AB16="","",_xlfn.LET(_xlpm.r,_xlfn.XLOOKUP($AB$3&"|"&$AB16,anSM_Seg&"|"&anSM_YM,anSM_Mean,""),IF(ISBLANK(_xlpm.r),"",_xlpm.r)))} | AG16: {=IF($AB16="","",_xlfn.LET(_xlpm.r,_xlfn.XLOOKUP($AB$3&"|"&$AB16,anSM_Seg&"|"&anSM_YM,anSM_P90,""),IF(ISBLANK(_xlpm.r),"",_xlpm.r)))} | AH16: {=IF($AB16="","",_xlfn.LET(_xlpm.r,_xlfn.XLOOKUP($AB$3&"|"&$AB16,anSM_Seg&"|"&anSM_YM,anSM_LagP50,""),IF(ISBLANK(_xlpm.r),"",_xlpm.r)))} | AI16: {=IF($AB16="","",_xlfn.LET(_xlpm.r,_xlfn.XLOOKUP($AB$3&"|"&$AB16,anSM_Seg&"|"&anSM_YM,anSM_SLA,""),IF(ISBLANK(_xlpm.r),"",_xlpm.r)))} | AJ16: {=IF($AB16="","",_xlfn.LET(_xlpm.r,_xlfn.XLOOKUP($AB$3&"|"&$AB16,anSM_Seg&"|"&anSM_YM,anSM_Lines,""),IF(ISBLANK(_xlpm.r),"",_xlpm.r)))} | AK16: {=IF($AB16="","",_xlfn.LET(_xlpm.r,_xlfn.XLOOKUP($AB$3&"|"&$AB16,anSM_Seg&"|"&anSM_YM,anSM_PM,""),IF(ISBLANK(_xlpm.r),"",_xlpm.r)))} | AL16: =IF(OR($AB16="",$AQ$8=""),"",EXP($AQ$8)) | AM16: =IF(OR($AB16="",$AQ$9=""),"",EXP($AQ$8-$AQ$10*$AQ$9)) | AN16: =IF(OR($AB16="",$AQ$9=""),"",EXP($AQ$8+$AQ$10*$AQ$9))
M17: =_xlfn.XLOOKUP("AN_COL_REASON",tblUIText[Key],tblUIText[TR],"AN_COL_REASON")&" / "&_xlfn.XLOOKUP("AN_COL_REASON",tblUIText[Key],tblUIText[EN],"") -> Neden / Reason | N17: =_xlfn.XLOOKUP("AN_COL_PREV",tblUIText[Key],tblUIText[TR],"AN_COL_PREV")&" / "&_xlfn.XLOOKUP("AN_COL_PREV",tblUIText[Key],tblUIText[EN],"") -> Önceki / Previous | O17: =_xlfn.XLOOKUP("AN_COL_CUR",tblUIText[Key],tblUIText[TR],"AN_COL_CUR")&" / "&_xlfn.XLOOKUP("AN_COL_CUR",tblUIText[Key],tblUIText[EN],"") -> Bu ay / This month | P17: =_xlfn.XLOOKUP("AN_COL_CHANGE",tblUIText[Key],tblUIText[TR],"AN_COL_CHANGE")&" / "&_xlfn.XLOOKUP("AN_COL_CHANGE",tblUIText[Key],tblUIText[EN],"") -> Fark / Change | Q17: % | AB17: {=IFERROR(INDEX(_xlfn.ANCHORARRAY($AV$8),$AB$6-24+ROW()-7),"")} | AC17: {=IF($AB17="","",_xlfn.LET(_xlpm.r,_xlfn.XLOOKUP($AB$3&"|"&$AB17,anSM_Seg&"|"&anSM_YM,anSM_Paid,""),IF(ISBLANK(_xlpm.r),"",_xlpm.r)))} | AD17: {=IF($AB17="","",_xlfn.LET(_xlpm.r,_xlfn.XLOOKUP($AB$3&"|"&$AB17,anSM_Seg&"|"&anSM_YM,anSM_MoM,""),IF(ISBLANK(_xlpm.r),"",_xlpm.r)))} | AE17: {=IF($AB17="","",_xlfn.LET(_xlpm.r,_xlfn.XLOOKUP($AB$3&"|"&$AB17,anSM_Seg&"|"&anSM_YM,anSM_Cases,""),IF(ISBLANK(_xlpm.r),"",_xlpm.r)))} | AF17: {=IF($AB17="","",_xlfn.LET(_xlpm.r,_xlfn.XLOOKUP($AB$3&"|"&$AB17,anSM_Seg&"|"&anSM_YM,anSM_Mean,""),IF(ISBLANK(_xlpm.r),"",_xlpm.r)))} | AG17: {=IF($AB17="","",_xlfn.LET(_xlpm.r,_xlfn.XLOOKUP($AB$3&"|"&$AB17,anSM_Seg&"|"&anSM_YM,anSM_P90,""),IF(ISBLANK(_xlpm.r),"",_xlpm.r)))} | AH17: {=IF($AB17="","",_xlfn.LET(_xlpm.r,_xlfn.XLOOKUP($AB$3&"|"&$AB17,anSM_Seg&"|"&anSM_YM,anSM_LagP50,""),IF(ISBLANK(_xlpm.r),"",_xlpm.r)))} | AI17: {=IF($AB17="","",_xlfn.LET(_xlpm.r,_xlfn.XLOOKUP($AB$3&"|"&$AB17,anSM_Seg&"|"&anSM_YM,anSM_SLA,""),IF(ISBLANK(_xlpm.r),"",_xlpm.r)))} | AJ17: {=IF($AB17="","",_xlfn.LET(_xlpm.r,_xlfn.XLOOKUP($AB$3&"|"&$AB17,anSM_Seg&"|"&anSM_YM,anSM_Lines,""),IF(ISBLANK(_xlpm.r),"",_xlpm.r)))} | AK17: {=IF($AB17="","",_xlfn.LET(_xlpm.r,_xlfn.XLOOKUP($AB$3&"|"&$AB17,anSM_Seg&"|"&anSM_YM,anSM_PM,""),IF(ISBLANK(_xlpm.r),"",_xlpm.r)))} | AL17: =IF(OR($AB17="",$AQ$8=""),"",EXP($AQ$8)) | AM17: =IF(OR($AB17="",$AQ$9=""),"",EXP($AQ$8-$AQ$10*$AQ$9)) | AN17: =IF(OR($AB17="",$AQ$9=""),"",EXP($AQ$8+$AQ$10*$AQ$9))
M18: {=_xlfn.LET(_xlpm.seg,$AB$3,_xlpm.m,$AB$5,_xlpm.pv,$AB$30,_xlpm.rc,_xlfn.UNIQUE(_xlfn._xlws.FILTER(anNAT_Reason,(anNAT_Seg=_xlpm.seg)*((anNAT_YM=_xlpm.m)+(anNAT_YM=_xlpm.pv))*(anNAT_Reason<>""),"")),IF(INDEX(_xlpm.rc,1)="","",_xlfn.LET(_xlpm.cur,SUMIFS(anNAT_Paid,anNAT_Seg,_xlpm.seg,anNAT_YM,_xlpm.m,anNAT_Reason,_xlpm.rc),_xlpm.prv,SUMIFS(anNAT_Paid,anNAT_Seg,_xlpm.seg,anNAT_YM,_xlpm.pv,anNAT_Reason,_xlpm.rc),_xlpm.d,_xlpm.cur-_xlpm.prv,_xlpm.ms,_xlfn.XLOOKUP("MomMaterialityShare",AnParam[Param],AnParam[Value],0.01)*SUM(_xlpm.prv),_xlpm.lab,IFERROR(_xlfn.XLOOKUP(_xlpm.rc,DimPaymentNature[ReasonCode],DimPaymentNature[DescriptionTR])&" / "&_xlfn.XLOOKUP(_xlpm.rc,DimPaymentNature[ReasonCode],DimPaymentNature[DescriptionEN]),_xlpm.rc),_xlpm.s,_xlfn.SORTBY(_xlfn.HSTACK(_xlpm.lab,_xlfn.MAP(_xlpm.prv,_xlfn.LAMBDA(_xlpm.v,anNum(_xlpm.v/1000000,2))),_xlfn.MAP(_xlpm.cur,_xlfn.LAMBDA(_xlpm.v,anNum(_xlpm.v/1000000,2))),_xlfn.MAP(_xlpm.d,_xlfn.LAMBDA(_xlpm.v,anSgn(_xlpm.v/1000000,2))),_xlfn.MAP(_xlpm.prv,_xlpm.d,_xlfn.LAMBDA(_xlpm.v,_xlpm.w,IF(_xlpm.v>_xlpm.ms,anPctS(_xlpm.w/_xlpm.v,0),"n.a.")))),ABS(_xlpm.d),-1),_xlfn.TAKE(_xlpm.s,MIN(6,ROWS(_xlpm.s))))))} | AB18: {=IFERROR(INDEX(_xlfn.ANCHORARRAY($AV$8),$AB$6-24+ROW()-7),"")} | AC18: {=IF($AB18="","",_xlfn.LET(_xlpm.r,_xlfn.XLOOKUP($AB$3&"|"&$AB18,anSM_Seg&"|"&anSM_YM,anSM_Paid,""),IF(ISBLANK(_xlpm.r),"",_xlpm.r)))} | AD18: {=IF($AB18="","",_xlfn.LET(_xlpm.r,_xlfn.XLOOKUP($AB$3&"|"&$AB18,anSM_Seg&"|"&anSM_YM,anSM_MoM,""),IF(ISBLANK(_xlpm.r),"",_xlpm.r)))} | AE18: {=IF($AB18="","",_xlfn.LET(_xlpm.r,_xlfn.XLOOKUP($AB$3&"|"&$AB18,anSM_Seg&"|"&anSM_YM,anSM_Cases,""),IF(ISBLANK(_xlpm.r),"",_xlpm.r)))} | AF18: {=IF($AB18="","",_xlfn.LET(_xlpm.r,_xlfn.XLOOKUP($AB$3&"|"&$AB18,anSM_Seg&"|"&anSM_YM,anSM_Mean,""),IF(ISBLANK(_xlpm.r),"",_xlpm.r)))} | AG18: {=IF($AB18="","",_xlfn.LET(_xlpm.r,_xlfn.XLOOKUP($AB$3&"|"&$AB18,anSM_Seg&"|"&anSM_YM,anSM_P90,""),IF(ISBLANK(_xlpm.r),"",_xlpm.r)))} | AH18: {=IF($AB18="","",_xlfn.LET(_xlpm.r,_xlfn.XLOOKUP($AB$3&"|"&$AB18,anSM_Seg&"|"&anSM_YM,anSM_LagP50,""),IF(ISBLANK(_xlpm.r),"",_xlpm.r)))} | AI18: {=IF($AB18="","",_xlfn.LET(_xlpm.r,_xlfn.XLOOKUP($AB$3&"|"&$AB18,anSM_Seg&"|"&anSM_YM,anSM_SLA,""),IF(ISBLANK(_xlpm.r),"",_xlpm.r)))} | AJ18: {=IF($AB18="","",_xlfn.LET(_xlpm.r,_xlfn.XLOOKUP($AB$3&"|"&$AB18,anSM_Seg&"|"&anSM_YM,anSM_Lines,""),IF(ISBLANK(_xlpm.r),"",_xlpm.r)))} | AK18: {=IF($AB18="","",_xlfn.LET(_xlpm.r,_xlfn.XLOOKUP($AB$3&"|"&$AB18,anSM_Seg&"|"&anSM_YM,anSM_PM,""),IF(ISBLANK(_xlpm.r),"",_xlpm.r)))} | AL18: =IF(OR($AB18="",$AQ$8=""),"",EXP($AQ$8)) | AM18: =IF(OR($AB18="",$AQ$9=""),"",EXP($AQ$8-$AQ$10*$AQ$9)) | AN18: =IF(OR($AB18="",$AQ$9=""),"",EXP($AQ$8+$AQ$10*$AQ$9))
AB19: {=IFERROR(INDEX(_xlfn.ANCHORARRAY($AV$8),$AB$6-24+ROW()-7),"")} | AC19: {=IF($AB19="","",_xlfn.LET(_xlpm.r,_xlfn.XLOOKUP($AB$3&"|"&$AB19,anSM_Seg&"|"&anSM_YM,anSM_Paid,""),IF(ISBLANK(_xlpm.r),"",_xlpm.r)))} | AD19: {=IF($AB19="","",_xlfn.LET(_xlpm.r,_xlfn.XLOOKUP($AB$3&"|"&$AB19,anSM_Seg&"|"&anSM_YM,anSM_MoM,""),IF(ISBLANK(_xlpm.r),"",_xlpm.r)))} | AE19: {=IF($AB19="","",_xlfn.LET(_xlpm.r,_xlfn.XLOOKUP($AB$3&"|"&$AB19,anSM_Seg&"|"&anSM_YM,anSM_Cases,""),IF(ISBLANK(_xlpm.r),"",_xlpm.r)))} | AF19: {=IF($AB19="","",_xlfn.LET(_xlpm.r,_xlfn.XLOOKUP($AB$3&"|"&$AB19,anSM_Seg&"|"&anSM_YM,anSM_Mean,""),IF(ISBLANK(_xlpm.r),"",_xlpm.r)))} | AG19: {=IF($AB19="","",_xlfn.LET(_xlpm.r,_xlfn.XLOOKUP($AB$3&"|"&$AB19,anSM_Seg&"|"&anSM_YM,anSM_P90,""),IF(ISBLANK(_xlpm.r),"",_xlpm.r)))} | AH19: {=IF($AB19="","",_xlfn.LET(_xlpm.r,_xlfn.XLOOKUP($AB$3&"|"&$AB19,anSM_Seg&"|"&anSM_YM,anSM_LagP50,""),IF(ISBLANK(_xlpm.r),"",_xlpm.r)))} | AI19: {=IF($AB19="","",_xlfn.LET(_xlpm.r,_xlfn.XLOOKUP($AB$3&"|"&$AB19,anSM_Seg&"|"&anSM_YM,anSM_SLA,""),IF(ISBLANK(_xlpm.r),"",_xlpm.r)))} | AJ19: {=IF($AB19="","",_xlfn.LET(_xlpm.r,_xlfn.XLOOKUP($AB$3&"|"&$AB19,anSM_Seg&"|"&anSM_YM,anSM_Lines,""),IF(ISBLANK(_xlpm.r),"",_xlpm.r)))} | AK19: {=IF($AB19="","",_xlfn.LET(_xlpm.r,_xlfn.XLOOKUP($AB$3&"|"&$AB19,anSM_Seg&"|"&anSM_YM,anSM_PM,""),IF(ISBLANK(_xlpm.r),"",_xlpm.r)))} | AL19: =IF(OR($AB19="",$AQ$8=""),"",EXP($AQ$8)) | AM19: =IF(OR($AB19="",$AQ$9=""),"",EXP($AQ$8-$AQ$10*$AQ$9)) | AN19: =IF(OR($AB19="",$AQ$9=""),"",EXP($AQ$8+$AQ$10*$AQ$9))
AB20: {=IFERROR(INDEX(_xlfn.ANCHORARRAY($AV$8),$AB$6-24+ROW()-7),"")} | AC20: {=IF($AB20="","",_xlfn.LET(_xlpm.r,_xlfn.XLOOKUP($AB$3&"|"&$AB20,anSM_Seg&"|"&anSM_YM,anSM_Paid,""),IF(ISBLANK(_xlpm.r),"",_xlpm.r)))} | AD20: {=IF($AB20="","",_xlfn.LET(_xlpm.r,_xlfn.XLOOKUP($AB$3&"|"&$AB20,anSM_Seg&"|"&anSM_YM,anSM_MoM,""),IF(ISBLANK(_xlpm.r),"",_xlpm.r)))} | AE20: {=IF($AB20="","",_xlfn.LET(_xlpm.r,_xlfn.XLOOKUP($AB$3&"|"&$AB20,anSM_Seg&"|"&anSM_YM,anSM_Cases,""),IF(ISBLANK(_xlpm.r),"",_xlpm.r)))} | AF20: {=IF($AB20="","",_xlfn.LET(_xlpm.r,_xlfn.XLOOKUP($AB$3&"|"&$AB20,anSM_Seg&"|"&anSM_YM,anSM_Mean,""),IF(ISBLANK(_xlpm.r),"",_xlpm.r)))} | AG20: {=IF($AB20="","",_xlfn.LET(_xlpm.r,_xlfn.XLOOKUP($AB$3&"|"&$AB20,anSM_Seg&"|"&anSM_YM,anSM_P90,""),IF(ISBLANK(_xlpm.r),"",_xlpm.r)))} | AH20: {=IF($AB20="","",_xlfn.LET(_xlpm.r,_xlfn.XLOOKUP($AB$3&"|"&$AB20,anSM_Seg&"|"&anSM_YM,anSM_LagP50,""),IF(ISBLANK(_xlpm.r),"",_xlpm.r)))} | AI20: {=IF($AB20="","",_xlfn.LET(_xlpm.r,_xlfn.XLOOKUP($AB$3&"|"&$AB20,anSM_Seg&"|"&anSM_YM,anSM_SLA,""),IF(ISBLANK(_xlpm.r),"",_xlpm.r)))} | AJ20: {=IF($AB20="","",_xlfn.LET(_xlpm.r,_xlfn.XLOOKUP($AB$3&"|"&$AB20,anSM_Seg&"|"&anSM_YM,anSM_Lines,""),IF(ISBLANK(_xlpm.r),"",_xlpm.r)))} | AK20: {=IF($AB20="","",_xlfn.LET(_xlpm.r,_xlfn.XLOOKUP($AB$3&"|"&$AB20,anSM_Seg&"|"&anSM_YM,anSM_PM,""),IF(ISBLANK(_xlpm.r),"",_xlpm.r)))} | AL20: =IF(OR($AB20="",$AQ$8=""),"",EXP($AQ$8)) | AM20: =IF(OR($AB20="",$AQ$9=""),"",EXP($AQ$8-$AQ$10*$AQ$9)) | AN20: =IF(OR($AB20="",$AQ$9=""),"",EXP($AQ$8+$AQ$10*$AQ$9))
AB21: {=IFERROR(INDEX(_xlfn.ANCHORARRAY($AV$8),$AB$6-24+ROW()-7),"")} | AC21: {=IF($AB21="","",_xlfn.LET(_xlpm.r,_xlfn.XLOOKUP($AB$3&"|"&$AB21,anSM_Seg&"|"&anSM_YM,anSM_Paid,""),IF(ISBLANK(_xlpm.r),"",_xlpm.r)))} | AD21: {=IF($AB21="","",_xlfn.LET(_xlpm.r,_xlfn.XLOOKUP($AB$3&"|"&$AB21,anSM_Seg&"|"&anSM_YM,anSM_MoM,""),IF(ISBLANK(_xlpm.r),"",_xlpm.r)))} | AE21: {=IF($AB21="","",_xlfn.LET(_xlpm.r,_xlfn.XLOOKUP($AB$3&"|"&$AB21,anSM_Seg&"|"&anSM_YM,anSM_Cases,""),IF(ISBLANK(_xlpm.r),"",_xlpm.r)))} | AF21: {=IF($AB21="","",_xlfn.LET(_xlpm.r,_xlfn.XLOOKUP($AB$3&"|"&$AB21,anSM_Seg&"|"&anSM_YM,anSM_Mean,""),IF(ISBLANK(_xlpm.r),"",_xlpm.r)))} | AG21: {=IF($AB21="","",_xlfn.LET(_xlpm.r,_xlfn.XLOOKUP($AB$3&"|"&$AB21,anSM_Seg&"|"&anSM_YM,anSM_P90,""),IF(ISBLANK(_xlpm.r),"",_xlpm.r)))} | AH21: {=IF($AB21="","",_xlfn.LET(_xlpm.r,_xlfn.XLOOKUP($AB$3&"|"&$AB21,anSM_Seg&"|"&anSM_YM,anSM_LagP50,""),IF(ISBLANK(_xlpm.r),"",_xlpm.r)))} | AI21: {=IF($AB21="","",_xlfn.LET(_xlpm.r,_xlfn.XLOOKUP($AB$3&"|"&$AB21,anSM_Seg&"|"&anSM_YM,anSM_SLA,""),IF(ISBLANK(_xlpm.r),"",_xlpm.r)))} | AJ21: {=IF($AB21="","",_xlfn.LET(_xlpm.r,_xlfn.XLOOKUP($AB$3&"|"&$AB21,anSM_Seg&"|"&anSM_YM,anSM_Lines,""),IF(ISBLANK(_xlpm.r),"",_xlpm.r)))} | AK21: {=IF($AB21="","",_xlfn.LET(_xlpm.r,_xlfn.XLOOKUP($AB$3&"|"&$AB21,anSM_Seg&"|"&anSM_YM,anSM_PM,""),IF(ISBLANK(_xlpm.r),"",_xlpm.r)))} | AL21: =IF(OR($AB21="",$AQ$8=""),"",EXP($AQ$8)) | AM21: =IF(OR($AB21="",$AQ$9=""),"",EXP($AQ$8-$AQ$10*$AQ$9)) | AN21: =IF(OR($AB21="",$AQ$9=""),"",EXP($AQ$8+$AQ$10*$AQ$9))
AB22: {=IFERROR(INDEX(_xlfn.ANCHORARRAY($AV$8),$AB$6-24+ROW()-7),"")} | AC22: {=IF($AB22="","",_xlfn.LET(_xlpm.r,_xlfn.XLOOKUP($AB$3&"|"&$AB22,anSM_Seg&"|"&anSM_YM,anSM_Paid,""),IF(ISBLANK(_xlpm.r),"",_xlpm.r)))} | AD22: {=IF($AB22="","",_xlfn.LET(_xlpm.r,_xlfn.XLOOKUP($AB$3&"|"&$AB22,anSM_Seg&"|"&anSM_YM,anSM_MoM,""),IF(ISBLANK(_xlpm.r),"",_xlpm.r)))} | AE22: {=IF($AB22="","",_xlfn.LET(_xlpm.r,_xlfn.XLOOKUP($AB$3&"|"&$AB22,anSM_Seg&"|"&anSM_YM,anSM_Cases,""),IF(ISBLANK(_xlpm.r),"",_xlpm.r)))} | AF22: {=IF($AB22="","",_xlfn.LET(_xlpm.r,_xlfn.XLOOKUP($AB$3&"|"&$AB22,anSM_Seg&"|"&anSM_YM,anSM_Mean,""),IF(ISBLANK(_xlpm.r),"",_xlpm.r)))} | AG22: {=IF($AB22="","",_xlfn.LET(_xlpm.r,_xlfn.XLOOKUP($AB$3&"|"&$AB22,anSM_Seg&"|"&anSM_YM,anSM_P90,""),IF(ISBLANK(_xlpm.r),"",_xlpm.r)))} | AH22: {=IF($AB22="","",_xlfn.LET(_xlpm.r,_xlfn.XLOOKUP($AB$3&"|"&$AB22,anSM_Seg&"|"&anSM_YM,anSM_LagP50,""),IF(ISBLANK(_xlpm.r),"",_xlpm.r)))} | AI22: {=IF($AB22="","",_xlfn.LET(_xlpm.r,_xlfn.XLOOKUP($AB$3&"|"&$AB22,anSM_Seg&"|"&anSM_YM,anSM_SLA,""),IF(ISBLANK(_xlpm.r),"",_xlpm.r)))} | AJ22: {=IF($AB22="","",_xlfn.LET(_xlpm.r,_xlfn.XLOOKUP($AB$3&"|"&$AB22,anSM_Seg&"|"&anSM_YM,anSM_Lines,""),IF(ISBLANK(_xlpm.r),"",_xlpm.r)))} | AK22: {=IF($AB22="","",_xlfn.LET(_xlpm.r,_xlfn.XLOOKUP($AB$3&"|"&$AB22,anSM_Seg&"|"&anSM_YM,anSM_PM,""),IF(ISBLANK(_xlpm.r),"",_xlpm.r)))} | AL22: =IF(OR($AB22="",$AQ$8=""),"",EXP($AQ$8)) | AM22: =IF(OR($AB22="",$AQ$9=""),"",EXP($AQ$8-$AQ$10*$AQ$9)) | AN22: =IF(OR($AB22="",$AQ$9=""),"",EXP($AQ$8+$AQ$10*$AQ$9))
AB23: {=IFERROR(INDEX(_xlfn.ANCHORARRAY($AV$8),$AB$6-24+ROW()-7),"")} | AC23: {=IF($AB23="","",_xlfn.LET(_xlpm.r,_xlfn.XLOOKUP($AB$3&"|"&$AB23,anSM_Seg&"|"&anSM_YM,anSM_Paid,""),IF(ISBLANK(_xlpm.r),"",_xlpm.r)))} | AD23: {=IF($AB23="","",_xlfn.LET(_xlpm.r,_xlfn.XLOOKUP($AB$3&"|"&$AB23,anSM_Seg&"|"&anSM_YM,anSM_MoM,""),IF(ISBLANK(_xlpm.r),"",_xlpm.r)))} | AE23: {=IF($AB23="","",_xlfn.LET(_xlpm.r,_xlfn.XLOOKUP($AB$3&"|"&$AB23,anSM_Seg&"|"&anSM_YM,anSM_Cases,""),IF(ISBLANK(_xlpm.r),"",_xlpm.r)))} | AF23: {=IF($AB23="","",_xlfn.LET(_xlpm.r,_xlfn.XLOOKUP($AB$3&"|"&$AB23,anSM_Seg&"|"&anSM_YM,anSM_Mean,""),IF(ISBLANK(_xlpm.r),"",_xlpm.r)))} | AG23: {=IF($AB23="","",_xlfn.LET(_xlpm.r,_xlfn.XLOOKUP($AB$3&"|"&$AB23,anSM_Seg&"|"&anSM_YM,anSM_P90,""),IF(ISBLANK(_xlpm.r),"",_xlpm.r)))} | AH23: {=IF($AB23="","",_xlfn.LET(_xlpm.r,_xlfn.XLOOKUP($AB$3&"|"&$AB23,anSM_Seg&"|"&anSM_YM,anSM_LagP50,""),IF(ISBLANK(_xlpm.r),"",_xlpm.r)))} | AI23: {=IF($AB23="","",_xlfn.LET(_xlpm.r,_xlfn.XLOOKUP($AB$3&"|"&$AB23,anSM_Seg&"|"&anSM_YM,anSM_SLA,""),IF(ISBLANK(_xlpm.r),"",_xlpm.r)))} | AJ23: {=IF($AB23="","",_xlfn.LET(_xlpm.r,_xlfn.XLOOKUP($AB$3&"|"&$AB23,anSM_Seg&"|"&anSM_YM,anSM_Lines,""),IF(ISBLANK(_xlpm.r),"",_xlpm.r)))} | AK23: {=IF($AB23="","",_xlfn.LET(_xlpm.r,_xlfn.XLOOKUP($AB$3&"|"&$AB23,anSM_Seg&"|"&anSM_YM,anSM_PM,""),IF(ISBLANK(_xlpm.r),"",_xlpm.r)))} | AL23: =IF(OR($AB23="",$AQ$8=""),"",EXP($AQ$8)) | AM23: =IF(OR($AB23="",$AQ$9=""),"",EXP($AQ$8-$AQ$10*$AQ$9)) | AN23: =IF(OR($AB23="",$AQ$9=""),"",EXP($AQ$8+$AQ$10*$AQ$9))
AB24: {=IFERROR(INDEX(_xlfn.ANCHORARRAY($AV$8),$AB$6-24+ROW()-7),"")} | AC24: {=IF($AB24="","",_xlfn.LET(_xlpm.r,_xlfn.XLOOKUP($AB$3&"|"&$AB24,anSM_Seg&"|"&anSM_YM,anSM_Paid,""),IF(ISBLANK(_xlpm.r),"",_xlpm.r)))} | AD24: {=IF($AB24="","",_xlfn.LET(_xlpm.r,_xlfn.XLOOKUP($AB$3&"|"&$AB24,anSM_Seg&"|"&anSM_YM,anSM_MoM,""),IF(ISBLANK(_xlpm.r),"",_xlpm.r)))} | AE24: {=IF($AB24="","",_xlfn.LET(_xlpm.r,_xlfn.XLOOKUP($AB$3&"|"&$AB24,anSM_Seg&"|"&anSM_YM,anSM_Cases,""),IF(ISBLANK(_xlpm.r),"",_xlpm.r)))} | AF24: {=IF($AB24="","",_xlfn.LET(_xlpm.r,_xlfn.XLOOKUP($AB$3&"|"&$AB24,anSM_Seg&"|"&anSM_YM,anSM_Mean,""),IF(ISBLANK(_xlpm.r),"",_xlpm.r)))} | AG24: {=IF($AB24="","",_xlfn.LET(_xlpm.r,_xlfn.XLOOKUP($AB$3&"|"&$AB24,anSM_Seg&"|"&anSM_YM,anSM_P90,""),IF(ISBLANK(_xlpm.r),"",_xlpm.r)))} | AH24: {=IF($AB24="","",_xlfn.LET(_xlpm.r,_xlfn.XLOOKUP($AB$3&"|"&$AB24,anSM_Seg&"|"&anSM_YM,anSM_LagP50,""),IF(ISBLANK(_xlpm.r),"",_xlpm.r)))} | AI24: {=IF($AB24="","",_xlfn.LET(_xlpm.r,_xlfn.XLOOKUP($AB$3&"|"&$AB24,anSM_Seg&"|"&anSM_YM,anSM_SLA,""),IF(ISBLANK(_xlpm.r),"",_xlpm.r)))} | AJ24: {=IF($AB24="","",_xlfn.LET(_xlpm.r,_xlfn.XLOOKUP($AB$3&"|"&$AB24,anSM_Seg&"|"&anSM_YM,anSM_Lines,""),IF(ISBLANK(_xlpm.r),"",_xlpm.r)))} | AK24: {=IF($AB24="","",_xlfn.LET(_xlpm.r,_xlfn.XLOOKUP($AB$3&"|"&$AB24,anSM_Seg&"|"&anSM_YM,anSM_PM,""),IF(ISBLANK(_xlpm.r),"",_xlpm.r)))} | AL24: =IF(OR($AB24="",$AQ$8=""),"",EXP($AQ$8)) | AM24: =IF(OR($AB24="",$AQ$9=""),"",EXP($AQ$8-$AQ$10*$AQ$9)) | AN24: =IF(OR($AB24="",$AQ$9=""),"",EXP($AQ$8+$AQ$10*$AQ$9))
AB25: {=IFERROR(INDEX(_xlfn.ANCHORARRAY($AV$8),$AB$6-24+ROW()-7),"")} | AC25: {=IF($AB25="","",_xlfn.LET(_xlpm.r,_xlfn.XLOOKUP($AB$3&"|"&$AB25,anSM_Seg&"|"&anSM_YM,anSM_Paid,""),IF(ISBLANK(_xlpm.r),"",_xlpm.r)))} | AD25: {=IF($AB25="","",_xlfn.LET(_xlpm.r,_xlfn.XLOOKUP($AB$3&"|"&$AB25,anSM_Seg&"|"&anSM_YM,anSM_MoM,""),IF(ISBLANK(_xlpm.r),"",_xlpm.r)))} | AE25: {=IF($AB25="","",_xlfn.LET(_xlpm.r,_xlfn.XLOOKUP($AB$3&"|"&$AB25,anSM_Seg&"|"&anSM_YM,anSM_Cases,""),IF(ISBLANK(_xlpm.r),"",_xlpm.r)))} | AF25: {=IF($AB25="","",_xlfn.LET(_xlpm.r,_xlfn.XLOOKUP($AB$3&"|"&$AB25,anSM_Seg&"|"&anSM_YM,anSM_Mean,""),IF(ISBLANK(_xlpm.r),"",_xlpm.r)))} | AG25: {=IF($AB25="","",_xlfn.LET(_xlpm.r,_xlfn.XLOOKUP($AB$3&"|"&$AB25,anSM_Seg&"|"&anSM_YM,anSM_P90,""),IF(ISBLANK(_xlpm.r),"",_xlpm.r)))} | AH25: {=IF($AB25="","",_xlfn.LET(_xlpm.r,_xlfn.XLOOKUP($AB$3&"|"&$AB25,anSM_Seg&"|"&anSM_YM,anSM_LagP50,""),IF(ISBLANK(_xlpm.r),"",_xlpm.r)))} | AI25: {=IF($AB25="","",_xlfn.LET(_xlpm.r,_xlfn.XLOOKUP($AB$3&"|"&$AB25,anSM_Seg&"|"&anSM_YM,anSM_SLA,""),IF(ISBLANK(_xlpm.r),"",_xlpm.r)))} | AJ25: {=IF($AB25="","",_xlfn.LET(_xlpm.r,_xlfn.XLOOKUP($AB$3&"|"&$AB25,anSM_Seg&"|"&anSM_YM,anSM_Lines,""),IF(ISBLANK(_xlpm.r),"",_xlpm.r)))} | AK25: {=IF($AB25="","",_xlfn.LET(_xlpm.r,_xlfn.XLOOKUP($AB$3&"|"&$AB25,anSM_Seg&"|"&anSM_YM,anSM_PM,""),IF(ISBLANK(_xlpm.r),"",_xlpm.r)))} | AL25: =IF(OR($AB25="",$AQ$8=""),"",EXP($AQ$8)) | AM25: =IF(OR($AB25="",$AQ$9=""),"",EXP($AQ$8-$AQ$10*$AQ$9)) | AN25: =IF(OR($AB25="",$AQ$9=""),"",EXP($AQ$8+$AQ$10*$AQ$9))
M26: =_xlfn.XLOOKUP("AN_ALERTS",tblUIText[Key],tblUIText[TR],"AN_ALERTS")&" / "&_xlfn.XLOOKUP("AN_ALERTS",tblUIText[Key],tblUIText[EN],"") -> Açık uyarılar / Open alerts | AB26: {=IFERROR(INDEX(_xlfn.ANCHORARRAY($AV$8),$AB$6-24+ROW()-7),"")} | AC26: {=IF($AB26="","",_xlfn.LET(_xlpm.r,_xlfn.XLOOKUP($AB$3&"|"&$AB26,anSM_Seg&"|"&anSM_YM,anSM_Paid,""),IF(ISBLANK(_xlpm.r),"",_xlpm.r)))} | AD26: {=IF($AB26="","",_xlfn.LET(_xlpm.r,_xlfn.XLOOKUP($AB$3&"|"&$AB26,anSM_Seg&"|"&anSM_YM,anSM_MoM,""),IF(ISBLANK(_xlpm.r),"",_xlpm.r)))} | AE26: {=IF($AB26="","",_xlfn.LET(_xlpm.r,_xlfn.XLOOKUP($AB$3&"|"&$AB26,anSM_Seg&"|"&anSM_YM,anSM_Cases,""),IF(ISBLANK(_xlpm.r),"",_xlpm.r)))} | AF26: {=IF($AB26="","",_xlfn.LET(_xlpm.r,_xlfn.XLOOKUP($AB$3&"|"&$AB26,anSM_Seg&"|"&anSM_YM,anSM_Mean,""),IF(ISBLANK(_xlpm.r),"",_xlpm.r)))} | AG26: {=IF($AB26="","",_xlfn.LET(_xlpm.r,_xlfn.XLOOKUP($AB$3&"|"&$AB26,anSM_Seg&"|"&anSM_YM,anSM_P90,""),IF(ISBLANK(_xlpm.r),"",_xlpm.r)))} | AH26: {=IF($AB26="","",_xlfn.LET(_xlpm.r,_xlfn.XLOOKUP($AB$3&"|"&$AB26,anSM_Seg&"|"&anSM_YM,anSM_LagP50,""),IF(ISBLANK(_xlpm.r),"",_xlpm.r)))} | AI26: {=IF($AB26="","",_xlfn.LET(_xlpm.r,_xlfn.XLOOKUP($AB$3&"|"&$AB26,anSM_Seg&"|"&anSM_YM,anSM_SLA,""),IF(ISBLANK(_xlpm.r),"",_xlpm.r)))} | AJ26: {=IF($AB26="","",_xlfn.LET(_xlpm.r,_xlfn.XLOOKUP($AB$3&"|"&$AB26,anSM_Seg&"|"&anSM_YM,anSM_Lines,""),IF(ISBLANK(_xlpm.r),"",_xlpm.r)))} | AK26: {=IF($AB26="","",_xlfn.LET(_xlpm.r,_xlfn.XLOOKUP($AB$3&"|"&$AB26,anSM_Seg&"|"&anSM_YM,anSM_PM,""),IF(ISBLANK(_xlpm.r),"",_xlpm.r)))} | AL26: =IF(OR($AB26="",$AQ$8=""),"",EXP($AQ$8)) | AM26: =IF(OR($AB26="",$AQ$9=""),"",EXP($AQ$8-$AQ$10*$AQ$9)) | AN26: =IF(OR($AB26="",$AQ$9=""),"",EXP($AQ$8+$AQ$10*$AQ$9))
M27: {=_xlfn._xlws.FILTER($AS$8:$AS$13&": "&$AT$8:$AT$13,((LEFT($AT$8:$AT$13,5)="WATCH")+(LEFT($AT$8:$AT$13,5)="ALERT"))*(RIGHT($AT$8:$AT$13,1)<>"*"),_xlfn.XLOOKUP("AN_NO_ALERTS",tblUIText[Key],tblUIText[TR],"AN_NO_ALERTS")&" / "&_xlfn.XLOOKUP("AN_NO_ALERTS",tblUIText[Key],tblUIText[EN],""))} -> Açık uyarı yok / No open alerts | AB27: {=IFERROR(INDEX(_xlfn.ANCHORARRAY($AV$8),$AB$6-24+ROW()-7),"")} | AC27: {=IF($AB27="","",_xlfn.LET(_xlpm.r,_xlfn.XLOOKUP($AB$3&"|"&$AB27,anSM_Seg&"|"&anSM_YM,anSM_Paid,""),IF(ISBLANK(_xlpm.r),"",_xlpm.r)))} | AD27: {=IF($AB27="","",_xlfn.LET(_xlpm.r,_xlfn.XLOOKUP($AB$3&"|"&$AB27,anSM_Seg&"|"&anSM_YM,anSM_MoM,""),IF(ISBLANK(_xlpm.r),"",_xlpm.r)))} | AE27: {=IF($AB27="","",_xlfn.LET(_xlpm.r,_xlfn.XLOOKUP($AB$3&"|"&$AB27,anSM_Seg&"|"&anSM_YM,anSM_Cases,""),IF(ISBLANK(_xlpm.r),"",_xlpm.r)))} | AF27: {=IF($AB27="","",_xlfn.LET(_xlpm.r,_xlfn.XLOOKUP($AB$3&"|"&$AB27,anSM_Seg&"|"&anSM_YM,anSM_Mean,""),IF(ISBLANK(_xlpm.r),"",_xlpm.r)))} | AG27: {=IF($AB27="","",_xlfn.LET(_xlpm.r,_xlfn.XLOOKUP($AB$3&"|"&$AB27,anSM_Seg&"|"&anSM_YM,anSM_P90,""),IF(ISBLANK(_xlpm.r),"",_xlpm.r)))} | AH27: {=IF($AB27="","",_xlfn.LET(_xlpm.r,_xlfn.XLOOKUP($AB$3&"|"&$AB27,anSM_Seg&"|"&anSM_YM,anSM_LagP50,""),IF(ISBLANK(_xlpm.r),"",_xlpm.r)))} | AI27: {=IF($AB27="","",_xlfn.LET(_xlpm.r,_xlfn.XLOOKUP($AB$3&"|"&$AB27,anSM_Seg&"|"&anSM_YM,anSM_SLA,""),IF(ISBLANK(_xlpm.r),"",_xlpm.r)))} | AJ27: {=IF($AB27="","",_xlfn.LET(_xlpm.r,_xlfn.XLOOKUP($AB$3&"|"&$AB27,anSM_Seg&"|"&anSM_YM,anSM_Lines,""),IF(ISBLANK(_xlpm.r),"",_xlpm.r)))} | AK27: {=IF($AB27="","",_xlfn.LET(_xlpm.r,_xlfn.XLOOKUP($AB$3&"|"&$AB27,anSM_Seg&"|"&anSM_YM,anSM_PM,""),IF(ISBLANK(_xlpm.r),"",_xlpm.r)))} | AL27: =IF(OR($AB27="",$AQ$8=""),"",EXP($AQ$8)) | AM27: =IF(OR($AB27="",$AQ$9=""),"",EXP($AQ$8-$AQ$10*$AQ$9)) | AN27: =IF(OR($AB27="",$AQ$9=""),"",EXP($AQ$8+$AQ$10*$AQ$9))
AB28: {=IFERROR(INDEX(_xlfn.ANCHORARRAY($AV$8),$AB$6-24+ROW()-7),"")} | AC28: {=IF($AB28="","",_xlfn.LET(_xlpm.r,_xlfn.XLOOKUP($AB$3&"|"&$AB28,anSM_Seg&"|"&anSM_YM,anSM_Paid,""),IF(ISBLANK(_xlpm.r),"",_xlpm.r)))} | AD28: {=IF($AB28="","",_xlfn.LET(_xlpm.r,_xlfn.XLOOKUP($AB$3&"|"&$AB28,anSM_Seg&"|"&anSM_YM,anSM_MoM,""),IF(ISBLANK(_xlpm.r),"",_xlpm.r)))} | AE28: {=IF($AB28="","",_xlfn.LET(_xlpm.r,_xlfn.XLOOKUP($AB$3&"|"&$AB28,anSM_Seg&"|"&anSM_YM,anSM_Cases,""),IF(ISBLANK(_xlpm.r),"",_xlpm.r)))} | AF28: {=IF($AB28="","",_xlfn.LET(_xlpm.r,_xlfn.XLOOKUP($AB$3&"|"&$AB28,anSM_Seg&"|"&anSM_YM,anSM_Mean,""),IF(ISBLANK(_xlpm.r),"",_xlpm.r)))} | AG28: {=IF($AB28="","",_xlfn.LET(_xlpm.r,_xlfn.XLOOKUP($AB$3&"|"&$AB28,anSM_Seg&"|"&anSM_YM,anSM_P90,""),IF(ISBLANK(_xlpm.r),"",_xlpm.r)))} | AH28: {=IF($AB28="","",_xlfn.LET(_xlpm.r,_xlfn.XLOOKUP($AB$3&"|"&$AB28,anSM_Seg&"|"&anSM_YM,anSM_LagP50,""),IF(ISBLANK(_xlpm.r),"",_xlpm.r)))} | AI28: {=IF($AB28="","",_xlfn.LET(_xlpm.r,_xlfn.XLOOKUP($AB$3&"|"&$AB28,anSM_Seg&"|"&anSM_YM,anSM_SLA,""),IF(ISBLANK(_xlpm.r),"",_xlpm.r)))} | AJ28: {=IF($AB28="","",_xlfn.LET(_xlpm.r,_xlfn.XLOOKUP($AB$3&"|"&$AB28,anSM_Seg&"|"&anSM_YM,anSM_Lines,""),IF(ISBLANK(_xlpm.r),"",_xlpm.r)))} | AK28: {=IF($AB28="","",_xlfn.LET(_xlpm.r,_xlfn.XLOOKUP($AB$3&"|"&$AB28,anSM_Seg&"|"&anSM_YM,anSM_PM,""),IF(ISBLANK(_xlpm.r),"",_xlpm.r)))} | AL28: =IF(OR($AB28="",$AQ$8=""),"",EXP($AQ$8)) | AM28: =IF(OR($AB28="",$AQ$9=""),"",EXP($AQ$8-$AQ$10*$AQ$9)) | AN28: =IF(OR($AB28="",$AQ$9=""),"",EXP($AQ$8+$AQ$10*$AQ$9))
AB29: {=IFERROR(INDEX(_xlfn.ANCHORARRAY($AV$8),$AB$6-24+ROW()-7),"")} | AC29: {=IF($AB29="","",_xlfn.LET(_xlpm.r,_xlfn.XLOOKUP($AB$3&"|"&$AB29,anSM_Seg&"|"&anSM_YM,anSM_Paid,""),IF(ISBLANK(_xlpm.r),"",_xlpm.r)))} | AD29: {=IF($AB29="","",_xlfn.LET(_xlpm.r,_xlfn.XLOOKUP($AB$3&"|"&$AB29,anSM_Seg&"|"&anSM_YM,anSM_MoM,""),IF(ISBLANK(_xlpm.r),"",_xlpm.r)))} | AE29: {=IF($AB29="","",_xlfn.LET(_xlpm.r,_xlfn.XLOOKUP($AB$3&"|"&$AB29,anSM_Seg&"|"&anSM_YM,anSM_Cases,""),IF(ISBLANK(_xlpm.r),"",_xlpm.r)))} | AF29: {=IF($AB29="","",_xlfn.LET(_xlpm.r,_xlfn.XLOOKUP($AB$3&"|"&$AB29,anSM_Seg&"|"&anSM_YM,anSM_Mean,""),IF(ISBLANK(_xlpm.r),"",_xlpm.r)))} | AG29: {=IF($AB29="","",_xlfn.LET(_xlpm.r,_xlfn.XLOOKUP($AB$3&"|"&$AB29,anSM_Seg&"|"&anSM_YM,anSM_P90,""),IF(ISBLANK(_xlpm.r),"",_xlpm.r)))} | AH29: {=IF($AB29="","",_xlfn.LET(_xlpm.r,_xlfn.XLOOKUP($AB$3&"|"&$AB29,anSM_Seg&"|"&anSM_YM,anSM_LagP50,""),IF(ISBLANK(_xlpm.r),"",_xlpm.r)))} | AI29: {=IF($AB29="","",_xlfn.LET(_xlpm.r,_xlfn.XLOOKUP($AB$3&"|"&$AB29,anSM_Seg&"|"&anSM_YM,anSM_SLA,""),IF(ISBLANK(_xlpm.r),"",_xlpm.r)))} | AJ29: {=IF($AB29="","",_xlfn.LET(_xlpm.r,_xlfn.XLOOKUP($AB$3&"|"&$AB29,anSM_Seg&"|"&anSM_YM,anSM_Lines,""),IF(ISBLANK(_xlpm.r),"",_xlpm.r)))} | AK29: {=IF($AB29="","",_xlfn.LET(_xlpm.r,_xlfn.XLOOKUP($AB$3&"|"&$AB29,anSM_Seg&"|"&anSM_YM,anSM_PM,""),IF(ISBLANK(_xlpm.r),"",_xlpm.r)))} | AL29: =IF(OR($AB29="",$AQ$8=""),"",EXP($AQ$8)) | AM29: =IF(OR($AB29="",$AQ$9=""),"",EXP($AQ$8-$AQ$10*$AQ$9)) | AN29: =IF(OR($AB29="",$AQ$9=""),"",EXP($AQ$8+$AQ$10*$AQ$9))
AB30: {=IFERROR(INDEX(_xlfn.ANCHORARRAY($AV$8),$AB$6-24+ROW()-7),"")} | AC30: {=IF($AB30="","",_xlfn.LET(_xlpm.r,_xlfn.XLOOKUP($AB$3&"|"&$AB30,anSM_Seg&"|"&anSM_YM,anSM_Paid,""),IF(ISBLANK(_xlpm.r),"",_xlpm.r)))} | AD30: {=IF($AB30="","",_xlfn.LET(_xlpm.r,_xlfn.XLOOKUP($AB$3&"|"&$AB30,anSM_Seg&"|"&anSM_YM,anSM_MoM,""),IF(ISBLANK(_xlpm.r),"",_xlpm.r)))} | AE30: {=IF($AB30="","",_xlfn.LET(_xlpm.r,_xlfn.XLOOKUP($AB$3&"|"&$AB30,anSM_Seg&"|"&anSM_YM,anSM_Cases,""),IF(ISBLANK(_xlpm.r),"",_xlpm.r)))} | AF30: {=IF($AB30="","",_xlfn.LET(_xlpm.r,_xlfn.XLOOKUP($AB$3&"|"&$AB30,anSM_Seg&"|"&anSM_YM,anSM_Mean,""),IF(ISBLANK(_xlpm.r),"",_xlpm.r)))} | AG30: {=IF($AB30="","",_xlfn.LET(_xlpm.r,_xlfn.XLOOKUP($AB$3&"|"&$AB30,anSM_Seg&"|"&anSM_YM,anSM_P90,""),IF(ISBLANK(_xlpm.r),"",_xlpm.r)))} | AH30: {=IF($AB30="","",_xlfn.LET(_xlpm.r,_xlfn.XLOOKUP($AB$3&"|"&$AB30,anSM_Seg&"|"&anSM_YM,anSM_LagP50,""),IF(ISBLANK(_xlpm.r),"",_xlpm.r)))} | AI30: {=IF($AB30="","",_xlfn.LET(_xlpm.r,_xlfn.XLOOKUP($AB$3&"|"&$AB30,anSM_Seg&"|"&anSM_YM,anSM_SLA,""),IF(ISBLANK(_xlpm.r),"",_xlpm.r)))} | AJ30: {=IF($AB30="","",_xlfn.LET(_xlpm.r,_xlfn.XLOOKUP($AB$3&"|"&$AB30,anSM_Seg&"|"&anSM_YM,anSM_Lines,""),IF(ISBLANK(_xlpm.r),"",_xlpm.r)))} | AK30: {=IF($AB30="","",_xlfn.LET(_xlpm.r,_xlfn.XLOOKUP($AB$3&"|"&$AB30,anSM_Seg&"|"&anSM_YM,anSM_PM,""),IF(ISBLANK(_xlpm.r),"",_xlpm.r)))} | AL30: =IF(OR($AB30="",$AQ$8=""),"",EXP($AQ$8)) | AM30: =IF(OR($AB30="",$AQ$9=""),"",EXP($AQ$8-$AQ$10*$AQ$9)) | AN30: =IF(OR($AB30="",$AQ$9=""),"",EXP($AQ$8+$AQ$10*$AQ$9))
AB31: {=IFERROR(INDEX(_xlfn.ANCHORARRAY($AV$8),$AB$6-24+ROW()-7),"")} | AC31: {=IF($AB31="","",_xlfn.LET(_xlpm.r,_xlfn.XLOOKUP($AB$3&"|"&$AB31,anSM_Seg&"|"&anSM_YM,anSM_Paid,""),IF(ISBLANK(_xlpm.r),"",_xlpm.r)))} | AD31: {=IF($AB31="","",_xlfn.LET(_xlpm.r,_xlfn.XLOOKUP($AB$3&"|"&$AB31,anSM_Seg&"|"&anSM_YM,anSM_MoM,""),IF(ISBLANK(_xlpm.r),"",_xlpm.r)))} | AE31: {=IF($AB31="","",_xlfn.LET(_xlpm.r,_xlfn.XLOOKUP($AB$3&"|"&$AB31,anSM_Seg&"|"&anSM_YM,anSM_Cases,""),IF(ISBLANK(_xlpm.r),"",_xlpm.r)))} | AF31: {=IF($AB31="","",_xlfn.LET(_xlpm.r,_xlfn.XLOOKUP($AB$3&"|"&$AB31,anSM_Seg&"|"&anSM_YM,anSM_Mean,""),IF(ISBLANK(_xlpm.r),"",_xlpm.r)))} | AG31: {=IF($AB31="","",_xlfn.LET(_xlpm.r,_xlfn.XLOOKUP($AB$3&"|"&$AB31,anSM_Seg&"|"&anSM_YM,anSM_P90,""),IF(ISBLANK(_xlpm.r),"",_xlpm.r)))} | AH31: {=IF($AB31="","",_xlfn.LET(_xlpm.r,_xlfn.XLOOKUP($AB$3&"|"&$AB31,anSM_Seg&"|"&anSM_YM,anSM_LagP50,""),IF(ISBLANK(_xlpm.r),"",_xlpm.r)))} | AI31: {=IF($AB31="","",_xlfn.LET(_xlpm.r,_xlfn.XLOOKUP($AB$3&"|"&$AB31,anSM_Seg&"|"&anSM_YM,anSM_SLA,""),IF(ISBLANK(_xlpm.r),"",_xlpm.r)))} | AJ31: {=IF($AB31="","",_xlfn.LET(_xlpm.r,_xlfn.XLOOKUP($AB$3&"|"&$AB31,anSM_Seg&"|"&anSM_YM,anSM_Lines,""),IF(ISBLANK(_xlpm.r),"",_xlpm.r)))} | AK31: {=IF($AB31="","",_xlfn.LET(_xlpm.r,_xlfn.XLOOKUP($AB$3&"|"&$AB31,anSM_Seg&"|"&anSM_YM,anSM_PM,""),IF(ISBLANK(_xlpm.r),"",_xlpm.r)))} | AL31: =IF(OR($AB31="",$AQ$8=""),"",EXP($AQ$8)) | AM31: =IF(OR($AB31="",$AQ$9=""),"",EXP($AQ$8-$AQ$10*$AQ$9)) | AN31: =IF(OR($AB31="",$AQ$9=""),"",EXP($AQ$8+$AQ$10*$AQ$9))
B35: =_xlfn.XLOOKUP("AN_STATUS_LEGEND",tblUIText[Key],tblUIText[TR],"AN_STATUS_LEGEND")&" / "&_xlfn.XLOOKUP("AN_STATUS_LEGEND",tblUIText[Key],tblUIText[EN],"") -> Durum: OK; WATCH = uyarı eşiği aşıldı (kalıcılık kuralıyla); ALERT = alarm eşiği aşıldı; INSUFFICIENT DATA = yetersiz veri; (draft) = taslak istatistiksel eşik, sayılır; * = geçici sabit eşik (gri), uyarı sayılmaz ve sıralanmaz. Eşikler Threshold_Register'da (DRAFT). / Status: OK; WATCH = watch level breached (with the persistence rule); ALERT = alert level breached; INSUFFICIENT DATA = too little data; (draft) = draft statistical level, counted; * = placeholder fixed level (grey), never counted or ranked. Levels in Threshold_Register (DRAFT).
B36: =_xlfn.XLOOKUP("AN_FOOT_AMOUNTS",tblUIText[Key],tblUIText[TR],"AN_FOOT_AMOUNTS")&" / "&_xlfn.XLOOKUP("AN_FOOT_AMOUNTS",tblUIText[Key],tblUIText[EN],"") -> Tutarlar ödeme günü TCMB kuruyla TL'dir; segmentler toplanmaz ve karşılaştırılmaz. Yalnızca ödenen veriler: rezerv, prim ve risk tutarı yoktur. / Amounts are TRY at the CBRT rate of the payment date; segments are never added or compared. Paid data only: no reserves, premium or exposure.
B37: =_xlfn.XLOOKUP("AN_SLA_PLACEHOLDER",tblUIText[Key],tblUIText[TR],"AN_SLA_PLACEHOLDER")&" / "&_xlfn.XLOOKUP("AN_SLA_PLACEHOLDER",tblUIText[Key],tblUIText[EN],"") -> SLA süreleri geçici değerlerdir; operasyon tarafından teyit edilecek / SLA days are placeholders, to be confirmed by operations

Sheet AN_Exec_Pension
B1: {=_xlfn.XLOOKUP("AN_SEG_"&$AB$3,tblUIText[Key],tblUIText[TR],$AB$3)&": "&$AB$5&" "&_xlfn.XLOOKUP("AN_W_PAID",tblUIText[Key],tblUIText[TR],"AN_W_PAID")&" "&IF(ISNUMBER($AC$31),anNum($AC$31/1000000,1)&" "&_xlfn.XLOOKUP("AN_W_UNITM",tblUIText[Key],tblUIText[TR],"AN_W_UNITM"),"-")&IF(ISNUMBER($AD$31),", "&_xlfn.XLOOKUP("AN_T_VSPM",tblUIText[Key],tblUIText[TR],"AN_T_VSPM")&" "&anPctS($AD$31,1),"")&"; "&$AQ$12&" "&_xlfn.XLOOKUP("AN_W_OPEN_ALERTS",tblUIText[Key],tblUIText[TR],"AN_W_OPEN_ALERTS")} -> Emeklilik: ödemeleri -; 0 açık uyarı
B2: {=_xlfn.XLOOKUP("AN_SEG_"&$AB$3,tblUIText[Key],tblUIText[EN],$AB$3)&": "&_xlfn.XLOOKUP("AN_W_PAID",tblUIText[Key],tblUIText[EN],"AN_W_PAID")&" "&IF(ISNUMBER($AC$31),anNum($AC$31/1000000,1)&" "&_xlfn.XLOOKUP("AN_W_UNITM",tblUIText[Key],tblUIText[EN],"AN_W_UNITM"),"-")&" in "&$AB$5&IF(ISNUMBER($AD$31),", "&anPctS($AD$31,1)&" "&_xlfn.XLOOKUP("AN_T_VSPM",tblUIText[Key],tblUIText[EN],"AN_T_VSPM"),"")&"; "&$AQ$12&" "&_xlfn.XLOOKUP("AN_W_OPEN_ALERTS",tblUIText[Key],tblUIText[EN],"AN_W_OPEN_ALERTS")} -> Pension: paid - in ; 0 open alert(s) | AB2: calc (hidden)
B3: =HYPERLINK("#'AN_Index'!A1",_xlfn.XLOOKUP("AN_NAV_INDEX",tblUIText[Key],tblUIText[TR],"AN_NAV_INDEX")) -> Dizin | D3: =HYPERLINK("#'AN_Exec_Life'!A1",_xlfn.XLOOKUP("AN_NAV_LIFE",tblUIText[Key],tblUIText[TR],"AN_NAV_LIFE")) -> Hayat | F3: =_xlfn.XLOOKUP("AN_NAV_PENSION",tblUIText[Key],tblUIText[TR],"AN_NAV_PENSION") -> Emeklilik | H3: =HYPERLINK("#'AN_Exec_NonLife'!A1",_xlfn.XLOOKUP("AN_NAV_NONLIFE",tblUIText[Key],tblUIText[TR],"AN_NAV_NONLIFE")) -> Elementer | J3: =HYPERLINK("#'AN_Trend'!A1",_xlfn.XLOOKUP("AN_NAV_TREND",tblUIText[Key],tblUIText[TR],"AN_NAV_TREND")) -> Eğilim | L3: =HYPERLINK("#'AN_Triangle'!A1",_xlfn.XLOOKUP("AN_NAV_TRIANGLE",tblUIText[Key],tblUIText[TR],"AN_NAV_TRIANGLE")) -> Üçgen | N3: =HYPERLINK("#'AN_Lags'!A1",_xlfn.XLOOKUP("AN_NAV_LAGS",tblUIText[Key],tblUIText[TR],"AN_NAV_LAGS")) -> Süreler | P3: =HYPERLINK("#'AN_Severity'!A1",_xlfn.XLOOKUP("AN_NAV_SEVERITY",tblUIText[Key],tblUIText[TR],"AN_NAV_SEVERITY")) -> Şiddet | R3: =HYPERLINK("#'AN_Limits'!A1",_xlfn.XLOOKUP("AN_NAV_LIMITS",tblUIText[Key],tblUIText[TR],"AN_NAV_LIMITS")) -> Limitler | T3: =HYPERLINK("#'AN_Anomaly'!A1",_xlfn.XLOOKUP("AN_NAV_ANOMALY",tblUIText[Key],tblUIText[TR],"AN_NAV_ANOMALY")) -> Anomali | V3: =HYPERLINK("#'AN_Watchlist'!A1",_xlfn.XLOOKUP("AN_NAV_WATCHLIST",tblUIText[Key],tblUIText[TR],"AN_NAV_WATCHLIST")) -> İzleme listesi | X3: =HYPERLINK("#'KPI_Catalog'!A1",_xlfn.XLOOKUP("AN_NAV_CATALOG",tblUIText[Key],tblUIText[TR],"AN_NAV_CATALOG")) -> KPI kataloğu | Z3: =HYPERLINK("#'Home'!A1",_xlfn.XLOOKUP("AN_NAV_HOME",tblUIText[Key],tblUIText[TR],"AN_NAV_HOME")) -> Ana sayfa | AB3: Pension
B4: =_xlfn.XLOOKUP("AN_EXEC_PURPOSE",tblUIText[Key],tblUIText[TR],"AN_EXEC_PURPOSE")&" / "&_xlfn.XLOOKUP("AN_EXEC_PURPOSE",tblUIText[Key],tblUIText[EN],"")&CHAR(10)&_xlfn.XLOOKUP("AN_HOWTO_EXEC",tblUIText[Key],tblUIText[TR],"AN_HOWTO_EXEC")&" / "&_xlfn.XLOOKUP("AN_HOWTO_EXEC",tblUIText[Key],tblUIText[EN],"") -> Bu segmentin seçilen aydaki ödeme faaliyeti olağan mı? / Is this segment's payment activity normal in the selected month? Nasıl okunur: altı kutucuk seçilen ayın değeri, önceki aya değişim, 12 aylık seyir ve durumdur; durum taslak eşiklere göre hesaplanır. Grafik bandı log ölçekte olağan aralığı gösterir. / How to read: six tiles give the selected month's value, change vs the previous month, a 12-month sparkline and a status against draft levels; the chart band shows the usual range on a log scale. | AB4: =COUNTIF($AB$8:$AB$31,"?*") -> 0
B5: Segment: | C5: =_xlfn.XLOOKUP("AN_SEG_"&$AB$3,tblUIText[Key],tblUIText[TR],$AB$3)&" / "&_xlfn.XLOOKUP("AN_SEG_"&$AB$3,tblUIText[Key],tblUIText[EN],$AB$3) -> Emeklilik / Pension | I5: =_xlfn.XLOOKUP("AN_LBL_MONTH",tblUIText[Key],tblUIText[TR],"AN_LBL_MONTH")&" / "&_xlfn.XLOOKUP("AN_LBL_MONTH",tblUIText[Key],tblUIText[EN],"")&":" -> Ay / Month: | J5: Son ay / Latest | M5: =_xlfn.XLOOKUP("AN_LBL_REFRESH",tblUIText[Key],tblUIText[TR],"AN_LBL_REFRESH")&" / "&_xlfn.XLOOKUP("AN_LBL_REFRESH",tblUIText[Key],tblUIText[EN],"")&": "&IFERROR(TEXT(cpLastLoggedRefresh,"yyyy-mm-dd hh:mm"),cpLastLoggedRefresh&"") -> Son yenileme / Last refresh: none | AB5: {=IF($J$5=_xlfn.XLOOKUP("AN_LBL_LATEST",tblUIText[Key],tblUIText[TR],"AN_LBL_LATEST")&" / "&_xlfn.XLOOKUP("AN_LBL_LATEST",tblUIText[Key],tblUIText[EN],""),_xlfn.TAKE(_xlfn.ANCHORARRAY($AV$8),-1),$J$5)}
B6: {=_xlfn.XLOOKUP("AN_LBL_READINESS",tblUIText[Key],tblUIText[TR],"AN_LBL_READINESS")&" / "&_xlfn.XLOOKUP("AN_LBL_READINESS",tblUIText[Key],tblUIText[EN],"")&": "&_xlfn.LET(_xlpm.n,$AB$4,_xlpm.l,$AJ$31,_xlpm.mn,_xlfn.XLOOKUP("MinLinesForQuantile",AnParam[Param],AnParam[Value]),IF(N(_xlpm.l)<_xlpm.mn,"INSUFFICIENT DATA","OK")&": "&_xlpm.n&" "&_xlfn.XLOOKUP("AN_READY_MONTHS",tblUIText[Key],tblUIText[TR],"AN_READY_MONTHS")&" / "&_xlfn.XLOOKUP("AN_READY_MONTHS",tblUIText[Key],tblUIText[EN],"")&"; "&anNum(N(_xlpm.l),0)&" "&_xlfn.XLOOKUP("AN_READY_LINES",tblUIText[Key],tblUIText[TR],"AN_READY_LINES")&" / "&_xlfn.XLOOKUP("AN_READY_LINES",tblUIText[Key],tblUIText[EN],""))} -> Veri durumu / Data readiness: INSUFFICIENT DATA: 0 ay veri / months of data; 0 satır bu ay / lines this month | AB6: =IFERROR(MATCH($AB$5,_xlfn.ANCHORARRAY($AV$8),0),ROWS(_xlfn.ANCHORARRAY($AV$8))) -> 1
B7: {=_xlfn.LET(_xlpm.rl,IFERROR(SUM(STG_Rejected[Lines]),0),_xlpm.rf,IFERROR(SUMPRODUCT(--(STG_Rejected[FileName]<>"")),0),_xlpm.u,SUMIFS(anSM_Lines,anSM_Seg,"Unassigned"),IF(_xlpm.rf>0,SUBSTITUTE(SUBSTITUTE(_xlfn.XLOOKUP("AN_TAG_REJECTED",tblUIText[Key],tblUIText[TR],"AN_TAG_REJECTED"),"{0}",anNum(_xlpm.rl,0)),"{1}",_xlpm.rf)&" / "&SUBSTITUTE(SUBSTITUTE(_xlfn.XLOOKUP("AN_TAG_REJECTED",tblUIText[Key],tblUIText[EN],"AN_TAG_REJECTED"),"{0}",anNum(_xlpm.rl,0)),"{1}",_xlpm.rf),IF(_xlpm.u>0,SUBSTITUTE(_xlfn.XLOOKUP("AN_TAG_UNASSIGNED",tblUIText[Key],tblUIText[TR],"AN_TAG_UNASSIGNED"),"{0}",anNum(_xlpm.u,0))&" / "&SUBSTITUTE(_xlfn.XLOOKUP("AN_TAG_UNASSIGNED",tblUIText[Key],tblUIText[EN],"AN_TAG_UNASSIGNED"),"{0}",anNum(_xlpm.u,0)),"")))} | AB7: month | AC7: Paid | AD7: MoM | AE7: Cases | AF7: Mean | AG7: P90 | AH7: LagP50 | AI7: SLA | AJ7: Lines | AK7: PM | AL7: median | AM7: lower | AN7: upper | AQ7: band | AS7: tile | AT7: status | AU7: paid status parts
AB8: {=IFERROR(INDEX(_xlfn.ANCHORARRAY($AV$8),$AB$6-24+ROW()-7),"")} | AC8: {=IF($AB8="","",_xlfn.LET(_xlpm.r,_xlfn.XLOOKUP($AB$3&"|"&$AB8,anSM_Seg&"|"&anSM_YM,anSM_Paid,""),IF(ISBLANK(_xlpm.r),"",_xlpm.r)))} | AD8: {=IF($AB8="","",_xlfn.LET(_xlpm.r,_xlfn.XLOOKUP($AB$3&"|"&$AB8,anSM_Seg&"|"&anSM_YM,anSM_MoM,""),IF(ISBLANK(_xlpm.r),"",_xlpm.r)))} | AE8: {=IF($AB8="","",_xlfn.LET(_xlpm.r,_xlfn.XLOOKUP($AB$3&"|"&$AB8,anSM_Seg&"|"&anSM_YM,anSM_Cases,""),IF(ISBLANK(_xlpm.r),"",_xlpm.r)))} | AF8: {=IF($AB8="","",_xlfn.LET(_xlpm.r,_xlfn.XLOOKUP($AB$3&"|"&$AB8,anSM_Seg&"|"&anSM_YM,anSM_Mean,""),IF(ISBLANK(_xlpm.r),"",_xlpm.r)))} | AG8: {=IF($AB8="","",_xlfn.LET(_xlpm.r,_xlfn.XLOOKUP($AB$3&"|"&$AB8,anSM_Seg&"|"&anSM_YM,anSM_P90,""),IF(ISBLANK(_xlpm.r),"",_xlpm.r)))} | AH8: {=IF($AB8="","",_xlfn.LET(_xlpm.r,_xlfn.XLOOKUP($AB$3&"|"&$AB8,anSM_Seg&"|"&anSM_YM,anSM_LagP50,""),IF(ISBLANK(_xlpm.r),"",_xlpm.r)))} | AI8: {=IF($AB8="","",_xlfn.LET(_xlpm.r,_xlfn.XLOOKUP($AB$3&"|"&$AB8,anSM_Seg&"|"&anSM_YM,anSM_SLA,""),IF(ISBLANK(_xlpm.r),"",_xlpm.r)))} | AJ8: {=IF($AB8="","",_xlfn.LET(_xlpm.r,_xlfn.XLOOKUP($AB$3&"|"&$AB8,anSM_Seg&"|"&anSM_YM,anSM_Lines,""),IF(ISBLANK(_xlpm.r),"",_xlpm.r)))} | AK8: {=IF($AB8="","",_xlfn.LET(_xlpm.r,_xlfn.XLOOKUP($AB$3&"|"&$AB8,anSM_Seg&"|"&anSM_YM,anSM_PM,""),IF(ISBLANK(_xlpm.r),"",_xlpm.r)))} | AL8: =IF(OR($AB8="",$AQ$8=""),"",EXP($AQ$8)) | AM8: =IF(OR($AB8="",$AQ$9=""),"",EXP($AQ$8-$AQ$10*$AQ$9)) | AN8: =IF(OR($AB8="",$AQ$9=""),"",EXP($AQ$8+$AQ$10*$AQ$9)) | AQ8: {=_xlfn.LET(_xlpm.h,_xlfn._xlws.FILTER($AC$8:$AC$30,ISNUMBER($AC$8:$AC$30)*($AC$8:$AC$30>0),""),IFERROR(MEDIAN(LN(_xlpm.h)),""))} | AS8: =_xlfn.XLOOKUP("AN_T_PAID",tblUIText[Key],tblUIText[TR],"AN_T_PAID")&" / "&_xlfn.XLOOKUP("AN_T_PAID",tblUIText[Key],tblUIText[EN],"") -> Ödenen (mn TL) / Paid (TRY m) | AT8: =$B$13 -> INSUFFICIENT DATA | AU8: {=_xlfn.LET(_xlpm.m,_xlfn.XLOOKUP("PD01",tblThreshold[KPI_ID],tblThreshold[Method],""),_xlpm.rs,_xlfn.XLOOKUP("PD01",tblThreshold[KPI_ID],tblThreshold[Status],""),_xlpm.wl,_xlfn.XLOOKUP("PD01",tblThreshold[KPI_ID],tblThreshold[WatchLevel],""),_xlpm.al,_xlfn.XLOOKUP("PD01",tblThreshold[KPI_ID],tblThreshold[AlertLevel],""),_xlpm.mm,_xlfn.XLOOKUP("PD01",tblThreshold[KPI_ID],tblThreshold[MinMonths],0),_xlpm.mn,_xlfn.XLOOKUP("PD01",tblThreshold[KPI_ID],tblThreshold[MinN],0),_xlpm.per,IF(ISNUMBER(SEARCH("WATCH: 2",_xlfn.XLOOKUP("PD01",tblThreshold[KPI_ID],tblThreshold[Persistence],""))),2,1),_xlpm.hr,$AC$8:$AC$30,_xlpm.h,_xlfn._xlws.FILTER(_xlpm.hr,ISNUMBER(_xlpm.hr),""),_xlpm.x,$AC$31,_xlpm.xp,$AC$30,_xlpm.n,$AJ$31,_xlpm.side,IF(LEFT("PD01",2)="LG",1,2),_xlpm.pc,_xlfn.LAMBDA(_xlpm.l,IF(ISNUMBER(_xlpm.l),_xlpm.l,VALUE(SUBSTITUTE(_xlpm.l,"P",""))/100)),_xlpm.br,_xlfn.LAMBDA(_xlpm.v,_xlpm.lev,IF(NOT(ISNUMBER(_xlpm.v)),FALSE,_xlfn.SWITCH(_xlpm.m,"STAT_LOGZ",_xlfn.LET(_xlpm.lh,LN(_xlfn._xlws.FILTER(_xlpm.h,_xlpm.h>0)),_xlpm.md,MEDIAN(_xlpm.lh),_xlpm.sg,1.4826*MEDIAN(ABS(_xlpm.lh-_xlpm.md)),IF(OR(_xlpm.v<=0,_xlpm.sg=0),FALSE,ABS((LN(_xlpm.v)-_xlpm.md)/_xlpm.sg)>=_xlpm.lev)),"STAT_Z",_xlfn.LET(_xlpm.md,MEDIAN(_xlpm.h),_xlpm.mad,MEDIAN(ABS(_xlpm.h-_xlpm.md)),IF(_xlpm.mad=0,FALSE,ABS(0.6745*(_xlpm.v-_xlpm.md)/_xlpm.mad)>=_xlpm.lev)),"STAT_PCT",_xlfn.LET(_xlpm.q,_xlpm.pc(_xlpm.lev),OR(_xlpm.v>_xlfn.PERCENTILE.INC(_xlpm.h,_xlpm.q),AND(_xlpm.side=2,_xlpm.v<_xlfn.PERCENTILE.INC(_xlpm.h,1-_xlpm.q)))),"FIXED",_xlpm.v>=_xlpm.lev,FALSE))),_xlpm.sfx,IF(AND(_xlpm.m="FIXED",_xlpm.rs<>"APPROVED"),"*",IF(_xlpm.rs<>"APPROVED"," (draft)","")),IF(_xlpm.m="","—",IF(OR(NOT(ISNUMBER(_xlpm.x)),COUNT(_xlpm.h)<_xlpm.mm,N(_xlpm.n)<_xlpm.mn),"INSUFFICIENT DATA",IF(_xlpm.br(_xlpm.x,_xlpm.al),"ALERT"&_xlpm.sfx,IF(AND(_xlpm.br(_xlpm.x,_xlpm.wl),OR(_xlpm.per=1,_xlpm.br(_xlpm.xp,_xlpm.wl))),"WATCH"&_xlpm.sfx,"OK"&IF(_xlpm.sfx="*","*",""))))))} -> INSUFFICIENT DATA | AV8: {=_xlfn._xlws.SORT(_xlfn.UNIQUE(_xlfn._xlws.FILTER(anSM_YM,(anSM_Seg=$AB$3)*(anSM_Lines<>"")*(anSM_YM<>""),"")))}
B9: =_xlfn.XLOOKUP("AN_T_PAID",tblUIText[Key],tblUIText[TR],"AN_T_PAID")&" / "&_xlfn.XLOOKUP("AN_T_PAID",tblUIText[Key],tblUIText[EN],"") -> Ödenen (mn TL) / Paid (TRY m) | E9: =_xlfn.XLOOKUP("AN_T_CASES",tblUIText[Key],tblUIText[TR],"AN_T_CASES")&" / "&_xlfn.XLOOKUP("AN_T_CASES",tblUIText[Key],tblUIText[EN],"") -> Dosya sayısı / Cases | H9: =_xlfn.XLOOKUP("AN_T_MEAN",tblUIText[Key],tblUIText[TR],"AN_T_MEAN")&" / "&_xlfn.XLOOKUP("AN_T_MEAN",tblUIText[Key],tblUIText[EN],"") -> Dosya başına ort. (bin TL) / Mean per case (TRY k) | K9: =_xlfn.XLOOKUP("AN_T_P90",tblUIText[Key],tblUIText[TR],"AN_T_P90")&" / "&_xlfn.XLOOKUP("AN_T_P90",tblUIText[Key],tblUIText[EN],"") -> Dosya başına P90 (bin TL) / P90 per case (TRY k) | N9: =_xlfn.XLOOKUP("AN_T_LAG",tblUIText[Key],tblUIText[TR],"AN_T_LAG")&" / "&_xlfn.XLOOKUP("AN_T_LAG",tblUIText[Key],tblUIText[EN],"") -> Hasar→ödeme P50 (gün) / Loss→payment P50 (days) | Q9: =_xlfn.XLOOKUP("AN_T_SLA",tblUIText[Key],tblUIText[TR],"AN_T_SLA")&" / "&_xlfn.XLOOKUP("AN_T_SLA",tblUIText[Key],tblUIText[EN],"") -> Uçtan uca SLA aşımı / SLA breach, end to end | AB9: {=IFERROR(INDEX(_xlfn.ANCHORARRAY($AV$8),$AB$6-24+ROW()-7),"")} | AC9: {=IF($AB9="","",_xlfn.LET(_xlpm.r,_xlfn.XLOOKUP($AB$3&"|"&$AB9,anSM_Seg&"|"&anSM_YM,anSM_Paid,""),IF(ISBLANK(_xlpm.r),"",_xlpm.r)))} | AD9: {=IF($AB9="","",_xlfn.LET(_xlpm.r,_xlfn.XLOOKUP($AB$3&"|"&$AB9,anSM_Seg&"|"&anSM_YM,anSM_MoM,""),IF(ISBLANK(_xlpm.r),"",_xlpm.r)))} | AE9: {=IF($AB9="","",_xlfn.LET(_xlpm.r,_xlfn.XLOOKUP($AB$3&"|"&$AB9,anSM_Seg&"|"&anSM_YM,anSM_Cases,""),IF(ISBLANK(_xlpm.r),"",_xlpm.r)))} | AF9: {=IF($AB9="","",_xlfn.LET(_xlpm.r,_xlfn.XLOOKUP($AB$3&"|"&$AB9,anSM_Seg&"|"&anSM_YM,anSM_Mean,""),IF(ISBLANK(_xlpm.r),"",_xlpm.r)))} | AG9: {=IF($AB9="","",_xlfn.LET(_xlpm.r,_xlfn.XLOOKUP($AB$3&"|"&$AB9,anSM_Seg&"|"&anSM_YM,anSM_P90,""),IF(ISBLANK(_xlpm.r),"",_xlpm.r)))} | AH9: {=IF($AB9="","",_xlfn.LET(_xlpm.r,_xlfn.XLOOKUP($AB$3&"|"&$AB9,anSM_Seg&"|"&anSM_YM,anSM_LagP50,""),IF(ISBLANK(_xlpm.r),"",_xlpm.r)))} | AI9: {=IF($AB9="","",_xlfn.LET(_xlpm.r,_xlfn.XLOOKUP($AB$3&"|"&$AB9,anSM_Seg&"|"&anSM_YM,anSM_SLA,""),IF(ISBLANK(_xlpm.r),"",_xlpm.r)))} | AJ9: {=IF($AB9="","",_xlfn.LET(_xlpm.r,_xlfn.XLOOKUP($AB$3&"|"&$AB9,anSM_Seg&"|"&anSM_YM,anSM_Lines,""),IF(ISBLANK(_xlpm.r),"",_xlpm.r)))} | AK9: {=IF($AB9="","",_xlfn.LET(_xlpm.r,_xlfn.XLOOKUP($AB$3&"|"&$AB9,anSM_Seg&"|"&anSM_YM,anSM_PM,""),IF(ISBLANK(_xlpm.r),"",_xlpm.r)))} | AL9: =IF(OR($AB9="",$AQ$8=""),"",EXP($AQ$8)) | AM9: =IF(OR($AB9="",$AQ$9=""),"",EXP($AQ$8-$AQ$10*$AQ$9)) | AN9: =IF(OR($AB9="",$AQ$9=""),"",EXP($AQ$8+$AQ$10*$AQ$9)) | AQ9: {=_xlfn.LET(_xlpm.h,_xlfn._xlws.FILTER($AC$8:$AC$30,ISNUMBER($AC$8:$AC$30)*($AC$8:$AC$30>0),""),_xlpm.lh,LN(_xlpm.h),_xlpm.md,MEDIAN(_xlpm.lh),IFERROR(1.4826*MEDIAN(ABS(_xlpm.lh-_xlpm.md)),""))} | AS9: =_xlfn.XLOOKUP("AN_T_CASES",tblUIText[Key],tblUIText[TR],"AN_T_CASES")&" / "&_xlfn.XLOOKUP("AN_T_CASES",tblUIText[Key],tblUIText[EN],"") -> Dosya sayısı / Cases | AT9: =$E$13 -> — | AU9: {=_xlfn.LET(_xlpm.m,_xlfn.XLOOKUP("TI01",tblThreshold[KPI_ID],tblThreshold[Method],""),_xlpm.rs,_xlfn.XLOOKUP("TI01",tblThreshold[KPI_ID],tblThreshold[Status],""),_xlpm.mm,_xlfn.XLOOKUP("TI01",tblThreshold[KPI_ID],tblThreshold[MinMonths],12),_xlpm.hr,$AC$19:$AC$30,_xlpm.h,_xlfn._xlws.FILTER(_xlpm.hr,ISNUMBER(_xlpm.hr),""),_xlpm.x,$AD$31,_xlpm.pv,$AC$30,_xlpm.dn,_xlfn.XLOOKUP("MomDropLimit",AnParam[Param],AnParam[Value]),_xlpm.up,_xlfn.XLOOKUP("MomRiseLimit",AnParam[Param],AnParam[Value]),_xlpm.ms,_xlfn.XLOOKUP("MomMaterialityShare",AnParam[Param],AnParam[Value]),_xlpm.sfx,IF(_xlpm.rs<>"APPROVED"," (draft)",""),IF(_xlpm.m<>"MOM_RULE","—",IF(OR(NOT(ISNUMBER(_xlpm.x)),NOT(ISNUMBER(_xlpm.pv)),COUNT(_xlpm.h)<MIN(_xlpm.mm,12)),"INSUFFICIENT DATA",IF(_xlpm.pv<=_xlpm.ms*AVERAGE(_xlpm.h),"OK",IF(OR(_xlpm.x<=_xlpm.dn,_xlpm.x>=_xlpm.up),"WATCH"&_xlpm.sfx,"OK")))))} -> INSUFFICIENT DATA
B10: {=IF(ISNUMBER($AC$31),anNum($AC$31/1000000,1),"")} | E10: {=IF(ISNUMBER($AE$31),anNum($AE$31,0),"")} | H10: {=IF(ISNUMBER($AF$31),anNum($AF$31/1000,1),"")} | K10: {=IF(ISNUMBER($AG$31),anNum($AG$31/1000,1),"")} | N10: {=IF(ISNUMBER($AH$31),anNum($AH$31,1),"")} | Q10: {=IF(ISNUMBER($AI$31),anPct($AI$31,1),"")} | AB10: {=IFERROR(INDEX(_xlfn.ANCHORARRAY($AV$8),$AB$6-24+ROW()-7),"")} | AC10: {=IF($AB10="","",_xlfn.LET(_xlpm.r,_xlfn.XLOOKUP($AB$3&"|"&$AB10,anSM_Seg&"|"&anSM_YM,anSM_Paid,""),IF(ISBLANK(_xlpm.r),"",_xlpm.r)))} | AD10: {=IF($AB10="","",_xlfn.LET(_xlpm.r,_xlfn.XLOOKUP($AB$3&"|"&$AB10,anSM_Seg&"|"&anSM_YM,anSM_MoM,""),IF(ISBLANK(_xlpm.r),"",_xlpm.r)))} | AE10: {=IF($AB10="","",_xlfn.LET(_xlpm.r,_xlfn.XLOOKUP($AB$3&"|"&$AB10,anSM_Seg&"|"&anSM_YM,anSM_Cases,""),IF(ISBLANK(_xlpm.r),"",_xlpm.r)))} | AF10: {=IF($AB10="","",_xlfn.LET(_xlpm.r,_xlfn.XLOOKUP($AB$3&"|"&$AB10,anSM_Seg&"|"&anSM_YM,anSM_Mean,""),IF(ISBLANK(_xlpm.r),"",_xlpm.r)))} | AG10: {=IF($AB10="","",_xlfn.LET(_xlpm.r,_xlfn.XLOOKUP($AB$3&"|"&$AB10,anSM_Seg&"|"&anSM_YM,anSM_P90,""),IF(ISBLANK(_xlpm.r),"",_xlpm.r)))} | AH10: {=IF($AB10="","",_xlfn.LET(_xlpm.r,_xlfn.XLOOKUP($AB$3&"|"&$AB10,anSM_Seg&"|"&anSM_YM,anSM_LagP50,""),IF(ISBLANK(_xlpm.r),"",_xlpm.r)))} | AI10: {=IF($AB10="","",_xlfn.LET(_xlpm.r,_xlfn.XLOOKUP($AB$3&"|"&$AB10,anSM_Seg&"|"&anSM_YM,anSM_SLA,""),IF(ISBLANK(_xlpm.r),"",_xlpm.r)))} | AJ10: {=IF($AB10="","",_xlfn.LET(_xlpm.r,_xlfn.XLOOKUP($AB$3&"|"&$AB10,anSM_Seg&"|"&anSM_YM,anSM_Lines,""),IF(ISBLANK(_xlpm.r),"",_xlpm.r)))} | AK10: {=IF($AB10="","",_xlfn.LET(_xlpm.r,_xlfn.XLOOKUP($AB$3&"|"&$AB10,anSM_Seg&"|"&anSM_YM,anSM_PM,""),IF(ISBLANK(_xlpm.r),"",_xlpm.r)))} | AL10: =IF(OR($AB10="",$AQ$8=""),"",EXP($AQ$8)) | AM10: =IF(OR($AB10="",$AQ$9=""),"",EXP($AQ$8-$AQ$10*$AQ$9)) | AN10: =IF(OR($AB10="",$AQ$9=""),"",EXP($AQ$8+$AQ$10*$AQ$9)) | AQ10: =_xlfn.XLOOKUP("TrendBandWidth",AnParam[Param],AnParam[Value],2.5) -> 2.5 | AS10: =_xlfn.XLOOKUP("AN_T_MEAN",tblUIText[Key],tblUIText[TR],"AN_T_MEAN")&" / "&_xlfn.XLOOKUP("AN_T_MEAN",tblUIText[Key],tblUIText[EN],"") -> Dosya başına ort. (bin TL) / Mean per case (TRY k) | AT10: =$H$13 -> INSUFFICIENT DATA | AU10: {=_xlfn.LET(_xlpm.a,$AU$8,_xlpm.b,$AU$9,_xlpm.r,_xlfn.LAMBDA(_xlpm.s,IF(RIGHT(_xlpm.s,1)="*",1.5,IF(LEFT(_xlpm.s,5)="ALERT",4,IF(LEFT(_xlpm.s,5)="WATCH",3,IF(LEFT(_xlpm.s,2)="OK",2,IF(LEFT(_xlpm.s,5)="INSUF",1,0)))))),IF(_xlpm.r(_xlpm.a)>=_xlpm.r(_xlpm.b),_xlpm.a,_xlpm.b))} -> INSUFFICIENT DATA
B11: {=IF(ISNUMBER($AD$31),anPctS($AD$31,1)&" "&_xlfn.XLOOKUP("AN_T_VSPM_S",tblUIText[Key],tblUIText[TR],"AN_T_VSPM_S")&" / "&_xlfn.XLOOKUP("AN_T_VSPM_S",tblUIText[Key],tblUIText[EN],""),"")} | E11: {=IF(AND(ISNUMBER($AE$31),ISNUMBER($AE$30)),anPctS($AE$31/$AE$30-1,1)&" "&_xlfn.XLOOKUP("AN_T_VSPM_S",tblUIText[Key],tblUIText[TR],"AN_T_VSPM_S")&" / "&_xlfn.XLOOKUP("AN_T_VSPM_S",tblUIText[Key],tblUIText[EN],""),"")} | H11: {=IF(AND(ISNUMBER($AF$31),ISNUMBER($AF$30)),anPctS($AF$31/$AF$30-1,1)&" "&_xlfn.XLOOKUP("AN_T_VSPM_S",tblUIText[Key],tblUIText[TR],"AN_T_VSPM_S")&" / "&_xlfn.XLOOKUP("AN_T_VSPM_S",tblUIText[Key],tblUIText[EN],""),"")} | K11: {=IF(AND(ISNUMBER($AG$31),ISNUMBER($AG$30)),anPctS($AG$31/$AG$30-1,1)&" "&_xlfn.XLOOKUP("AN_T_VSPM_S",tblUIText[Key],tblUIText[TR],"AN_T_VSPM_S")&" / "&_xlfn.XLOOKUP("AN_T_VSPM_S",tblUIText[Key],tblUIText[EN],""),"")} | N11: {=IF(AND(ISNUMBER($AH$31),ISNUMBER($AH$30)),anSgn($AH$31-$AH$30,1)&" "&_xlfn.XLOOKUP("AN_W_DAYS",tblUIText[Key],tblUIText[TR],"AN_W_DAYS")&" / "&_xlfn.XLOOKUP("AN_W_DAYS",tblUIText[Key],tblUIText[EN],""),"")} | Q11: {=IF(AND(ISNUMBER($AI$31),ISNUMBER($AI$30)),anSgn(($AI$31-$AI$30)*100,1)&" "&_xlfn.XLOOKUP("AN_W_PP",tblUIText[Key],tblUIText[TR],"AN_W_PP")&" / "&_xlfn.XLOOKUP("AN_W_PP",tblUIText[Key],tblUIText[EN],""),"")} | AB11: {=IFERROR(INDEX(_xlfn.ANCHORARRAY($AV$8),$AB$6-24+ROW()-7),"")} | AC11: {=IF($AB11="","",_xlfn.LET(_xlpm.r,_xlfn.XLOOKUP($AB$3&"|"&$AB11,anSM_Seg&"|"&anSM_YM,anSM_Paid,""),IF(ISBLANK(_xlpm.r),"",_xlpm.r)))} | AD11: {=IF($AB11="","",_xlfn.LET(_xlpm.r,_xlfn.XLOOKUP($AB$3&"|"&$AB11,anSM_Seg&"|"&anSM_YM,anSM_MoM,""),IF(ISBLANK(_xlpm.r),"",_xlpm.r)))} | AE11: {=IF($AB11="","",_xlfn.LET(_xlpm.r,_xlfn.XLOOKUP($AB$3&"|"&$AB11,anSM_Seg&"|"&anSM_YM,anSM_Cases,""),IF(ISBLANK(_xlpm.r),"",_xlpm.r)))} | AF11: {=IF($AB11="","",_xlfn.LET(_xlpm.r,_xlfn.XLOOKUP($AB$3&"|"&$AB11,anSM_Seg&"|"&anSM_YM,anSM_Mean,""),IF(ISBLANK(_xlpm.r),"",_xlpm.r)))} | AG11: {=IF($AB11="","",_xlfn.LET(_xlpm.r,_xlfn.XLOOKUP($AB$3&"|"&$AB11,anSM_Seg&"|"&anSM_YM,anSM_P90,""),IF(ISBLANK(_xlpm.r),"",_xlpm.r)))} | AH11: {=IF($AB11="","",_xlfn.LET(_xlpm.r,_xlfn.XLOOKUP($AB$3&"|"&$AB11,anSM_Seg&"|"&anSM_YM,anSM_LagP50,""),IF(ISBLANK(_xlpm.r),"",_xlpm.r)))} | AI11: {=IF($AB11="","",_xlfn.LET(_xlpm.r,_xlfn.XLOOKUP($AB$3&"|"&$AB11,anSM_Seg&"|"&anSM_YM,anSM_SLA,""),IF(ISBLANK(_xlpm.r),"",_xlpm.r)))} | AJ11: {=IF($AB11="","",_xlfn.LET(_xlpm.r,_xlfn.XLOOKUP($AB$3&"|"&$AB11,anSM_Seg&"|"&anSM_YM,anSM_Lines,""),IF(ISBLANK(_xlpm.r),"",_xlpm.r)))} | AK11: {=IF($AB11="","",_xlfn.LET(_xlpm.r,_xlfn.XLOOKUP($AB$3&"|"&$AB11,anSM_Seg&"|"&anSM_YM,anSM_PM,""),IF(ISBLANK(_xlpm.r),"",_xlpm.r)))} | AL11: =IF(OR($AB11="",$AQ$8=""),"",EXP($AQ$8)) | AM11: =IF(OR($AB11="",$AQ$9=""),"",EXP($AQ$8-$AQ$10*$AQ$9)) | AN11: =IF(OR($AB11="",$AQ$9=""),"",EXP($AQ$8+$AQ$10*$AQ$9)) | AS11: =_xlfn.XLOOKUP("AN_T_P90",tblUIText[Key],tblUIText[TR],"AN_T_P90")&" / "&_xlfn.XLOOKUP("AN_T_P90",tblUIText[Key],tblUIText[EN],"") -> Dosya başına P90 (bin TL) / P90 per case (TRY k) | AT11: =$K$13 -> INSUFFICIENT DATA
AB12: {=IFERROR(INDEX(_xlfn.ANCHORARRAY($AV$8),$AB$6-24+ROW()-7),"")} | AC12: {=IF($AB12="","",_xlfn.LET(_xlpm.r,_xlfn.XLOOKUP($AB$3&"|"&$AB12,anSM_Seg&"|"&anSM_YM,anSM_Paid,""),IF(ISBLANK(_xlpm.r),"",_xlpm.r)))} | AD12: {=IF($AB12="","",_xlfn.LET(_xlpm.r,_xlfn.XLOOKUP($AB$3&"|"&$AB12,anSM_Seg&"|"&anSM_YM,anSM_MoM,""),IF(ISBLANK(_xlpm.r),"",_xlpm.r)))} | AE12: {=IF($AB12="","",_xlfn.LET(_xlpm.r,_xlfn.XLOOKUP($AB$3&"|"&$AB12,anSM_Seg&"|"&anSM_YM,anSM_Cases,""),IF(ISBLANK(_xlpm.r),"",_xlpm.r)))} | AF12: {=IF($AB12="","",_xlfn.LET(_xlpm.r,_xlfn.XLOOKUP($AB$3&"|"&$AB12,anSM_Seg&"|"&anSM_YM,anSM_Mean,""),IF(ISBLANK(_xlpm.r),"",_xlpm.r)))} | AG12: {=IF($AB12="","",_xlfn.LET(_xlpm.r,_xlfn.XLOOKUP($AB$3&"|"&$AB12,anSM_Seg&"|"&anSM_YM,anSM_P90,""),IF(ISBLANK(_xlpm.r),"",_xlpm.r)))} | AH12: {=IF($AB12="","",_xlfn.LET(_xlpm.r,_xlfn.XLOOKUP($AB$3&"|"&$AB12,anSM_Seg&"|"&anSM_YM,anSM_LagP50,""),IF(ISBLANK(_xlpm.r),"",_xlpm.r)))} | AI12: {=IF($AB12="","",_xlfn.LET(_xlpm.r,_xlfn.XLOOKUP($AB$3&"|"&$AB12,anSM_Seg&"|"&anSM_YM,anSM_SLA,""),IF(ISBLANK(_xlpm.r),"",_xlpm.r)))} | AJ12: {=IF($AB12="","",_xlfn.LET(_xlpm.r,_xlfn.XLOOKUP($AB$3&"|"&$AB12,anSM_Seg&"|"&anSM_YM,anSM_Lines,""),IF(ISBLANK(_xlpm.r),"",_xlpm.r)))} | AK12: {=IF($AB12="","",_xlfn.LET(_xlpm.r,_xlfn.XLOOKUP($AB$3&"|"&$AB12,anSM_Seg&"|"&anSM_YM,anSM_PM,""),IF(ISBLANK(_xlpm.r),"",_xlpm.r)))} | AL12: =IF(OR($AB12="",$AQ$8=""),"",EXP($AQ$8)) | AM12: =IF(OR($AB12="",$AQ$9=""),"",EXP($AQ$8-$AQ$10*$AQ$9)) | AN12: =IF(OR($AB12="",$AQ$9=""),"",EXP($AQ$8+$AQ$10*$AQ$9)) | AQ12: {=SUMPRODUCT(((LEFT($AT$8:$AT$13,5)="WATCH")+(LEFT($AT$8:$AT$13,5)="ALERT"))*(RIGHT($AT$8:$AT$13,1)<>"*"))} -> 0 | AS12: =_xlfn.XLOOKUP("AN_T_LAG",tblUIText[Key],tblUIText[TR],"AN_T_LAG")&" / "&_xlfn.XLOOKUP("AN_T_LAG",tblUIText[Key],tblUIText[EN],"") -> Hasar→ödeme P50 (gün) / Loss→payment P50 (days) | AT12: =$N$13 -> INSUFFICIENT DATA
B13: =$AU$10 -> INSUFFICIENT DATA | E13: {=_xlfn.LET(_xlpm.m,_xlfn.XLOOKUP("CT02",tblThreshold[KPI_ID],tblThreshold[Method],""),_xlpm.rs,_xlfn.XLOOKUP("CT02",tblThreshold[KPI_ID],tblThreshold[Status],""),_xlpm.wl,_xlfn.XLOOKUP("CT02",tblThreshold[KPI_ID],tblThreshold[WatchLevel],""),_xlpm.al,_xlfn.XLOOKUP("CT02",tblThreshold[KPI_ID],tblThreshold[AlertLevel],""),_xlpm.mm,_xlfn.XLOOKUP("CT02",tblThreshold[KPI_ID],tblThreshold[MinMonths],0),_xlpm.mn,_xlfn.XLOOKUP("CT02",tblThreshold[KPI_ID],tblThreshold[MinN],0),_xlpm.per,IF(ISNUMBER(SEARCH("WATCH: 2",_xlfn.XLOOKUP("CT02",tblThreshold[KPI_ID],tblThreshold[Persistence],""))),2,1),_xlpm.hr,$AE$8:$AE$30,_xlpm.h,_xlfn._xlws.FILTER(_xlpm.hr,ISNUMBER(_xlpm.hr),""),_xlpm.x,$AE$31,_xlpm.xp,$AE$30,_xlpm.n,$AE$31,_xlpm.side,IF(LEFT("CT02",2)="LG",1,2),_xlpm.pc,_xlfn.LAMBDA(_xlpm.l,IF(ISNUMBER(_xlpm.l),_xlpm.l,VALUE(SUBSTITUTE(_xlpm.l,"P",""))/100)),_xlpm.br,_xlfn.LAMBDA(_xlpm.v,_xlpm.lev,IF(NOT(ISNUMBER(_xlpm.v)),FALSE,_xlfn.SWITCH(_xlpm.m,"STAT_LOGZ",_xlfn.LET(_xlpm.lh,LN(_xlfn._xlws.FILTER(_xlpm.h,_xlpm.h>0)),_xlpm.md,MEDIAN(_xlpm.lh),_xlpm.sg,1.4826*MEDIAN(ABS(_xlpm.lh-_xlpm.md)),IF(OR(_xlpm.v<=0,_xlpm.sg=0),FALSE,ABS((LN(_xlpm.v)-_xlpm.md)/_xlpm.sg)>=_xlpm.lev)),"STAT_Z",_xlfn.LET(_xlpm.md,MEDIAN(_xlpm.h),_xlpm.mad,MEDIAN(ABS(_xlpm.h-_xlpm.md)),IF(_xlpm.mad=0,FALSE,ABS(0.6745*(_xlpm.v-_xlpm.md)/_xlpm.mad)>=_xlpm.lev)),"STAT_PCT",_xlfn.LET(_xlpm.q,_xlpm.pc(_xlpm.lev),OR(_xlpm.v>_xlfn.PERCENTILE.INC(_xlpm.h,_xlpm.q),AND(_xlpm.side=2,_xlpm.v<_xlfn.PERCENTILE.INC(_xlpm.h,1-_xlpm.q)))),"FIXED",_xlpm.v>=_xlpm.lev,FALSE))),_xlpm.sfx,IF(AND(_xlpm.m="FIXED",_xlpm.rs<>"APPROVED"),"*",IF(_xlpm.rs<>"APPROVED"," (draft)","")),IF(_xlpm.m="","—",IF(OR(NOT(ISNUMBER(_xlpm.x)),COUNT(_xlpm.h)<_xlpm.mm,N(_xlpm.n)<_xlpm.mn),"INSUFFICIENT DATA",IF(_xlpm.br(_xlpm.x,_xlpm.al),"ALERT"&_xlpm.sfx,IF(AND(_xlpm.br(_xlpm.x,_xlpm.wl),OR(_xlpm.per=1,_xlpm.br(_xlpm.xp,_xlpm.wl))),"WATCH"&_xlpm.sfx,"OK"&IF(_xlpm.sfx="*","*",""))))))} -> — | H13: {=_xlfn.LET(_xlpm.m,_xlfn.XLOOKUP("AV01",tblThreshold[KPI_ID],tblThreshold[Method],""),_xlpm.rs,_xlfn.XLOOKUP("AV01",tblThreshold[KPI_ID],tblThreshold[Status],""),_xlpm.wl,_xlfn.XLOOKUP("AV01",tblThreshold[KPI_ID],tblThreshold[WatchLevel],""),_xlpm.al,_xlfn.XLOOKUP("AV01",tblThreshold[KPI_ID],tblThreshold[AlertLevel],""),_xlpm.mm,_xlfn.XLOOKUP("AV01",tblThreshold[KPI_ID],tblThreshold[MinMonths],0),_xlpm.mn,_xlfn.XLOOKUP("AV01",tblThreshold[KPI_ID],tblThreshold[MinN],0),_xlpm.per,IF(ISNUMBER(SEARCH("WATCH: 2",_xlfn.XLOOKUP("AV01",tblThreshold[KPI_ID],tblThreshold[Persistence],""))),2,1),_xlpm.hr,$AF$8:$AF$30,_xlpm.h,_xlfn._xlws.FILTER(_xlpm.hr,ISNUMBER(_xlpm.hr),""),_xlpm.x,$AF$31,_xlpm.xp,$AF$30,_xlpm.n,$AE$31,_xlpm.side,IF(LEFT("AV01",2)="LG",1,2),_xlpm.pc,_xlfn.LAMBDA(_xlpm.l,IF(ISNUMBER(_xlpm.l),_xlpm.l,VALUE(SUBSTITUTE(_xlpm.l,"P",""))/100)),_xlpm.br,_xlfn.LAMBDA(_xlpm.v,_xlpm.lev,IF(NOT(ISNUMBER(_xlpm.v)),FALSE,_xlfn.SWITCH(_xlpm.m,"STAT_LOGZ",_xlfn.LET(_xlpm.lh,LN(_xlfn._xlws.FILTER(_xlpm.h,_xlpm.h>0)),_xlpm.md,MEDIAN(_xlpm.lh),_xlpm.sg,1.4826*MEDIAN(ABS(_xlpm.lh-_xlpm.md)),IF(OR(_xlpm.v<=0,_xlpm.sg=0),FALSE,ABS((LN(_xlpm.v)-_xlpm.md)/_xlpm.sg)>=_xlpm.lev)),"STAT_Z",_xlfn.LET(_xlpm.md,MEDIAN(_xlpm.h),_xlpm.mad,MEDIAN(ABS(_xlpm.h-_xlpm.md)),IF(_xlpm.mad=0,FALSE,ABS(0.6745*(_xlpm.v-_xlpm.md)/_xlpm.mad)>=_xlpm.lev)),"STAT_PCT",_xlfn.LET(_xlpm.q,_xlpm.pc(_xlpm.lev),OR(_xlpm.v>_xlfn.PERCENTILE.INC(_xlpm.h,_xlpm.q),AND(_xlpm.side=2,_xlpm.v<_xlfn.PERCENTILE.INC(_xlpm.h,1-_xlpm.q)))),"FIXED",_xlpm.v>=_xlpm.lev,FALSE))),_xlpm.sfx,IF(AND(_xlpm.m="FIXED",_xlpm.rs<>"APPROVED"),"*",IF(_xlpm.rs<>"APPROVED"," (draft)","")),IF(_xlpm.m="","—",IF(OR(NOT(ISNUMBER(_xlpm.x)),COUNT(_xlpm.h)<_xlpm.mm,N(_xlpm.n)<_xlpm.mn),"INSUFFICIENT DATA",IF(_xlpm.br(_xlpm.x,_xlpm.al),"ALERT"&_xlpm.sfx,IF(AND(_xlpm.br(_xlpm.x,_xlpm.wl),OR(_xlpm.per=1,_xlpm.br(_xlpm.xp,_xlpm.wl))),"WATCH"&_xlpm.sfx,"OK"&IF(_xlpm.sfx="*","*",""))))))} -> INSUFFICIENT DATA | K13: {=_xlfn.LET(_xlpm.m,_xlfn.XLOOKUP("AV03",tblThreshold[KPI_ID],tblThreshold[Method],""),_xlpm.rs,_xlfn.XLOOKUP("AV03",tblThreshold[KPI_ID],tblThreshold[Status],""),_xlpm.wl,_xlfn.XLOOKUP("AV03",tblThreshold[KPI_ID],tblThreshold[WatchLevel],""),_xlpm.al,_xlfn.XLOOKUP("AV03",tblThreshold[KPI_ID],tblThreshold[AlertLevel],""),_xlpm.mm,_xlfn.XLOOKUP("AV03",tblThreshold[KPI_ID],tblThreshold[MinMonths],0),_xlpm.mn,_xlfn.XLOOKUP("AV03",tblThreshold[KPI_ID],tblThreshold[MinN],0),_xlpm.per,IF(ISNUMBER(SEARCH("WATCH: 2",_xlfn.XLOOKUP("AV03",tblThreshold[KPI_ID],tblThreshold[Persistence],""))),2,1),_xlpm.hr,$AG$8:$AG$30,_xlpm.h,_xlfn._xlws.FILTER(_xlpm.hr,ISNUMBER(_xlpm.hr),""),_xlpm.x,$AG$31,_xlpm.xp,$AG$30,_xlpm.n,$AE$31,_xlpm.side,IF(LEFT("AV03",2)="LG",1,2),_xlpm.pc,_xlfn.LAMBDA(_xlpm.l,IF(ISNUMBER(_xlpm.l),_xlpm.l,VALUE(SUBSTITUTE(_xlpm.l,"P",""))/100)),_xlpm.br,_xlfn.LAMBDA(_xlpm.v,_xlpm.lev,IF(NOT(ISNUMBER(_xlpm.v)),FALSE,_xlfn.SWITCH(_xlpm.m,"STAT_LOGZ",_xlfn.LET(_xlpm.lh,LN(_xlfn._xlws.FILTER(_xlpm.h,_xlpm.h>0)),_xlpm.md,MEDIAN(_xlpm.lh),_xlpm.sg,1.4826*MEDIAN(ABS(_xlpm.lh-_xlpm.md)),IF(OR(_xlpm.v<=0,_xlpm.sg=0),FALSE,ABS((LN(_xlpm.v)-_xlpm.md)/_xlpm.sg)>=_xlpm.lev)),"STAT_Z",_xlfn.LET(_xlpm.md,MEDIAN(_xlpm.h),_xlpm.mad,MEDIAN(ABS(_xlpm.h-_xlpm.md)),IF(_xlpm.mad=0,FALSE,ABS(0.6745*(_xlpm.v-_xlpm.md)/_xlpm.mad)>=_xlpm.lev)),"STAT_PCT",_xlfn.LET(_xlpm.q,_xlpm.pc(_xlpm.lev),OR(_xlpm.v>_xlfn.PERCENTILE.INC(_xlpm.h,_xlpm.q),AND(_xlpm.side=2,_xlpm.v<_xlfn.PERCENTILE.INC(_xlpm.h,1-_xlpm.q)))),"FIXED",_xlpm.v>=_xlpm.lev,FALSE))),_xlpm.sfx,IF(AND(_xlpm.m="FIXED",_xlpm.rs<>"APPROVED"),"*",IF(_xlpm.rs<>"APPROVED"," (draft)","")),IF(_xlpm.m="","—",IF(OR(NOT(ISNUMBER(_xlpm.x)),COUNT(_xlpm.h)<_xlpm.mm,N(_xlpm.n)<_xlpm.mn),"INSUFFICIENT DATA",IF(_xlpm.br(_xlpm.x,_xlpm.al),"ALERT"&_xlpm.sfx,IF(AND(_xlpm.br(_xlpm.x,_xlpm.wl),OR(_xlpm.per=1,_xlpm.br(_xlpm.xp,_xlpm.wl))),"WATCH"&_xlpm.sfx,"OK"&IF(_xlpm.sfx="*","*",""))))))} -> INSUFFICIENT DATA | N13: {=_xlfn.LET(_xlpm.m,_xlfn.XLOOKUP("LG06",tblThreshold[KPI_ID],tblThreshold[Method],""),_xlpm.rs,_xlfn.XLOOKUP("LG06",tblThreshold[KPI_ID],tblThreshold[Status],""),_xlpm.wl,_xlfn.XLOOKUP("LG06",tblThreshold[KPI_ID],tblThreshold[WatchLevel],""),_xlpm.al,_xlfn.XLOOKUP("LG06",tblThreshold[KPI_ID],tblThreshold[AlertLevel],""),_xlpm.mm,_xlfn.XLOOKUP("LG06",tblThreshold[KPI_ID],tblThreshold[MinMonths],0),_xlpm.mn,_xlfn.XLOOKUP("LG06",tblThreshold[KPI_ID],tblThreshold[MinN],0),_xlpm.per,IF(ISNUMBER(SEARCH("WATCH: 2",_xlfn.XLOOKUP("LG06",tblThreshold[KPI_ID],tblThreshold[Persistence],""))),2,1),_xlpm.hr,$AH$8:$AH$30,_xlpm.h,_xlfn._xlws.FILTER(_xlpm.hr,ISNUMBER(_xlpm.hr),""),_xlpm.x,$AH$31,_xlpm.xp,$AH$30,_xlpm.n,$AJ$31,_xlpm.side,IF(LEFT("LG06",2)="LG",1,2),_xlpm.pc,_xlfn.LAMBDA(_xlpm.l,IF(ISNUMBER(_xlpm.l),_xlpm.l,VALUE(SUBSTITUTE(_xlpm.l,"P",""))/100)),_xlpm.br,_xlfn.LAMBDA(_xlpm.v,_xlpm.lev,IF(NOT(ISNUMBER(_xlpm.v)),FALSE,_xlfn.SWITCH(_xlpm.m,"STAT_LOGZ",_xlfn.LET(_xlpm.lh,LN(_xlfn._xlws.FILTER(_xlpm.h,_xlpm.h>0)),_xlpm.md,MEDIAN(_xlpm.lh),_xlpm.sg,1.4826*MEDIAN(ABS(_xlpm.lh-_xlpm.md)),IF(OR(_xlpm.v<=0,_xlpm.sg=0),FALSE,ABS((LN(_xlpm.v)-_xlpm.md)/_xlpm.sg)>=_xlpm.lev)),"STAT_Z",_xlfn.LET(_xlpm.md,MEDIAN(_xlpm.h),_xlpm.mad,MEDIAN(ABS(_xlpm.h-_xlpm.md)),IF(_xlpm.mad=0,FALSE,ABS(0.6745*(_xlpm.v-_xlpm.md)/_xlpm.mad)>=_xlpm.lev)),"STAT_PCT",_xlfn.LET(_xlpm.q,_xlpm.pc(_xlpm.lev),OR(_xlpm.v>_xlfn.PERCENTILE.INC(_xlpm.h,_xlpm.q),AND(_xlpm.side=2,_xlpm.v<_xlfn.PERCENTILE.INC(_xlpm.h,1-_xlpm.q)))),"FIXED",_xlpm.v>=_xlpm.lev,FALSE))),_xlpm.sfx,IF(AND(_xlpm.m="FIXED",_xlpm.rs<>"APPROVED"),"*",IF(_xlpm.rs<>"APPROVED"," (draft)","")),IF(_xlpm.m="","—",IF(OR(NOT(ISNUMBER(_xlpm.x)),COUNT(_xlpm.h)<_xlpm.mm,N(_xlpm.n)<_xlpm.mn),"INSUFFICIENT DATA",IF(_xlpm.br(_xlpm.x,_xlpm.al),"ALERT"&_xlpm.sfx,IF(AND(_xlpm.br(_xlpm.x,_xlpm.wl),OR(_xlpm.per=1,_xlpm.br(_xlpm.xp,_xlpm.wl))),"WATCH"&_xlpm.sfx,"OK"&IF(_xlpm.sfx="*","*",""))))))} -> INSUFFICIENT DATA | Q13: {=_xlfn.LET(_xlpm.m,_xlfn.XLOOKUP("LG07",tblThreshold[KPI_ID],tblThreshold[Method],""),_xlpm.rs,_xlfn.XLOOKUP("LG07",tblThreshold[KPI_ID],tblThreshold[Status],""),_xlpm.wl,_xlfn.XLOOKUP("LG07",tblThreshold[KPI_ID],tblThreshold[WatchLevel],""),_xlpm.al,_xlfn.XLOOKUP("LG07",tblThreshold[KPI_ID],tblThreshold[AlertLevel],""),_xlpm.mm,_xlfn.XLOOKUP("LG07",tblThreshold[KPI_ID],tblThreshold[MinMonths],0),_xlpm.mn,_xlfn.XLOOKUP("LG07",tblThreshold[KPI_ID],tblThreshold[MinN],0),_xlpm.per,IF(ISNUMBER(SEARCH("WATCH: 2",_xlfn.XLOOKUP("LG07",tblThreshold[KPI_ID],tblThreshold[Persistence],""))),2,1),_xlpm.hr,$AI$8:$AI$30,_xlpm.h,_xlfn._xlws.FILTER(_xlpm.hr,ISNUMBER(_xlpm.hr),""),_xlpm.x,$AI$31,_xlpm.xp,$AI$30,_xlpm.n,$AJ$31,_xlpm.side,IF(LEFT("LG07",2)="LG",1,2),_xlpm.pc,_xlfn.LAMBDA(_xlpm.l,IF(ISNUMBER(_xlpm.l),_xlpm.l,VALUE(SUBSTITUTE(_xlpm.l,"P",""))/100)),_xlpm.br,_xlfn.LAMBDA(_xlpm.v,_xlpm.lev,IF(NOT(ISNUMBER(_xlpm.v)),FALSE,_xlfn.SWITCH(_xlpm.m,"STAT_LOGZ",_xlfn.LET(_xlpm.lh,LN(_xlfn._xlws.FILTER(_xlpm.h,_xlpm.h>0)),_xlpm.md,MEDIAN(_xlpm.lh),_xlpm.sg,1.4826*MEDIAN(ABS(_xlpm.lh-_xlpm.md)),IF(OR(_xlpm.v<=0,_xlpm.sg=0),FALSE,ABS((LN(_xlpm.v)-_xlpm.md)/_xlpm.sg)>=_xlpm.lev)),"STAT_Z",_xlfn.LET(_xlpm.md,MEDIAN(_xlpm.h),_xlpm.mad,MEDIAN(ABS(_xlpm.h-_xlpm.md)),IF(_xlpm.mad=0,FALSE,ABS(0.6745*(_xlpm.v-_xlpm.md)/_xlpm.mad)>=_xlpm.lev)),"STAT_PCT",_xlfn.LET(_xlpm.q,_xlpm.pc(_xlpm.lev),OR(_xlpm.v>_xlfn.PERCENTILE.INC(_xlpm.h,_xlpm.q),AND(_xlpm.side=2,_xlpm.v<_xlfn.PERCENTILE.INC(_xlpm.h,1-_xlpm.q)))),"FIXED",_xlpm.v>=_xlpm.lev,FALSE))),_xlpm.sfx,IF(AND(_xlpm.m="FIXED",_xlpm.rs<>"APPROVED"),"*",IF(_xlpm.rs<>"APPROVED"," (draft)","")),IF(_xlpm.m="","—",IF(OR(NOT(ISNUMBER(_xlpm.x)),COUNT(_xlpm.h)<_xlpm.mm,N(_xlpm.n)<_xlpm.mn),"INSUFFICIENT DATA",IF(_xlpm.br(_xlpm.x,_xlpm.al),"ALERT"&_xlpm.sfx,IF(AND(_xlpm.br(_xlpm.x,_xlpm.wl),OR(_xlpm.per=1,_xlpm.br(_xlpm.xp,_xlpm.wl))),"WATCH"&_xlpm.sfx,"OK"&IF(_xlpm.sfx="*","*",""))))))} -> INSUFFICIENT DATA | AB13: {=IFERROR(INDEX(_xlfn.ANCHORARRAY($AV$8),$AB$6-24+ROW()-7),"")} | AC13: {=IF($AB13="","",_xlfn.LET(_xlpm.r,_xlfn.XLOOKUP($AB$3&"|"&$AB13,anSM_Seg&"|"&anSM_YM,anSM_Paid,""),IF(ISBLANK(_xlpm.r),"",_xlpm.r)))} | AD13: {=IF($AB13="","",_xlfn.LET(_xlpm.r,_xlfn.XLOOKUP($AB$3&"|"&$AB13,anSM_Seg&"|"&anSM_YM,anSM_MoM,""),IF(ISBLANK(_xlpm.r),"",_xlpm.r)))} | AE13: {=IF($AB13="","",_xlfn.LET(_xlpm.r,_xlfn.XLOOKUP($AB$3&"|"&$AB13,anSM_Seg&"|"&anSM_YM,anSM_Cases,""),IF(ISBLANK(_xlpm.r),"",_xlpm.r)))} | AF13: {=IF($AB13="","",_xlfn.LET(_xlpm.r,_xlfn.XLOOKUP($AB$3&"|"&$AB13,anSM_Seg&"|"&anSM_YM,anSM_Mean,""),IF(ISBLANK(_xlpm.r),"",_xlpm.r)))} | AG13: {=IF($AB13="","",_xlfn.LET(_xlpm.r,_xlfn.XLOOKUP($AB$3&"|"&$AB13,anSM_Seg&"|"&anSM_YM,anSM_P90,""),IF(ISBLANK(_xlpm.r),"",_xlpm.r)))} | AH13: {=IF($AB13="","",_xlfn.LET(_xlpm.r,_xlfn.XLOOKUP($AB$3&"|"&$AB13,anSM_Seg&"|"&anSM_YM,anSM_LagP50,""),IF(ISBLANK(_xlpm.r),"",_xlpm.r)))} | AI13: {=IF($AB13="","",_xlfn.LET(_xlpm.r,_xlfn.XLOOKUP($AB$3&"|"&$AB13,anSM_Seg&"|"&anSM_YM,anSM_SLA,""),IF(ISBLANK(_xlpm.r),"",_xlpm.r)))} | AJ13: {=IF($AB13="","",_xlfn.LET(_xlpm.r,_xlfn.XLOOKUP($AB$3&"|"&$AB13,anSM_Seg&"|"&anSM_YM,anSM_Lines,""),IF(ISBLANK(_xlpm.r),"",_xlpm.r)))} | AK13: {=IF($AB13="","",_xlfn.LET(_xlpm.r,_xlfn.XLOOKUP($AB$3&"|"&$AB13,anSM_Seg&"|"&anSM_YM,anSM_PM,""),IF(ISBLANK(_xlpm.r),"",_xlpm.r)))} | AL13: =IF(OR($AB13="",$AQ$8=""),"",EXP($AQ$8)) | AM13: =IF(OR($AB13="",$AQ$9=""),"",EXP($AQ$8-$AQ$10*$AQ$9)) | AN13: =IF(OR($AB13="",$AQ$9=""),"",EXP($AQ$8+$AQ$10*$AQ$9)) | AS13: =_xlfn.XLOOKUP("AN_T_SLA",tblUIText[Key],tblUIText[TR],"AN_T_SLA")&" / "&_xlfn.XLOOKUP("AN_T_SLA",tblUIText[Key],tblUIText[EN],"") -> Uçtan uca SLA aşımı / SLA breach, end to end | AT13: =$Q$13 -> INSUFFICIENT DATA
B14: =_xlfn.XLOOKUP("AN_T_PAID_NOTE",tblUIText[Key],tblUIText[TR],"AN_T_PAID_NOTE")&" / "&_xlfn.XLOOKUP("AN_T_PAID_NOTE",tblUIText[Key],tblUIText[EN],"") -> TH12 log-z + TH01 aylık kural / TH12 log-z + TH01 MoM rule | E14: {=_xlfn.XLOOKUP("CT02",tblThreshold[KPI_ID],tblThreshold[ThresholdID]&" "&tblThreshold[Method],_xlfn.XLOOKUP("AN_NO_THRESHOLD",tblUIText[Key],tblUIText[TR],"AN_NO_THRESHOLD")&" / "&_xlfn.XLOOKUP("AN_NO_THRESHOLD",tblUIText[Key],tblUIText[EN],""))} -> eşik yok / no threshold | H14: {=_xlfn.XLOOKUP("AV01",tblThreshold[KPI_ID],tblThreshold[ThresholdID]&" "&tblThreshold[Method],_xlfn.XLOOKUP("AN_NO_THRESHOLD",tblUIText[Key],tblUIText[TR],"AN_NO_THRESHOLD")&" / "&_xlfn.XLOOKUP("AN_NO_THRESHOLD",tblUIText[Key],tblUIText[EN],""))} -> TH02 STAT_LOGZ | K14: {=_xlfn.XLOOKUP("AV03",tblThreshold[KPI_ID],tblThreshold[ThresholdID]&" "&tblThreshold[Method],_xlfn.XLOOKUP("AN_NO_THRESHOLD",tblUIText[Key],tblUIText[TR],"AN_NO_THRESHOLD")&" / "&_xlfn.XLOOKUP("AN_NO_THRESHOLD",tblUIText[Key],tblUIText[EN],""))} -> TH03 STAT_LOGZ | N14: {=_xlfn.XLOOKUP("LG06",tblThreshold[KPI_ID],tblThreshold[ThresholdID]&" "&tblThreshold[Method],_xlfn.XLOOKUP("AN_NO_THRESHOLD",tblUIText[Key],tblUIText[TR],"AN_NO_THRESHOLD")&" / "&_xlfn.XLOOKUP("AN_NO_THRESHOLD",tblUIText[Key],tblUIText[EN],""))} -> TH04 STAT_PCT | Q14: {=_xlfn.XLOOKUP("LG07",tblThreshold[KPI_ID],tblThreshold[ThresholdID]&" "&tblThreshold[Method],"")&" · "&_xlfn.XLOOKUP("AN_SLA_SHORT",tblUIText[Key],tblUIText[TR],"AN_SLA_SHORT")&" / "&_xlfn.XLOOKUP("AN_SLA_SHORT",tblUIText[Key],tblUIText[EN],"")} -> TH05 FIXED · SLA geçici değer / SLA placeholder | AB14: {=IFERROR(INDEX(_xlfn.ANCHORARRAY($AV$8),$AB$6-24+ROW()-7),"")} | AC14: {=IF($AB14="","",_xlfn.LET(_xlpm.r,_xlfn.XLOOKUP($AB$3&"|"&$AB14,anSM_Seg&"|"&anSM_YM,anSM_Paid,""),IF(ISBLANK(_xlpm.r),"",_xlpm.r)))} | AD14: {=IF($AB14="","",_xlfn.LET(_xlpm.r,_xlfn.XLOOKUP($AB$3&"|"&$AB14,anSM_Seg&"|"&anSM_YM,anSM_MoM,""),IF(ISBLANK(_xlpm.r),"",_xlpm.r)))} | AE14: {=IF($AB14="","",_xlfn.LET(_xlpm.r,_xlfn.XLOOKUP($AB$3&"|"&$AB14,anSM_Seg&"|"&anSM_YM,anSM_Cases,""),IF(ISBLANK(_xlpm.r),"",_xlpm.r)))} | AF14: {=IF($AB14="","",_xlfn.LET(_xlpm.r,_xlfn.XLOOKUP($AB$3&"|"&$AB14,anSM_Seg&"|"&anSM_YM,anSM_Mean,""),IF(ISBLANK(_xlpm.r),"",_xlpm.r)))} | AG14: {=IF($AB14="","",_xlfn.LET(_xlpm.r,_xlfn.XLOOKUP($AB$3&"|"&$AB14,anSM_Seg&"|"&anSM_YM,anSM_P90,""),IF(ISBLANK(_xlpm.r),"",_xlpm.r)))} | AH14: {=IF($AB14="","",_xlfn.LET(_xlpm.r,_xlfn.XLOOKUP($AB$3&"|"&$AB14,anSM_Seg&"|"&anSM_YM,anSM_LagP50,""),IF(ISBLANK(_xlpm.r),"",_xlpm.r)))} | AI14: {=IF($AB14="","",_xlfn.LET(_xlpm.r,_xlfn.XLOOKUP($AB$3&"|"&$AB14,anSM_Seg&"|"&anSM_YM,anSM_SLA,""),IF(ISBLANK(_xlpm.r),"",_xlpm.r)))} | AJ14: {=IF($AB14="","",_xlfn.LET(_xlpm.r,_xlfn.XLOOKUP($AB$3&"|"&$AB14,anSM_Seg&"|"&anSM_YM,anSM_Lines,""),IF(ISBLANK(_xlpm.r),"",_xlpm.r)))} | AK14: {=IF($AB14="","",_xlfn.LET(_xlpm.r,_xlfn.XLOOKUP($AB$3&"|"&$AB14,anSM_Seg&"|"&anSM_YM,anSM_PM,""),IF(ISBLANK(_xlpm.r),"",_xlpm.r)))} | AL14: =IF(OR($AB14="",$AQ$8=""),"",EXP($AQ$8)) | AM14: =IF(OR($AB14="",$AQ$9=""),"",EXP($AQ$8-$AQ$10*$AQ$9)) | AN14: =IF(OR($AB14="",$AQ$9=""),"",EXP($AQ$8+$AQ$10*$AQ$9)) | AQ14: =_xlfn.XLOOKUP("AN_TREND_TITLE",tblUIText[Key],tblUIText[TR],"AN_TREND_TITLE")&" / "&_xlfn.XLOOKUP("AN_TREND_TITLE",tblUIText[Key],tblUIText[EN],"") -> Aylık ödenen (mn TL), medyan ve olağan bant (log ölçekte medyan ± k robust sapma) / Monthly paid (TRY m), median and normal band (median ± k robust SD on the log scale)
